Workbook
Name LnkTxtIGPMFatorX: #REF!
Name LnkTxtIGPMFatorX: #REF!

Sheet Atualizações
B4: Atualizações da Planilha de Dados Operacionais e Financeiros
C6: 26/03/2025 | D6: Padronização das linhas de DREs das distribuidoras com inclusão de abertura da receita e das contingências
C7: 14/05/2025 | D7: Movimentação da Equivalência Patrimonial da participação na Sabesp, que passa a compor o Ebitda na DRE Resumida EQTL Holding e DRE Resumida EQTL Consolidado
C8: 14/05/2025 | D8: Inclusão de sheet com as tabelas de margem bruta por distribuidora
C9: 45783 | D9: Atualização de aba "Dados Concessões"
C10: 13/08/2025 | D10: Inclusão dos Fluxos de Caixa Indireto das distribuidoras, EQTL Controladora e EQTL Consolidado
C11: 13/08/2025 | D11: Inclusão de uma nova linha "RF - MTM Dívida" em Receitas Financeiras e Despesas Financeiras das abas DRE ITR
C12: 13/08/2025 | D12: Inclusão dos dados operacionais solares de (i) Irradiância; (ii) Disponibilidade e (iii) P10, P50 e P90 de Ribeiro Gonçalves e Barreiras na aba "Operacional Renováveis"
C13: 13/08/2025 | D13: Inclusão de abas e menu em inglês
C14: 15/08/2025 | D14: Atualização dos dados de DEC e FEC
C15: 12/11/2025 | D15: Atualização do fluxo econômico das PNs, na estrutura da Equatorial Distribuição, resultado do exercício parcial das preferenciais Classe A e B
C16: 06/02/2026 | D16: Atualização dos dados operacionais considerando a CP 009/2024 da Aneel
C17: 25/03/2026 | D17: Inclusão de todos os trimestres de 2025 dos dados operacionais pós CP 009/2024
C18: 26/08/2026 | D18: Atualização de aba "Portfolio de Ativos Renováveis"
C19: 01/09/2026 | D19: Atualização de aba "Dados Regulatórios Distribuição" - Fator X - Maranhão
C20: 01/09/2026 | D20: Atualização das linhas: Energia elétrica comprada para revenda; Encargo uso do sistema de transmissão e distribuição; Custos de construção nas DREs Resumidas das Discos
C21: 46283 | D21: Atualização das linhas de Receita Financeira e Despesas Financeiras nas abas DRE ITR
C22: 46283 | D22: Atualizações das abas BP Echo Participações e BP Echo Crescimento

Sheet Updates
B4: Updates
C6: March 25, 2025 | D6: Standard P&L strucutures for DisCos and the addition of new lines in the Gross Revenues and contingencies
C7: May 14, 2025 | D7: Sabesp's Equity equivalence now comprises the Ebitda in the following sheets: EQTLD Holding P&L and EQTL Consolidado P&L
C8: May 14, 2025 | D8: Inclusion of a new sheet Gross Margin for each DisCo
C9: June 05, 2025 | D9: Update of the "Dados Concessões" sheet
C10: August 13, 2025 | D10: Inclustion of Cash Flow Statement - Indirect Method for the DisCos, EQTL Controladora e EQTL Consolidado
C11: August 13, 2025 | D11: Addition of a new line "RF - Debt MTM " in the Financial Income section of each Standard Income Statement sheet
C12: August 13, 2025 | D12: Addition of new solar operational data (i) Irradiance; (ii) Technical Avaiability and (iii) P10, P50 and P90 for Ribeiro Gonçalves and Barreiras, in the "Operacional Renováveis" sheet
C13: August 13, 2025 | D13: Addition of Cover Page and Guide sheets in english
C14: August 15, 2025 | D14: Update of the "DEC/FEC" sheet
C15: December 11, 2025 | D15: Update on the PNs' economic flow/returns within the Equatorial Distribuição structure, resulting from the partial exercise of Class A and B preferred shares
C16: February 6, 2026 | D16: Update of operational data considering Aneel's Public Consultation 009/2024
C17: March 25, 2026 | D17: Inclusion of all 2025 quarterly operational data following the implementation of CP 009/2024.
... C22: September 18, 2026 | D22: Updates to the Echo Participações Balance Sheet and Echo Crescimento Balance Sheet tabs

Sheet Cover Page
B4: Operational and Financial Data Spreadsheet
D8: Finicial Data | I8: Operational Data | N8: Regulatory Data

Sheet Capa
B4: Planilha de Dados Operacionais e Financeiros
D8: Informações Financeiras | I8: Informações Operacionais | N8: Informações Regulatórias

Sheet Operacional
B4: Operacional
B8: Grupo | G8: Distribuição | M8: Renováveis | R8: Saneamento

Sheet Operational Indicators
B4: Operational Indicator
B8: Grupo Equatorial | H8: Distribution | N8: Renewables | S8: Sanitation

Sheet ESG
B7: Indicadores ESG | C7: ESG | D7: 1T24 | E7: 2T24 | F7: 3T24 | G7: 4T24 | H7: 1T25 | I7: 2T25 | J7: 3T25 | K7: 4T25 | L7: 1T26 | M7: 2T26
B8: Ambiental | C8: Environmental
B9: Consumo de Combustíveis Renováveis na Frota Administrativa | C9: Renewable Fuel Consumption in the Administrative Fleet | D9: 47185.22 | E9: 171539.01 | F9: 190974.09 | G9: 206954 | H9: 257770.4 | I9: 247808 | J9: 246714 | K9: 288874 | L9: 240128 | M9: 222207
B10: Intensidade de Emissões de SF6 | C10: SF6 Emissions Intensity | D10: - | E10: 0.049007634 | F10: 0.0453 | G10: 0.044120421 | H10: 0.035796836 | I10: 0.033868285 | J10: 0.03674937 | K10: 0.034 | L10: 0.03 | M10: 0.026
B11: Número de Ligações de Energia em Áreas Remotas via SIGFI (Sistema Individual de Geração de Energia Elétrica com Fonte Intermitente) | C11: Number of Off-grid Energy Connections via SIGFI (Individual Electricity Generation System with Intermittent Source) | D11: 3462 | E11: 3231 | F11: 5453 | G11: 10212 | H11: 2196 | I11: 3230 | J11: 7757 | K11: 9025 | L11: 2250 | M11: 6110
B12: Investimentos P&D e Eficiência Energética em Meio Ambiente | C12: R&D and Energy Efficiency Investments in Environment | D12: 14071 | E12: 830 | F12: 18472 | G12: 28175.382 | H12: 29359 | I12: 28642 | J12: 31318.434 | K12: 22612 | L12: 15465 | M12: 31225
B13: Social | C13: Social
B14: % de Mulheres no Grupo Equatorial Energia | C14: % of Women in the Grupo Equatorial | D14: 0.36211946 | E14: 0.36093625 | F14: 0.352 | G14: 0.3494311 | H14: 0.3392 | I14: 0.33 | J14: 0.3336 | K14: 0.332 | L14: 0.3332 | M14: 0.325558
B15: % de Mulheres em Cargos de Liderança x Total de Líderes | C15: % of Women in Leadership Positions vs. Total Leaders | D15: 0.21422142 | E15: 0.22171946 | F15: 0.222 | G15: 0.22368421 | H15: 0.2226 | I15: 0.23 | J15: 0.2298 | K15: 0.2312 | L15: 0.2295 | M15: 0.2255
B16: % de Negros em Cargos de Liderança x Total de Líderes | C16: % of Black People in Leadership Positions vs. Total Leaders | D16: 0.072007201 | E16: 0.069683258 | F16: 0.493 | G16: 0.52105263 | H16: 0.0683 | I16: 0.08 | J16: 0.534 | K16: 0.4513 | L16: 0.0653 | M16: 0.065559
B17: % de Fornecedores Locais | C17: % of Local Suppliers | D17: 0.4586 | E17: 0.4335 | F17: 0.4283 | G17: 0.3927 | H17: 0.4314 | I17: 0.4622 | J17: 0.43276459 | K17: 0.4675 | L17: 0.49607843 | M17: 0.5866
B18: Investimentos Sociais | C18: Social Investments | D18: 9832.7602 | E18: 10253 | F18: 64763 | G18: 13144.372 | H18: 270 | I18: 7029.1271 | J18: 25002 | K18: 34383 | L18: 8940 | M18: 9333
B19: TG Próprios | C19: TF Own | D19: 5 | E19: 4 | F19: 19 | G19: 25 | H19: 53 | I19: 125 | J19: 36 | K19: 24 | L19: 54 | M19: 8
B20: TG Terceiros | C20: TF Third Party Employees | D20: 798.96 | E20: 1563 | F20: 1050 | G20: 577 | H20: 320 | I20: 209 | J20: 351 | K20: 707 | L20: 566 | M20: 35
B21: Número de óbitos de empregados (próprios + terceiros) | C21: Number of employee deaths (own + third parties) | D21: 1 | E21: 6 | F21: 2 | G21: 2 | H21: 1 | I21: 0 | J21: 1 | K21: 3 | L21: 3 | M21: 0
B22: Número de Acidentes com a População | C22: Number of Accidents involving the General Public | D22: 10 | E22: 4 | F22: 4 | G22: 14 | H22: 9 | I22: 0 | J22: 12 | K22: 5 | L22: 11 | M22: 1
B23: Número de Unidades Consumidoras (UCs) beneficiadas pela Tarifa Social de Energia Elétrica (TSEE) | C23: Number of Consumer Units benefited by the Social Electricity Tariff (TSEE) | D23: 4232.805 | E23: 4316.559 | F23: 4496.489 | G23: 4493.983 | H23: 4350.927 | I23: 4457 | J23: 4405 | K23: 4343.153 | L23: =4208782/1000 -> 4208.782 | M23: 4302
B24: Governança | C24: Governance
B25: % de Conselheiros Independentes | C25: % of Independent Directors | D25: 1 | E25: 1 | F25: 0.86 | G25: 0.86 | H25: 0.86 | I25: 0.875 | J25: 0.88 | K25: 0.86 | L25: 0.86 | M25: 0.875
B26: % de Mulheres no Conselho | C26: % of Women on the Board | D26: 0.14 | E26: 0.14 | F26: 0.14 | G26: 0.14 | H26: 0.14 | I26: 0.14 | J26: 0.14 | K26: 0.125 | L26: 0.125 | M26: 0.125
B27: % de Colaboradores Treinados na Trilha de Integridade | C27: % of Employees Trained on the Integrity Track | D27: 0.558 | E27: 0.623 | F27: 0.9387 | G27: 0.9895 | H27: 0.9793 | I27: 0.98 | J27: 0.9856 | K27: 0.99 | L27: 0.99 | M27: 0.91
B28: Casos Registrados no Canal de Ética | C28: Cases Registered on the Ethics Channel | D28: 166 | E28: 136 | F28: 118 | G28: 210 | H28: 168 | I28: 247 | J28: 245 | K28: 324 | L28: 297 | M28: 249

Sheet Mercado Distribuição (Pré CP09)
B6: Classes de consumo (MWh) | C6: Consumption Classes (MWh) | D6: 1T13 | E6: 2T13 | F6: 3T13 | G6: 4T13 | H6: 1T14 | I6: 2T14 | J6: 3T14 | K6: 4T14 | L6: 1T15 | M6: 2T15 | N6: 3T15 | O6: 4T15 | P6: 1T16 | Q6: 2T16 | R6: 3T16 | S6: 4T16 | T6: 1T17 | U6: 2T17 | V6: 3T17 | W6: 4T17 | X6: 1T18 | Y6: 2T18 | Z6: 3T18 | AA6: 4T18 | AB6: 1T19 | AC6: 2T19 | AD6: 3T19 | AE6: 4T19 | AF6: 1T20 | AG6: 2T20 | AH6: 3T20 | AI6: 4T20 | AJ6: 1T21 | AK6: 2T21 | AL6: 3T21 | AM6: 4T21 | AN6: 1T22 | AO6: 2T22 | AP6: 3T22 | AQ6: 4T22 | AR6: 1T23 | AS6: 2T23 | AT6: 3T23 | AU6: 4T23 | AV6: 1T24 | AW6: 2T24 | AX6: 3T24 | AY6: 4T24 | AZ6: 1T25 | BA6: 2T25 | BB6: 3T25
B8: Maranhão | C8: Maranhão
B9: Residencial | C9: Residential | D9: 607543.3 | E9: 606984.13 | F9: 658859.5 | G9: 690102.83 | H9: 662831.09 | I9: 662570.19 | J9: 717307.56 | K9: 742978.06 | L9: 703966.73 | M9: 694777.47 | N9: 732751.86 | O9: 785132.18 | P9: 746781.42 | Q9: 772005.44 | R9: 784761.42 | S9: 820911.93 | T9: 723731.49 | U9: 762367.25 | V9: 814850.79 | W9: 884891.43 | X9: 763221.73 | Y9: 782169.86 | Z9: 811630.66 | AA9: 847781.83 | AB9: 779013.49 | AC9: 796100.83 | AD9: 831986.03 | AE9: 889662.44 | AF9: 813686.67 | AG9: 855730.35 | AH9: 907028.06 | AI9: 965421.18 | AJ9: 867983.94 | AK9: 869452.89 | AL9: 943825.75 | AM9: 989953.72 | AN9: 890891.11 | AO9: 941432.75 | AP9: 1031101.5 | AQ9: 1082228.2 | AR9: 977104.47 | AS9: 1040069.9 | AT9: 1132723.3 | AU9: 1222357.7 | AV9: 1115438.2 | AW9: 1176304 | AX9: 1183056.2 | AY9: 1266896.5 | AZ9: 1109360.9 | BA9: 1149762.5 | BB9: 1231344.7
B10: Industrial | C10: Industrial | D10: 101372.67 | E10: 100380.28 | F10: 105016.13 | G10: 116534.65 | H10: 95501.574 | I10: 95625.064 | J10: 107377.49 | K10: 112344 | L10: 99550.018 | M10: 102238.78 | N10: 112394.69 | O10: 105282.51 | P10: 87859.571 | Q10: 87625.519 | R10: 90440.457 | S10: 83066.921 | T10: 63228.223 | U10: 65377.696 | V10: 74835.443 | W10: 74057.275 | X10: 62084.974 | Y10: 60031.264 | Z10: 65120.674 | AA10: 61217.474 | AB10: 50585.607 | AC10: 50712.538 | AD10: 60604.149 | AE10: 61108.158 | AF10: 48199.711 | AG10: 48384.679 | AH10: 57951.413 | AI10: 54633.189 | AJ10: 45464.512 | AK10: 45979.839 | AL10: 49104.254 | AM10: 46326.891 | AN10: 39046.843 | AO10: 40094.077 | AP10: 45109.434 | AQ10: 39911.262 | AR10: 41008.735 | AS10: 39454.315 | AT10: 39935.197 | AU10: 38979.282 | AV10: 30590.551 | AW10: 30951.085 | AX10: 34325.203 | AY10: 32658.226 | AZ10: 26993.026 | BA10: 25066.302 | BB10: 24823.461
B11: Comercial | C11: Commercial | D11: 245171.71 | E11: 249540.24 | F11: 268394.26 | G11: 282729.6 | H11: 269664.8 | I11: 278926.86 | J11: 301471.23 | K11: 313496.8 | L11: 287678 | M11: 294601.95 | N11: 311510.26 | O11: 322109.77 | P11: 295430.76 | Q11: 307277.41 | R11: 305833.1 | S11: 305811.09 | T11: 262689.43 | U11: 271482.81 | V11: 277507.71 | W11: 290914.28 | X11: 245820.81 | Y11: 255914.17 | Z11: 263178.98 | AA11: 269804.82 | AB11: 237938.01 | AC11: 245327.85 | AD11: 255887.05 | AE11: 269111.47 | AF11: 228595.95 | AG11: 192030.81 | AH11: 227928.77 | AI11: 239069.75 | AJ11: 210482.53 | AK11: 209747.37 | AL11: 224223.25 | AM11: 228079.28 | AN11: 186590.23 | AO11: 165002.71 | AP11: 169848.86 | AQ11: 167498.45 | AR11: 149823.46 | AS11: 155796.24 | AT11: 164163.54 | AU11: 171359.89 | AV11: 145753.85 | AW11: 154522.29 | AX11: 150231.57 | AY11: 150897.44 | AZ11: 125822.68 | BA11: 132074.8 | BB11: 137522.1
B12: Outros | C12: Others | D12: 267634.62 | E12: 278493.56 | F12: 304343.49 | G12: 322827.74 | H12: 278522.55 | I12: 289769.69 | J12: 333204.93 | K12: 329583.31 | L12: 292745 | M12: 305396.94 | N12: 334819.12 | O12: 357917.42 | P12: 304520.24 | Q12: 333027.4 | R12: 344915.87 | S12: 351972.1 | T12: 291173.73 | U12: 313805.35 | V12: 347592.57 | W12: 367483.1 | X12: 304196.16 | Y12: 334981.43 | Z12: 357726.95 | AA12: 362057.26 | AB12: 310769.49 | AC12: 339153.85 | AD12: 363291.27 | AE12: 388700.68 | AF12: 320339.77 | AG12: 325100.27 | AH12: 355401.89 | AI12: 361731.08 | AJ12: 325472.22 | AK12: 343536.69 | AL12: 374384.27 | AM12: 378112.06 | AN12: 334814.74 | AO12: 364198.27 | AP12: 395376.91 | AQ12: 405652.41 | AR12: 340486.87 | AS12: 384406.49 | AT12: 411184.16 | AU12: 433292.76 | AV12: 359986.59 | AW12: 408513.18 | AX12: 426864.44 | AY12: 437147.3 | AZ12: 354304.76 | BA12: 407267.55 | BB12: 434788.28
B13: Total (cativo) | C13: Total (captive) | D13: =SUM(D9:D12) -> 1221722.3 | E13: =SUM(E9:E12) -> 1235398.2 | F13: =SUM(F9:F12) -> 1336613.4 | G13: =SUM(G9:G12) -> 1412194.8 | H13: =SUM(H9:H12) -> 1306520 | I13: =SUM(I9:I12) -> 1326891.8 | J13: =SUM(J9:J12) -> 1459361.2 | K13: =SUM(K9:K12) -> 1498402.2 | ... BB13: =SUM(BB9:BB12) -> 1828478.5
B14: Industrial | C14: Industrial | D14: 12739.201 | E14: 12528.749 | F14: 22721.742 | G14: 26153.716 | H14: 25061.608 | I14: 23404.53 | J14: 25953.133 | K14: 27549.262 | L14: 24758.562 | M14: 23624.156 | N14: 23755.03 | O14: 24286.134 | P14: 22291.013 | Q14: 23462.976 | R14: 28979.147 | S14: 37789.534 | T14: 38032.336 | U14: 37893.33 | V14: 43019.61 | W14: 43841.552 | X14: 31937.104 | Y14: 41250.13 | Z14: 48078.152 | AA14: 46683.072 | AB14: 46084.103 | AC14: 55571.126 | AD14: 66552.511 | AE14: 71408.138 | AF14: 69284.249 | AG14: 72266.081 | AH14: 82424.711 | AI14: 86441.512 | AJ14: 85153.257 | AK14: 91762.556 | AL14: 93191.578 | AM14: 96835.445 | AN14: 87844.999 | AO14: 97482.88 | AP14: 102109.52 | AQ14: 105676.26 | AR14: 94857.543 | AS14: 103313.29 | AT14: 109428.83 | AU14: 113166.94 | AV14: 110565.12 | AW14: 100053.72 | AX14: 118387.64 | AY14: 121494.42 | AZ14: 106666.36 | BA14: 121299.51 | BB14: 129444.88
B15: Comercial | C15: Commercial | D15: 3534.7394 | E15: 3995.8307 | F15: 4392.224 | G15: 4496.8589 | H15: 4138.0904 | I15: 4553.8253 | J15: 5499.1014 | K15: 5442.3053 | L15: 5252.4865 | M15: 5107.5622 | N15: 5127.1991 | O15: 5421.8978 | P15: 5011.6204 | Q15: 5207.0506 | R15: 7763.6519 | S15: 15756.124 | T15: 20628.134 | U15: 31973.891 | V15: 41829.031 | W15: 45622.836 | X15: 47238.057 | Y15: 47797.535 | Z15: 51319.798 | AA15: 53561.547 | AB15: 52439.422 | AC15: 57672.464 | AD15: 60828.824 | AE15: 63365.455 | AF15: 62339.786 | AG15: 53420.046 | AH15: 70264.63 | AI15: 79201.9 | AJ15: 75880.943 | AK15: 82238.07 | AL15: 90757.025 | AM15: 93666.044 | AN15: 88632.423 | AO15: 93751.596 | AP15: 101837.93 | AQ15: 102298.77 | AR15: 104273.64 | AS15: 113783.66 | AT15: 120852.05 | AU15: 125011.02 | AV15: 127171.96 | AW15: 136247.43 | AX15: 142436.91 | AY15: 150032.66 | AZ15: 141648.63 | BA15: 153920.38 | BB15: 162736.46
B16: Outros | C16: Others | D16: 0 | E16: 0 | F16: 0 | G16: 0 | H16: 0 | I16: 0 | J16: 0 | K16: 0 | L16: 0 | M16: 0 | N16: 0 | O16: 0 | P16: 0 | Q16: 506.47912 | R16: 502.71508 | S16: 595.88624 | T16: 624.50568 | U16: 849.12567 | V16: 2523.0283 | W16: 1273.1733 | X16: 740.61766 | Y16: 887.832 | Z16: 2563.975 | AA16: 1284.996 | AB16: 731.392 | AC16: 729.633 | AD16: 2565.328 | AE16: 2092.774 | AF16: 779.819 | AG16: 814.21 | AH16: 2183.478 | AI16: 2421.658 | AJ16: 1802.9893 | AK16: 852.26248 | AL16: 2813.109 | AM16: 3062.2074 | AN16: 2034.1181 | AO16: 1454.3003 | AP16: 3159.7313 | AQ16: 3811.3291 | AR16: 3819.5248 | AS16: 2174.6654 | AT16: 3873.3427 | AU16: 5369.363 | AV16: 7065.1124 | AW16: 7736.9829 | AX16: 11089.189 | AY16: 11233.702 | AZ16: 8673.0242 | BA16: 12335.657 | BB16: 15205.26
B17: Consumidores livres | C17: Free Market Customers | D17: =SUM(D14:D16) -> 16273.94 | E17: =SUM(E14:E16) -> 16524.58 | F17: =SUM(F14:F16) -> 27113.966 | G17: =SUM(G14:G16) -> 30650.575 | H17: =SUM(H14:H16) -> 29199.698 | I17: =SUM(I14:I16) -> 27958.355 | J17: =SUM(J14:J16) -> 31452.235 | K17: =SUM(K14:K16) -> 32991.568 | ... BB17: =SUM(BB14:BB16) -> 307386.61
B18: Energia de Conexão - outras Distribuidoras | C18: Connection w/Other DisCos | D18: 114.058 | E18: 116.549 | F18: 133.244 | G18: 131.402 | H18: 111.21971 | I18: 120.422 | J18: 139.319 | K18: 136.401 | L18: 121.655 | M18: 132.412 | N18: 144.2 | O18: 158.225 | P18: 356.48956 | Q18: 386.45156 | R18: 1838.3977 | S18: 2691.0477 | T18: 2454.0746 | U18: 2722.006 | V18: 2343.0481 | W18: 1607.7754 | X18: 1715.724 | Y18: 1853.4547 | Z18: 1264.3881 | AA18: 1411.5641 | AB18: 1329.1044 | AC18: 3154.0879 | AD18: 2436.8126 | AE18: 1733.6873 | AF18: 2475.8067 | AG18: 1429.8232 | AH18: 1504.3503 | AI18: 1188.268 | AJ18: 1826.0141 | AK18: 1393.1388 | AL18: 1809.4725 | AM18: 1942.6498 | AN18: 2223.7396 | AO18: 1483.9378 | AP18: 2092.588 | AQ18: 1191.0473 | AR18: 2402.653 | AS18: 1999.8316 | AT18: 5183.9675 | AU18: 2297.2634 | AV18: 2081.0544 | AW18: 1677.6105 | AX18: 2902.0734 | AY18: 3039.49 | AZ18: 4108.5522 | BA18: 4287.2327 | BB18: 6003.8469
B19: Energia Faturada | C19: Billed energy | D19: =SUM(D13,D17,D18) -> 1238110.3 | E19: =SUM(E13,E17,E18) -> 1252039.3 | F19: =SUM(F13,F17,F18) -> 1363860.6 | G19: =SUM(G13,G17,G18) -> 1442976.8 | H19: =SUM(H13,H17,H18) -> 1335830.9 | I19: =SUM(I13,I17,I18) -> 1354970.6 | J19: =SUM(J13,J17,J18) -> 1490952.8 | K19: =SUM(K13,K17,K18) -> 1531530.1 | ... BB19: =SUM(BB13,BB17,BB18) -> 2141869
B20: Compensado GD II e GD III | C20: Energy Compensation of Distributed Generation type II and III | AV20: 19090.405 | AW20: 29616.539 | AX20: 54093.865 | AY20: 52246.924 | AZ20: 53740.121 | BA20: 68129.879 | BB20: 80253.116
B21: Energia Faturada + Energia Compensada | C21: Billed + Energy Compensation of Distribured Generation type II and III | D21: =D19+D20 -> 1238110.3 | E21: =E19+E20 -> 1252039.3 | F21: =F19+F20 -> 1363860.6 | G21: =G19+G20 -> 1442976.8 | H21: =H19+H20 -> 1335830.9 | I21: =I19+I20 -> 1354970.6 | J21: =J19+J20 -> 1490952.8 | K21: =K19+K20 -> 1531530.1 | ... BB21: =BB19+BB20 -> 2222122.1
B22: SCEE - GD I | C22: Energy Compensation of Distributed Generation type I | AV22: 101441.11 | AW22: 109755.53 | AX22: 108010.86 | AY22: 131081.48 | AZ22: 113509.74 | BA22: 119772.73 | BB22: 126702.11
B23: Energia de Compensação GD | C23: (-) Compensation Energy from DG | AB23: 1856.037 | AC23: 2708.023 | AD23: 4319.158 | AE23: 7567.04 | AF23: 8922.584 | AG23: 11896.237 | AH23: 18966.802 | AI23: 24017.54 | AJ23: 23765.382 | AK23: 29045.375 | AL23: 39058.818 | AM23: 46944.956 | AN23: 44545.871 | AO23: 55771.213 | AP23: 71437.419 | AQ23: 83257.294 | AR23: 82169.038 | AS23: 99822.439 | AT23: 118834.48 | AU23: 131189.92 | AV23: =+AV22+AV20 -> 120531.52 | AW23: =+AW22+AW20 -> 139372.07 | AX23: =+AX22+AX20 -> 162104.73 | AY23: =+AY22+AY20 -> 183328.41 | AZ23: =+AZ22+AZ20 -> 167249.87 | BA23: =+BA22+BA20 -> 187902.61 | BB23: =+BB22+BB20 -> 206955.23
B24: Total Distribuida - Maranhão* | C24: Total Distributed - Maranhão* | D24: =D19+D23 -> 1238110.3 | E24: =E19+E23 -> 1252039.3 | F24: =F19+F23 -> 1363860.6 | G24: =G19+G23 -> 1442976.8 | H24: =H19+H23 -> 1335830.9 | I24: =I19+I23 -> 1354970.6 | J24: =J19+J23 -> 1490952.8 | K24: =K19+K23 -> 1531530.1 | ... BB24: =BB19+BB23 -> 2348824.2
B25: (*) Inclui mercados cativo, livre, uso distribuidora e consumo próprio | C25: (*) Includes captive, free, distributor use and own consumption
B27: Pará | C27: Pará
B28: Residencial | C28: Residential | D28: 629910.3 | E28: 669517.91 | F28: 700202.06 | G28: 758350.18 | H28: 767350.71 | I28: 811032.6 | J28: 867151.84 | K28: 871810.58 | L28: 803746.8 | M28: 755640.33 | N28: 912657.88 | O28: 1084082.2 | P28: 834676.7 | Q28: 893487.96 | R28: 1008262.6 | S28: 1009673.3 | T28: 830710.91 | U28: 936310.61 | V28: 1004580.7 | W28: 1038316.9 | X28: 873037.97 | Y28: 926663.55 | Z28: 933719.9 | AA28: 938090.76 | AB28: 794439.1 | AC28: 866402.55 | AD28: 957126.12 | AE28: 993849.41 | AF28: 888167.74 | AG28: 946861.53 | AH28: 1051296.6 | AI28: 1015557.5 | AJ28: 966914.43 | AK28: 1030577.2 | AL28: 1087796.2 | AM28: 1103240.8 | AN28: 997225.31 | AO28: 1048732.5 | AP28: 1165540 | AQ28: 1170200.2 | AR28: 1061124.8 | AS28: 1125939.4 | AT28: 1253055.5 | AU28: 1347792.2 | AV28: 1199640.5 | AW28: 1217165.1 | AX28: 1296070.3 | AY28: 1328747.6 | AZ28: 1138695.8 | BA28: 1204219 | BB28: 1265997.7
B29: Industrial | C29: Industrial | D29: 286922.6 | E29: 302886.59 | F29: 339552.34 | G29: 364903.33 | H29: 316695.42 | I29: 326518.32 | J29: 346502.8 | K29: 354809.66 | L29: 327926.55 | M29: 307271.29 | N29: 342180.17 | O29: 343778.38 | P29: 262654.69 | Q29: 209784.31 | R29: 224289.1 | S29: 227876.75 | T29: 158663.89 | U29: 153998.15 | V29: 156913.74 | W29: 160725.94 | X29: 136753.96 | Y29: 129217.86 | Z29: 150321.24 | AA29: 163115.37 | AB29: 121811.67 | AC29: 126939 | AD29: 135548.39 | AE29: 136109.8 | AF29: 106191.31 | AG29: 98829.087 | AH29: 134609.77 | AI29: 124096.74 | AJ29: 108993.06 | AK29: 108916.59 | AL29: 125691.28 | AM29: 124021.56 | AN29: 106408.4 | AO29: 108966.8 | AP29: 110561.31 | AQ29: 97437.047 | AR29: 83763.953 | AS29: 84600.055 | AT29: 93231.56 | AU29: 91901.749 | AV29: 74381.288 | AW29: 72004.493 | AX29: 73009.018 | AY29: 68827.88 | AZ29: 52786.069 | BA29: 47241.928 | BB29: 50151.357
B30: Comercial | C30: Commercial | D30: 371956.35 | E30: 402887.35 | F30: 418795.72 | G30: 445531.75 | H30: 398720.37 | I30: 421382.4 | J30: 445746.14 | K30: 464834.22 | L30: 420933.83 | M30: 403842.84 | N30: 466707.95 | O30: 508454.02 | P30: 402643.29 | Q30: 426443.97 | R30: 454677.14 | S30: 447581.57 | T30: 365667.75 | U30: 409860.78 | V30: 420490.72 | W30: 417747.92 | X30: 356256.04 | Y30: 380886.21 | Z30: 394629.8 | AA30: 394056.55 | AB30: 334021.13 | AC30: 362204.28 | AD30: 380883.29 | AE30: 399654.94 | AF30: 341256.96 | AG30: 295809.11 | AH30: 372425.46 | AI30: 370449.91 | AJ30: 322859.54 | AK30: 338906.87 | AL30: 367964.75 | AM30: 369618.68 | AN30: 330360.25 | AO30: 344141.71 | AP30: 367444.85 | AQ30: 362445.78 | AR30: 316430.33 | AS30: 333802.65 | AT30: 357137.87 | AU30: 365421.92 | AV30: 313996.91 | AW30: 319015.79 | AX30: 324185.07 | AY30: 323700.38 | AZ30: 261474.57 | BA30: 268665.5 | BB30: 272891.59
B31: Outros | C31: Others | D31: 283423.11 | E31: 307160 | F31: 316921.44 | G31: 341811.35 | H31: 314892.51 | I31: 335775.75 | J31: 340896.03 | K31: 370815.53 | L31: 335087.1 | M31: 333858.65 | N31: 374660.17 | O31: 417604.19 | P31: 351592.73 | Q31: 399773.22 | R31: 417984.87 | S31: 425123.1 | T31: 348898.05 | U31: 383556.48 | V31: 390966.74 | W31: 427329.49 | X31: 366423.05 | Y31: 392242.79 | Z31: 403028.93 | AA31: 422126.02 | AB31: 368767.65 | AC31: 387866.28 | AD31: 406188.23 | AE31: 435155.75 | AF31: 376117.39 | AG31: 353008.8 | AH31: 428134.96 | AI31: 384249.07 | AJ31: 338176.01 | AK31: 356591.45 | AL31: 380939.58 | AM31: 386326 | AN31: 358545.56 | AO31: 379601.19 | AP31: 397877.02 | AQ31: 391434.79 | AR31: 355657.46 | AS31: 383132.21 | AT31: 400658.58 | AU31: 442574.51 | AV31: 375538.27 | AW31: 409399.24 | AX31: 422031.59 | AY31: 439384.61 | AZ31: 358975.11 | BA31: 396824.25 | BB31: 408448.85
B32: Total (cativo) | C32: Total (captive) | D32: =SUM(D28:D31) -> 1572212.4 | E32: =SUM(E28:E31) -> 1682451.9 | F32: =SUM(F28:F31) -> 1775471.6 | G32: =SUM(G28:G31) -> 1910596.6 | H32: =SUM(H28:H31) -> 1797659 | I32: =SUM(I28:I31) -> 1894709.1 | J32: =SUM(J28:J31) -> 2000296.8 | K32: =SUM(K28:K31) -> 2062270 | ... BB32: =SUM(BB28:BB31) -> 1997489.5
B33: Industrial | C33: Industrial | D33: 83856.605 | E33: 83002.091 | F33: 87715.526 | G33: 87476.164 | H33: 89687.778 | I33: 92355.997 | J33: 95062.608 | K33: 97020.766 | L33: 87433.111 | M33: 81529.507 | N33: 77609.57 | O33: 67637.078 | P33: 135805.83 | Q33: 133458.54 | R33: 175333.76 | S33: 179255.19 | T33: 202396.03 | U33: 223399.07 | V33: 236920.91 | W33: 233226.33 | X33: 230635.3 | Y33: 230249.06 | Z33: 243810.17 | AA33: 243579.33 | AB33: 248091.81 | AC33: 241631.55 | AD33: 253598.64 | AE33: 248080.25 | AF33: 262293.99 | AG33: 233192.34 | AH33: 273976.29 | AI33: 265602.84 | AJ33: 262219.92 | AK33: 270207.34 | AL33: 294223.39 | AM33: 297765.5 | AN33: 288515.45 | AO33: 302666.06 | AP33: 314262.72 | AQ33: 314567.88 | AR33: 297938.5 | AS33: 309973.27 | AT33: 339059.27 | AU33: 337043.79 | AV33: 354095.65 | AW33: 293032.05 | AX33: 349630.77 | AY33: 381287.33 | AZ33: 353001.2 | BA33: 389409.86 | BB33: 416443.38
B34: Comercial | C34: Commercial | D34: 0 | E34: 0 | F34: 0 | G34: 0 | H34: 0 | I34: 0 | J34: 0 | K34: 0 | L34: 0 | M34: 0 | N34: 0 | O34: 0 | P34: 14100.674 | Q34: 25117.59 | R34: 34759.029 | S34: 41679.219 | T34: 50899.209 | U34: 61302.346 | V34: 69083.039 | W34: 77259.666 | X34: 74513.979 | Y34: 79125.115 | Z34: 83429.285 | AA34: 86415.44 | AB34: 85368.872 | AC34: 101497.9 | AD34: 112454.15 | AE34: 111003.88 | AF34: 105181.17 | AG34: 94768.822 | AH34: 119478.97 | AI34: 125920.83 | AJ34: 123510.81 | AK34: 143848.42 | AL34: 149689.4 | AM34: 149132.76 | AN34: 149905.72 | AO34: 167595.04 | AP34: 178717.13 | AQ34: 175555.78 | AR34: 188354.13 | AS34: 197792.63 | AT34: 205900.12 | AU34: 217361.14 | AV34: 210412.47 | AW34: 231880.92 | AX34: 245501.41 | AY34: 249922.62 | AZ34: 246024.7 | BA34: 275826.08 | BB34: 288892.27
B35: Outros | C35: Others | D35: 0 | E35: 0 | F35: 0 | G35: 0 | H35: 373.74 | I35: 559.464 | J35: 637.305 | K35: 615.315 | L35: 603.18 | M35: 720.861 | N35: 732.751 | O35: 770.47 | P35: 627.68429 | Q35: 790.75903 | R35: 893.83642 | S35: 1123.7219 | T35: 1938.5232 | U35: 1750.8373 | V35: 2093.0527 | W35: 2024.4655 | X35: 1987.4067 | Y35: 2053.0267 | Z35: 2073.917 | AA35: 2168.5149 | AB35: 1885.9444 | AC35: 2113.0973 | AD35: 2023.3537 | AE35: 2240.3022 | AF35: 2089.9453 | AG35: 2149.0562 | AH35: 2179.6512 | AI35: 18063.957 | AJ35: 22396.754 | AK35: 23923.137 | AL35: 25289.64 | AM35: 29543.414 | AN35: 29716.534 | AO35: 29423.327 | AP35: 32345.103 | AQ35: 33343.689 | AR35: 29186.537 | AS35: 30948.233 | AT35: 31876.681 | AU35: 32163.213 | AV35: 31559.184 | AW35: 33417.07 | AX35: 36437.867 | AY35: 36751.708 | AZ35: 34181.962 | BA35: 37817.155 | BB35: 40937.425
B36: Consumidores livres | C36: Free Market Customers | D36: =SUM(D33:D35) -> 83856.605 | E36: =SUM(E33:E35) -> 83002.091 | F36: =SUM(F33:F35) -> 87715.526 | G36: =SUM(G33:G35) -> 87476.164 | H36: =SUM(H33:H35) -> 90061.518 | I36: =SUM(I33:I35) -> 92915.461 | J36: =SUM(J33:J35) -> 95699.913 | K36: =SUM(K33:K35) -> 97636.081 | ... BB36: =SUM(BB33:BB35) -> 746273.07
B37: Energia de Conexão - outras Distribuidoras | C37: Connection w/Other DisCos | D37: 114.058 | E37: 116.549 | F37: 133.244 | G37: 131.402 | H37: 111.21971 | I37: 120.422 | J37: 139.319 | K37: 136.401 | L37: 121.655 | M37: 132.412 | N37: 144.2 | O37: 158.225 | P37: 356.48956 | Q37: 386.45156 | R37: 1838.3977 | S37: 2691.0477 | T37: 2454.0746 | U37: 2722.006 | V37: 2343.0481 | W37: 1607.7754 | X37: 1715.724 | Y37: 1853.4547 | Z37: 1264.3881 | AA37: 1411.5641 | AT37: 10559.423 | AU37: 4061.392 | AV37: 3551.7393 | AW37: 3995.1039 | AX37: 4736.7541 | AY37: 12552.449 | AZ37: 7791.5838 | BA37: 8356.6946 | BB37: 8288.5352
B38: Energia Faturada | C38: Billed energy | D38: =SUM(D32,D36,D37) -> 1656183 | E38: =SUM(E32,E36,E37) -> 1765570.5 | F38: =SUM(F32,F36,F37) -> 1863320.3 | G38: =SUM(G32,G36,G37) -> 1998204.2 | H38: =SUM(H32,H36,H37) -> 1887831.7 | I38: =SUM(I32,I36,I37) -> 1987744.9 | J38: =SUM(J32,J36,J37) -> 2096136 | K38: =SUM(K32,K36,K37) -> 2160042.5 | ... BB38: =SUM(BB32,BB36,BB37) -> 2752051.1
B39: Compensado GD II e GD III | C39: Energy Compensation of Distributed Generation type II and III | AV39: 0 | AW39: 22438.17 | AX39: 112446.18 | AY39: 105918.58 | AZ39: 103579.98 | BA39: 129783.71 | BB39: 151384.19
B40: Energia Faturada + Energia Compensada | C40: Billed + Energy Compensation of Distribured Generation type II and III | D40: =D38+D39 -> 1656183 | E40: =E38+E39 -> 1765570.5 | F40: =F38+F39 -> 1863320.3 | G40: =G38+G39 -> 1998204.2 | H40: =H38+H39 -> 1887831.7 | I40: =I38+I39 -> 1987744.9 | J40: =J38+J39 -> 2096136 | K40: =K38+K39 -> 2160042.5 | ... BB40: =BB38+BB39 -> 2903435.3
B41: SCEE - GD I | C41: Energy Compensation of Distributed Generation type I | AV41: 167894.11 | AW41: 171508.53 | AX41: 131813.77 | AY41: 162224.87 | AZ41: 132614.21 | BA41: 151688.03 | BB41: 166428.12
B42: Energia de Compensação GD | C42: (-) Compensation Energy from DG | AF42: 8011.865 | AG42: 11657.596 | AH42: 17040.973 | AI42: 21522.362 | AJ42: 22074.429 | AK42: 32228.103 | AL42: 40414.914 | AM42: 47085.925 | AN42: 46769.684 | AO42: 59564.584 | AP42: 80030.016 | AQ42: 92662.696 | AR42: 95386.623 | AS42: 118296.41 | AT42: 153317.5 | AU42: 178074.49 | AV42: =+AV41+AV39 -> 167894.11 | AW42: =+AW41+AW39 -> 193946.7 | AX42: =+AX41+AX39 -> 244259.95 | AY42: =+AY41+AY39 -> 268143.45 | AZ42: =+AZ41+AZ39 -> 236194.18 | BA42: =+BA41+BA39 -> 281471.75 | BB42: =+BB41+BB39 -> 317812.31
B43: Total Distribuida - Pará | C43: Total Distributed - Pará (B) | D43: =D38+D42 -> 1656183 | E43: =E38+E42 -> 1765570.5 | F43: =F38+F42 -> 1863320.3 | G43: =G38+G42 -> 1998204.2 | H43: =H38+H42 -> 1887831.7 | I43: =I38+I42 -> 1987744.9 | J43: =J38+J42 -> 2096136 | K43: =K38+K42 -> 2160042.5 | ... BB43: =BB38+BB42 -> 3069863.5
B45: Piauí | C45: Piauí
B46: Residencial | C46: Residential | D46: 311181.47 | E46: 311671.16 | F46: 340416.16 | G46: 364667.19 | H46: 338015.51 | I46: 335684.81 | J46: 368008.9 | K46: 389883.51 | L46: 362040.71 | M46: 358460.63 | N46: 382765.05 | O46: 423172.87 | P46: 375238.16 | Q46: 392927.17 | R46: 412872.6 | S46: 447975.57 | T46: 390959.59 | U46: 396291.44 | V46: 423717.11 | W46: 468665.12 | X46: 406678.69 | Y46: 406089.9 | Z46: 439477.56 | AA46: 403542.12 | AB46: 410050.42 | AC46: 417577.26 | AD46: 439517.12 | AE46: 502329.67 | AF46: 434714.67 | AG46: 441066.86 | AH46: 462994.57 | AI46: 521830.57 | AJ46: 462654.73 | AK46: 470051.45 | AL46: 489025.23 | AM46: 504587.52 | AN46: 439699.79 | AO46: 442844.13 | AP46: 478758.67 | AQ46: 513815.6 | AR46: 447895.86 | AS46: 468318.17 | AT46: 526575.37 | AU46: 574280.68 | AV46: 510153.97 | AW46: 507590.61 | AX46: 509585.53 | AY46: 573515.04 | AZ46: 500197.81 | BA46: 509002.48 | BB46: 543628.45
B47: Industrial | C47: Industrial | D47: 44755.555 | E47: 49690.878 | F47: 50138.5 | G47: 48456.739 | H47: 48940.141 | I47: 52411.932 | J47: 59347.782 | K47: 55088.283 | L47: 51211.597 | M47: 53036.419 | N47: 58119.261 | O47: 55722.393 | P47: 49694.498 | Q47: 49587.904 | R47: 53668.311 | S47: 54401.635 | T47: 49030.054 | U47: 48845.598 | V47: 45915.096 | W47: 47741.726 | X47: 41580.032 | Y47: 43049.393 | Z47: 42570.154 | AA47: 35066.026 | AB47: 34122.761 | AC47: 38438.981 | AD47: 43582.209 | AE47: 42410.37 | AF47: 33223.865 | AG47: 29675.741 | AH47: 34462.313 | AI47: 36132.673 | AJ47: 31161.228 | AK47: 30795.643 | AL47: 31632.699 | AM47: 28113.246 | AN47: 24272.928 | AO47: 27280.264 | AP47: 28951.716 | AQ47: 24953.305 | AR47: 21238.004 | AS47: 22956.447 | AT47: 23510.231 | AU47: 20973.729 | AV47: 17409.032 | AW47: 17529.46 | AX47: 18045.674 | AY47: 15163.2 | AZ47: 13286.645 | BA47: 13794.181 | BB47: 14730.445
B48: Comercial | C48: Commercial | D48: 140953.15 | E48: 145082.96 | F48: 158237.9 | G48: 165342.4 | H48: 153186.8 | I48: 157111.98 | J48: 170644.75 | K48: 178521.86 | L48: 163165.12 | M48: 167387.38 | N48: 177943.56 | O48: 193533.31 | P48: 172200.77 | Q48: 183808.72 | R48: 190413.71 | S48: 194330.54 | T48: 171127.73 | U48: 175714.19 | V48: 184028.3 | W48: 198132.18 | X48: 176482.07 | Y48: 179923.92 | Z48: 191061.58 | AA48: 174528.77 | AB48: 176000.64 | AC48: 181456.1 | AD48: 190456.74 | AE48: 207299.95 | AF48: 171911.07 | AG48: 126058.26 | AH48: 141459.72 | AI48: 166763.59 | AJ48: 146115.81 | AK48: 146920.07 | AL48: 161342.37 | AM48: 163455.14 | AN48: 142450.7 | AO48: 146832.28 | AP48: 151248.68 | AQ48: 152099.68 | AR48: 132028.84 | AS48: 135465.84 | AT48: 142137.18 | AU48: 144964.23 | AV48: 124910.88 | AW48: 127051.76 | AX48: 123008.59 | AY48: 126266.08 | AZ48: 106018.32 | BA48: 109320.62 | BB48: 111857
B49: Outros | C49: Others | D49: 150190.52 | E49: 162775.3 | F49: 175688.7 | G49: 181574.89 | H49: 163616.35 | I49: 163874.11 | J49: 187510.85 | K49: 194623.9 | L49: 168014.93 | M49: 170110.34 | N49: 186182.04 | O49: 198261.46 | P49: 168048.34 | Q49: 184867.77 | R49: 197697.71 | S49: 204335.37 | T49: 174884.51 | U49: 201440.5 | V49: 213725.46 | W49: 220355.23 | X49: 178524.27 | Y49: 190541.89 | Z49: 216466.04 | AA49: 190535.53 | AB49: 181370.21 | AC49: 195523.84 | AD49: 217149.33 | AE49: 253925.81 | AF49: 192450.64 | AG49: 192063.99 | AH49: 211633.11 | AI49: 252734.15 | AJ49: 192796.92 | AK49: 208657.56 | AL49: 232730.6 | AM49: 219625.53 | AN49: 187162.7 | AO49: 201794.53 | AP49: 228802.59 | AQ49: 221180.53 | AR49: 189343.98 | AS49: 210317.79 | AT49: 233235.53 | AU49: 243992.85 | AV49: 201419.19 | AW49: 230077.74 | AX49: 240051.6 | AY49: 251820.37 | AZ49: 204605.01 | BA49: 240331.21 | BB49: 251426.34
B50: Total (cativo) | C50: Total (captive) | D50: =SUM(D46:D49) -> 647080.7 | E50: =SUM(E46:E49) -> 669220.3 | F50: =SUM(F46:F49) -> 724481.27 | G50: =SUM(G46:G49) -> 760041.22 | H50: =SUM(H46:H49) -> 703758.8 | I50: =SUM(I46:I49) -> 709082.83 | J50: =SUM(J46:J49) -> 785512.29 | K50: =SUM(K46:K49) -> 818117.55 | ... BB50: =SUM(BB46:BB49) -> 921642.24
B51: Industrial | C51: Industrial | D51: 14335.07 | E51: 19652.033 | F51: 21195.517 | G51: 20376.45 | H51: 17905.474 | I51: 16701.005 | J51: 20224.319 | K51: 18309.628 | L51: 15518.485 | M51: 14164.029 | N51: 11927.738 | O51: 11097.391 | P51: 8052.024 | Q51: 9116.822 | R51: 8279.147 | S51: 7665.277 | T51: 2969.415 | U51: 103.726 | V51: 7384.695 | W51: 7218.97 | X51: 5549.707 | Y51: 7401.155 | Z51: 12391.826 | AA51: 12529.681 | AB51: 10580.032 | AC51: 13018.559 | AD51: 12732.79 | AE51: 12184.84 | AF51: 10266.181 | AG51: 9911.224 | AH51: 15662.225 | AI51: 18887.969 | AJ51: 16602.383 | AK51: 22014.508 | AL51: 27645.826 | AM51: 27846.049 | AN51: 21066.578 | AO51: 27799.606 | AP51: 29499.673 | AQ51: 29712.45 | AR51: 26283.225 | AS51: 30945.968 | AT51: 33440.294 | AU51: 33970.313 | AV51: 32071.639 | AW51: 38866.991 | AX51: 40995.717 | AY51: 42499.802 | AZ51: 37679.561 | BA51: 44657.345 | BB51: 43661.516
B52: Comercial | C52: Commercial | D52: 1907.137 | E52: 1960.762 | F52: 2038.286 | G52: 2128.944 | H52: 2645.854 | I52: 1951.516 | J52: 2052.155 | K52: 2107.115 | L52: 1909.373 | M52: 1894.73 | N52: 1835.863 | O52: 1871.743 | P52: 1516.667 | Q52: 1578.089 | R52: 3236.133 | S52: 5822.413 | T52: 9309.632 | U52: 12132.901 | V52: 11997.869 | W52: 12828.368 | X52: 11439.735 | Y52: 11600.46 | Z52: 11718.829 | AA52: 13182.446 | AB52: 11434.508 | AC52: 11763.513 | AD52: 11092.413 | AE52: 13100.295 | AF52: 19671.434 | AG52: 20408.563 | AH52: 25627.296 | AI52: 30908.932 | AJ52: 29824.94 | AK52: 36095.042 | AL52: 38481.017 | AM52: 40754.226 | AN52: 38074.163 | AO52: 39569.936 | AP52: 42632.572 | AQ52: 44539.126 | AR52: 43328.872 | AS52: 49169.586 | AT52: 54981.574 | AU52: 62323.48 | AV52: 62265.315 | AW52: 64180.361 | AX52: 66227.961 | AY52: 76342.105 | AZ52: 72281.188 | BA52: 78536.983 | BB52: 84462.65
B53: Outros | C53: Others | D53: 0 | E53: 0 | F53: 0 | G53: 0 | H53: 0 | I53: 0 | J53: 0 | K53: 0 | L53: 0 | M53: 0 | N53: 0 | O53: 0 | P53: 0 | Q53: 0 | R53: 0 | S53: 0 | T53: 0 | U53: 0 | V53: 0 | W53: 0 | X53: 0 | Y53: 0 | Z53: 0 | AA53: 0 | AB53: 0 | AC53: 0 | AD53: 0 | AE53: 0 | AF53: 0 | AG53: 3261.522 | AH53: 11014.643 | AI53: 12822.485 | AJ53: 12741.83 | AK53: 15261.133 | AL53: 17110.282 | AM53: 16362.14 | AN53: 15656.025 | AO53: 16336.66 | AP53: 16848.307 | AQ53: 16521.437 | AR53: 15605.053 | AS53: 16718.227 | AT53: 18111.122 | AU53: 18383.551 | AV53: 17903.309 | AW53: 18493.542 | AX53: 19726.112 | AY53: 20198.173 | AZ53: 20353.363 | BA53: 21119.178 | BB53: 23404.81
B54: Consumidores livres | C54: Free Market Customers | D54: =SUM(D51:D53) -> 16242.207 | E54: =SUM(E51:E53) -> 21612.795 | F54: =SUM(F51:F53) -> 23233.803 | G54: =SUM(G51:G53) -> 22505.394 | H54: =SUM(H51:H53) -> 20551.328 | I54: =SUM(I51:I53) -> 18652.521 | J54: =SUM(J51:J53) -> 22276.474 | K54: =SUM(K51:K53) -> 20416.743 | ... BB54: =SUM(BB51:BB53) -> 151528.98
B55: Energia de Conexão - outras Distribuidoras | C55: Connection w/Other DisCos | D55: 24720.379 | E55: 25974.084 | F55: 27535.693 | G55: 29171.06 | H55: 26864.348 | I55: 28895.48 | J55: 33391.927 | K55: 33285.366 | L55: 30467.276 | M55: 31011.725 | N55: 33290.019 | O55: 35386.542 | P55: 32248.861 | Q55: 34403.666 | R55: 36263.119 | S55: 36213.924 | T55: 31998.781 | U55: 32825.451 | V55: 35462.731 | W55: 34864.705 | X55: 29862.915 | Y55: 31004.696 | Z55: 33312.178 | AA55: 34095.757 | AB55: 30452.263 | AC55: 32018.806 | AD55: 35481 | AE55: 34983.776 | AF55: 32416.33 | AG55: 34414.71 | AH55: 39505.687 | AI55: 38860.991 | AJ55: 36424.182 | AK55: 37824.08 | AL55: 41043.202 | AM55: 40353.236 | AN55: 37382.29 | AO55: 36591.605 | AP55: 39880.812 | AQ55: 40917.446 | AR55: 35927.262 | AS55: 38386.433 | AT55: 43027.038 | AU55: 45632.668 | AV55: 42865.671 | AW55: 44213.055 | AX55: 45879.12 | AY55: 48734.903 | AZ55: 43652.96 | BA55: 47920.312 | BB55: 49816.523
B56: Energia Faturada | C56: Billed energy | D56: =SUM(D50,D54,D55) -> 688043.28 | E56: =SUM(E50,E54,E55) -> 716807.18 | F56: =SUM(F50,F54,F55) -> 775250.76 | G56: =SUM(G50,G54,G55) -> 811717.68 | H56: =SUM(H50,H54,H55) -> 751174.47 | I56: =SUM(I50,I54,I55) -> 756630.83 | J56: =SUM(J50,J54,J55) -> 841180.69 | K56: =SUM(K50,K54,K55) -> 871819.66 | ... BB56: =SUM(BB50,BB54,BB55) -> 1122987.7
B57: Compensado GD II e GD III | C57: Energy Compensation of Distributed Generation type II and III | AV57: 21539.339 | AW57: 33157.441 | AX57: 41715.913 | AY57: 59266.98 | AZ57: 57354.461 | BA57: 69570.367 | BB57: 82697.794
B58: Energia Faturada + Energia Compensada | C58: Billed + Energy Compensation of Distribured Generation type II and III | D58: =D56+D57 -> 688043.28 | E58: =E56+E57 -> 716807.18 | F58: =F56+F57 -> 775250.76 | G58: =G56+G57 -> 811717.68 | H58: =H56+H57 -> 751174.47 | I58: =I56+I57 -> 756630.83 | J58: =J56+J57 -> 841180.69 | K58: =K56+K57 -> 871819.66 | ... BB58: =BB56+BB57 -> 1205685.5
B59: SCEE - GD I | C59: Energy Compensation of Distributed Generation type I | AV59: 99553.604 | AW59: 103671.13 | AX59: 119371.82 | AY59: 134641.66 | AZ59: 109277.69 | BA59: 117212.51 | BB59: 131830.88
B60: Energia de Compensação GD | C60: (-) Compensation Energy from DG | AB60: 5280.19 | AC60: 6526.296 | AD60: 8084.808 | AE60: 10790.788 | AF60: 10093.698 | AG60: 12251.595 | AH60: 18398.372 | AI60: 25055.689 | AJ60: 25126.626 | AK60: 29028.686 | AL60: 36829.887 | AM60: 44230.668 | AN60: 43138.319 | AO60: 51859.66 | AP60: 66848.037 | AQ60: 77827.671 | AR60: 73429.68 | AS60: 90670.602 | AT60: 118629.58 | AU60: 135087.86 | AV60: =+AV59+AV57 -> 121092.94 | AW60: =+AW59+AW57 -> 136828.57 | AX60: =+AX59+AX57 -> 161087.73 | AY60: =+AY59+AY57 -> 193908.64 | AZ60: =+AZ59+AZ57 -> 166632.15 | BA60: =+BA59+BA57 -> 186782.87 | BB60: =+BB59+BB57 -> 214528.68
B61: Total Distribuida - Piauí | C61: Total Distributed - Piauí (B) | D61: =D56+D60 -> 688043.28 | E61: =E56+E60 -> 716807.18 | F61: =F56+F60 -> 775250.76 | G61: =G56+G60 -> 811717.68 | H61: =H56+H60 -> 751174.47 | I61: =I56+I60 -> 756630.83 | J61: =J56+J60 -> 841180.69 | K61: =K56+K60 -> 871819.66 | ... BB61: =BB56+BB60 -> 1337516.4
B63: Alagoas | C63: Alagoas
B64: Residencial | C64: Residential | T64: 353113 | U64: 361697 | V64: 321031 | W64: 356332 | X64: 372330.21 | Y64: 359735.99 | Z64: 340106.68 | AA64: 361533.65 | AB64: 377659.96 | AC64: 177485.14 | AD64: 329476.27 | AE64: 377288.39 | AF64: 400832.58 | AG64: 395654.11 | AH64: 347084.42 | AI64: 402759.77 | AJ64: 418106.27 | AK64: 400848.23 | AL64: 355435.78 | AM64: 411797.41 | AN64: 428387.5 | AO64: 401096.23 | AP64: 375250.03 | AQ64: 426792.66 | AR64: 458459.39 | AS64: 450782.98 | AT64: 393975.04 | AU64: 454893.45 | AV64: 506224.4 | AW64: 492014.29 | AX64: 424474.41 | AY64: 476926.83 | AZ64: 510839.91 | BA64: 499805.04 | BB64: 431264.6
B65: Industrial | C65: Industrial | T65: 133113 | U65: 126738 | V65: 72020 | W65: 70539 | X65: 63255.251 | Y65: 61603.026 | Z65: 62393.62 | AA65: 59119.838 | AB65: 56185.719 | AC65: 46906.135 | AD65: 48416.821 | AE65: 43407.75 | AF65: 37605.023 | AG65: 33384.647 | AH65: 37087.857 | AI65: 34321.345 | AJ65: 34446.781 | AK65: 32528.165 | AL65: 34155.513 | AM65: 31411.433 | AN65: 31183.008 | AO65: 31050.876 | AP65: 31526.845 | AQ65: 29387.779 | AR65: 27923.787 | AS65: 27767.825 | AT65: 28370.948 | AU65: 24364.783 | AV65: 23422.333 | AW65: 22141.598 | AX65: 20929.324 | AY65: 17587.161 | AZ65: 17472.144 | BA65: 17696.756 | BB65: 16320.993
B66: Comercial | C66: Commercial | T66: 185917 | U66: 175795 | V66: 157953 | W66: 178770 | X66: 180274.87 | Y66: 167835.52 | Z66: 162491.49 | AA66: 179566.42 | AB66: 176590 | AC66: 139761.26 | AD66: 158770.55 | AE66: 182615.48 | AF66: 176460.83 | AG66: 126680.96 | AH66: 132568.14 | AI66: 165835.94 | AJ66: 164769.07 | AK66: 151962.39 | AL66: 149269.24 | AM66: 172921.9 | AN66: 166683.85 | AO66: 153497.91 | AP66: 147258.23 | AQ66: 160163.93 | AR66: 160654.73 | AS66: 148612.28 | AT66: 127908.5 | AU66: 134706.35 | AV66: 135450.22 | AW66: 127308.57 | AX66: 111300.97 | AY66: 119763.59 | AZ66: 117688.64 | BA66: 112505.57 | BB66: 98479.249
B67: Outros | C67: Others | T67: 223851 | U67: 216600 | V67: 178068 | W67: 195601 | X67: 220514.76 | Y67: 176694.1 | Z67: 182999.88 | AA67: 239486.65 | AB67: 211543.54 | AC67: 141605.35 | AD67: 178061.74 | AE67: 268107.46 | AF67: 241277.02 | AG67: 178221.89 | AH67: 175199.32 | AI67: 241029.19 | AJ67: 238274.59 | AK67: 182606.14 | AL67: 184497.64 | AM67: 265034.35 | AN67: 229312.73 | AO67: 181745.57 | AP67: 179057.69 | AQ67: 229230.37 | AR67: 228310.67 | AS67: 205825.39 | AT67: 185861.23 | AU67: 244610.42 | AV67: 240485.08 | AW67: 194233.47 | AX67: 175657.5 | AY67: 213537.06 | AZ67: 180329.44 | BA67: 168618.77 | BB67: 145596.13
B68: Total (cativo) | C68: Total (captive) | T68: =SUM(T64:T67) -> 895994 | U68: =SUM(U64:U67) -> 880830 | V68: =SUM(V64:V67) -> 729072 | W68: =SUM(W64:W67) -> 801242 | X68: =SUM(X64:X67) -> 836375.08 | Y68: =SUM(Y64:Y67) -> 765868.64 | Z68: =SUM(Z64:Z67) -> 747991.67 | AA68: =SUM(AA64:AA67) -> 839706.57 | ... BB68: =SUM(BB64:BB67) -> 691660.97
B69: Industrial | C69: Industrial | T69: 33468 | U69: 33597 | V69: 90303 | W69: 86152 | X69: 85541.036 | Y69: 97170.814 | Z69: 101918.59 | AA69: 111713.96 | AB69: 112466.72 | AC69: 109290 | AD69: 118811.18 | AE69: 133031.84 | AF69: 134795.86 | AG69: 119324.14 | AH69: 148253.82 | AI69: 138931.09 | AJ69: 138206.67 | AK69: 132132.78 | AL69: 132806.32 | AM69: 136690.89 | AN69: 142394.11 | AO69: 142529.72 | AP69: 141129.06 | AQ69: 141120.31 | AR69: 151846.83 | AS69: 149976.68 | AT69: 164012.17 | AU69: 160696.23 | AV69: 170102.87 | AW69: 168118.88 | AX69: 162275.31 | AY69: 173614.33 | AZ69: 180656.79 | BA69: 180718.71 | BB69: 185338.59
B70: Comercial | C70: Commercial | T70: 11387 | U70: 13235 | V70: 13642 | W70: 17990 | X70: 18610.748 | Y70: 17345.904 | Z70: 16853.35 | AA70: 18670.435 | AB70: 22121.734 | AC70: 23195 | AD70: 24230.522 | AE70: 30044.648 | AF70: 32017.488 | AG70: 20772.764 | AH70: 28561.139 | AI70: 36229.536 | AJ70: 37201.03 | AK70: 33269.909 | AL70: 35716.087 | AM70: 42482.182 | AN70: 41479.737 | AO70: 40645.556 | AP70: 41796.516 | AQ70: 50525.355 | AR70: 52829.617 | AS70: 52511.93 | AT70: 55790.757 | AU70: 71801.508 | AV70: 84612.137 | AW70: 80485.054 | AX70: 81238.824 | AY70: 93989.767 | AZ70: 98019.179 | BA70: 93419.765 | BB70: 89535.856
B71: Outros | C71: Others | Y71: 0 | AB71: 0 | AC71: 0 | AD71: 0 | AE71: 0 | AF71: 0 | AG71: 0 | AH71: 0 | AI71: 0 | AJ71: 0 | AK71: 0 | AL71: 0 | AM71: 0 | AN71: 0 | AO71: 0 | AP71: 0 | AQ71: 0 | AR71: 0 | AS71: 0 | AT71: 898.88731 | AU71: 1932.3718 | AV71: 5363.766 | AW71: 12434.464 | AX71: 28771.84 | AY71: 64916.14 | AZ71: 45934.248 | BA71: 40954.139 | BB71: 40440.47
B72: Consumidores livres | C72: Free Market Customers | T72: =SUM(T69:T71) -> 44855 | U72: =SUM(U69:U71) -> 46832 | V72: =SUM(V69:V71) -> 103945 | W72: =SUM(W69:W71) -> 104142 | X72: =SUM(X69:X71) -> 104151.78 | Y72: =SUM(Y69:Y71) -> 114516.72 | Z72: =SUM(Z69:Z71) -> 118771.94 | AA72: =SUM(AA69:AA71) -> 130384.39 | ... BB72: =SUM(BB69:BB71) -> 315314.91
B73: Energia de Conexão - outras Distribuidoras | C73: Connection w/Other DisCos | T73: 5175 | U73: 4882 | V73: 4713 | W73: 5409 | X73: 5474 | Y73: 4831 | Z73: 4230 | AA73: 4422 | AB73: 4008 | AC73: 4123.059 | AD73: 3952.055 | AE73: 4699.951 | AF73: 4618.207 | AG73: 4252.64 | AH73: 4188.42 | AI73: 4821.468 | AJ73: 4591.29 | AK73: 4219.764 | AL73: 4111.502 | AM73: 4791.658 | AN73: 4525.633 | AO73: 4384.375 | AP73: 4320.366 | AQ73: 4856.589 | AR73: 4802.641 | AS73: 4473.295 | AT73: 4161.357 | AU73: 4799.285 | AV73: 4844.503 | AW73: 4365.545 | AX73: 4844.546 | AY73: 3317.875 | AZ73: 3339.944 | BA73: 3507.407 | BB73: 3677.5741
B74: Energia Faturada | C74: Billed energy | D74: =SUM(D68,D72,D73) -> 0 | E74: =SUM(E68,E72,E73) -> 0 | F74: =SUM(F68,F72,F73) -> 0 | G74: =SUM(G68,G72,G73) -> 0 | H74: =SUM(H68,H72,H73) -> 0 | I74: =SUM(I68,I72,I73) -> 0 | J74: =SUM(J68,J72,J73) -> 0 | K74: =SUM(K68,K72,K73) -> 0 | ... BB74: =SUM(BB68,BB72,BB73) -> 1010653.5
B75: Compensado GD II e GD III | C75: Energy Compensation of Distributed Generation type II and III | AV75: 19354.523 | AW75: 19805.898 | AX75: 19705.074 | AY75: 32078.85 | AZ75: 42842.222 | BA75: 47228.18 | BB75: 43015.798
B76: Energia Faturada + Energia Compensada | C76: Billed + Energy Compensation of Distribured Generation type II and III | D76: =D74+D75 -> 0 | E76: =E74+E75 -> 0 | F76: =F74+F75 -> 0 | G76: =G74+G75 -> 0 | H76: =H74+H75 -> 0 | I76: =I74+I75 -> 0 | J76: =J74+J75 -> 0 | K76: =K74+K75 -> 0 | ... BB76: =BB74+BB75 -> 1053669.3
B77: SCEE - GD I | C77: Energy Compensation of Distributed Generation type I | AV77: 69027.946 | AW77: 64289.47 | AX77: 63328.738 | AY77: 80476.23 | AZ77: 84937.267 | BA77: 81401.387 | BB77: 70493.18
B78: Energia de Compensação GD | C78: (-) Compensation Energy from DG | AB78: 1189.461 | AC78: 1495.743 | AD78: 1821.796 | AE78: 2687.18 | AF78: 4304 | AG78: 3883.674 | AH78: 4904.823 | AI78: 39410.716 | AJ78: 10141.31 | AK78: 8073.7468 | AL78: 11672.576 | AM78: 20858.947 | AN78: 26558.125 | AO78: 26512.688 | AP78: 26766.72 | AQ78: 40834.784 | AR78: 51509.2 | AS78: 55037.838 | AT78: 55120.55 | AU78: 76549.852 | AV78: =+AV77+AV75 -> 88382.469 | AW78: =+AW77+AW75 -> 84095.368 | AX78: =+AX77+AX75 -> 83033.812 | AY78: =+AY77+AY75 -> 112555.08 | AZ78: =+AZ77+AZ75 -> 127779.49 | BA78: =+BA77+BA75 -> 128629.57 | BB78: =+BB77+BB75 -> 113508.98
B79: Total Distribuida - Alagoas | C79: Total Distributed - Alagoas (B) | D79: =D74+D78 -> 0 | E79: =E74+E78 -> 0 | F79: =F74+F78 -> 0 | G79: =G74+G78 -> 0 | H79: =H74+H78 -> 0 | I79: =I74+I78 -> 0 | J79: =J74+J78 -> 0 | K79: =K74+K78 -> 0 | ... BB79: =BB74+BB78 -> 1124162.4
B81: CEEE-D | C81: CEEE-D
B82: Residencial | C82: Residential | AH82: 791266.69 | AI82: 735382.34 | AJ82: 882953.85 | AK82: 772368.01 | AL82: 692809.84 | AM82: 704101.08 | AN82: 890756.28 | AO82: 708683.77 | AP82: 762165.49 | AQ82: 776725.21 | AR82: 1009499.9 | AS82: 794411.33 | AT82: 797373.85 | AU82: 806435.98 | AV82: 1018267.3 | AW82: 789598.38 | AX82: 925342.49 | AY82: 863470.8 | AZ82: 1109520.4 | BA82: 845122.75 | BB82: 937257.87
B83: Industrial | C83: Industrial | AH83: 81462.851 | AI83: 70180.276 | AJ83: 74180.951 | AK83: 83127.759 | AL83: 71569.86 | AM83: 71043.412 | AN83: 68017.458 | AO83: 76192.837 | AP83: 66057.934 | AQ83: 60673.021 | AR83: 58999.347 | AS83: 63670.599 | AT83: 56386.465 | AU83: 53207.491 | AV83: 49133.002 | AW83: 46747.887 | AX83: 42901.783 | AY83: 40336.665 | AZ83: 39201.553 | BA83: 42835.053 | BB83: 35182.283
B84: Comercial | C84: Commercial | AH84: 322158.97 | AI84: 336435.45 | AJ84: 421778.58 | AK84: 357969.46 | AL84: 301519.29 | AM84: 347614.17 | AN84: 439063.14 | AO84: 346491.65 | AP84: 334607.9 | AQ84: 358849.97 | AR84: 445472.47 | AS84: 356428.62 | AT84: 323569.7 | AU84: 340229.06 | AV84: 420567.8 | AW84: 313387.8 | AX84: 325600.23 | AY84: 339418.47 | AZ84: 394208.64 | BA84: 313021.77 | BB84: 292862.31
B85: Outros | C85: Others | AH85: 253649.71 | AI85: 262193.22 | AJ85: 428548.26 | AK85: 298594.33 | AL85: 247649.1 | AM85: 274386.07 | AN85: 471564.08 | AO85: 293384.12 | AP85: 259071.31 | AQ85: 273801.13 | AR85: 428295.96 | AS85: 289771.15 | AT85: 228287.05 | AU85: 234084.21 | AV85: 395550.19 | AW85: 256179.94 | AX85: 208823.33 | AY85: 223559.62 | AZ85: 382002.58 | BA85: 250959.43 | BB85: 197933.64
B86: Total (cativo) | C86: Total (captive) | AH86: =SUM(AH82:AH85) -> 1448538.2 | AI86: =SUM(AI82:AI85) -> 1404191.3 | AJ86: =SUM(AJ82:AJ85) -> 1807461.6 | AK86: =SUM(AK82:AK85) -> 1512059.6 | AL86: =SUM(AL82:AL85) -> 1313548.1 | AM86: =SUM(AM82:AM85) -> 1397144.7 | AN86: =SUM(AN82:AN85) -> 1869401 | AO86: =SUM(AO82:AO85) -> 1424752.4 | ... BB86: =SUM(BB82:BB85) -> 1463236.1
B87: Industrial | C87: Industrial | AH87: 253451.57 | AI87: 242040.13 | AJ87: 250531.48 | AK87: 271673.59 | AL87: 266110.67 | AM87: 255505.19 | AN87: 266128.41 | AO87: 276185.99 | AP87: 274493.9 | AQ87: 262670.23 | AR87: 267109.65 | AS87: 289601.11 | AT87: 281504.94 | AU87: 270543.44 | AV87: 270793.98 | AW87: 276319.47 | AX87: 286853.62 | AY87: 281501 | AZ87: 287750.87 | BA87: 312299.97 | BB87: 312328.18
B88: Comercial | C88: Commercial | AH88: 103709.17 | AI88: 140686.71 | AJ88: 156446.44 | AK88: 137364.38 | AL88: 138294.98 | AM88: 168674.38 | AN88: 188976.76 | AO88: 151966.61 | AP88: 150209.3 | AQ88: 180405.39 | AR88: 211375.57 | AS88: 172072.79 | AT88: 171515.02 | AU88: 212643.59 | AV88: 249755.69 | AW88: 190761.42 | AX88: 195211.25 | AY88: 253852 | AZ88: 298704.71 | BA88: 232428.79 | BB88: 226482.51
B89: Outros | C89: Others | AH89: 3037.3798 | AI89: 12187.837 | AJ89: 12814.445 | AK89: 12816.411 | AL89: 11458.619 | AM89: 11942.013 | AN89: 13201.59 | AO89: 12438.574 | AP89: 12120.67 | AQ89: 13686.181 | AR89: 16011.35 | AS89: 18669.813 | AT89: 22092.226 | AU89: 25636.232 | AV89: 31752.997 | AW89: 41629.435 | AX89: 43692.838 | AY89: 55414 | AZ89: 78503.473 | BA89: 66850.877 | BB89: 71645.073
B90: Consumidores livres | C90: Free Market Customers | AH90: =SUM(AH87:AH89) -> 360198.13 | AI90: =SUM(AI87:AI89) -> 394914.68 | AJ90: =SUM(AJ87:AJ89) -> 419792.37 | AK90: =SUM(AK87:AK89) -> 421854.38 | AL90: =SUM(AL87:AL89) -> 415864.27 | AM90: =SUM(AM87:AM89) -> 436121.59 | AN90: =SUM(AN87:AN89) -> 468306.77 | AO90: =SUM(AO87:AO89) -> 440591.17 | ... BB90: =SUM(BB87:BB89) -> 610455.76
B91: Energia de Conexão - outras Distribuidoras | C91: Connection w/Other DisCos | AH91: 11439.867 | AI91: 12420.375 | AJ91: 15151.187 | AK91: 14632.199 | AL91: 12600.839 | AM91: 12959.749 | AN91: 16404.885 | AO91: 13604.669 | AP91: 13238.516 | AQ91: 14056.918 | AR91: 19552.021 | AS91: 15750.64 | AT91: 13309 | AU91: 12394.385 | AV91: 17445 | AW91: 16091.996 | AX91: 15891.207 | AY91: 18441.472 | AZ91: 23027.35 | BA91: 17104.826 | BB91: 15315.498
B92: Energia Faturada | C92: Billed energy | D92: =SUM(D86,D90,D91) -> 0 | E92: =SUM(E86,E90,E91) -> 0 | F92: =SUM(F86,F90,F91) -> 0 | G92: =SUM(G86,G90,G91) -> 0 | H92: =SUM(H86,H90,H91) -> 0 | I92: =SUM(I86,I90,I91) -> 0 | J92: =SUM(J86,J90,J91) -> 0 | K92: =SUM(K86,K90,K91) -> 0 | ... BB92: =SUM(BB86,BB90,BB91) -> 2089007.4
B93: Compensado GD II e GD III | C93: Energy Compensation of Distributed Generation type II and III | AV93: 4645.062 | AW93: 3513.614 | AX93: 3607.078 | AY93: 14268.42 | AZ93: 30166.287 | BA93: 24650.482 | BB93: 26843.885
B94: Energia Faturada + Energia Compensada | C94: Billed + Energy Compensation of Distribured Generation type II and III | D94: =D92+D93 -> 0 | E94: =E92+E93 -> 0 | F94: =F92+F93 -> 0 | G94: =G92+G93 -> 0 | H94: =H92+H93 -> 0 | I94: =I92+I93 -> 0 | J94: =J92+J93 -> 0 | K94: =K92+K93 -> 0 | ... BB94: =BB92+BB93 -> 2115851.2
B95: SCEE - GD I | C95: Energy Compensation of Distributed Generation type I | AV95: 99011.183 | AW95: 77257.265 | AX95: 72890.024 | AY95: 78951.874 | AZ95: 98132.593 | BA95: 86659.367 | BB95: 83355.98
B96: Energia de Compensação GD | C96: (-) Compensation Energy from DG | AJ96: 18785.153 | AK96: 19558.603 | AL96: 18892.501 | AM96: 22971.69 | AN96: 40791.85 | AO96: 35571.135 | AP96: 28319.993 | AQ96: 40821.452 | AR96: 76644.091 | AS96: 70479.937 | AT96: 66410.486 | AU96: 75659.811 | AV96: =+AV95+AV93 -> 103656.25 | AW96: =+AW95+AW93 -> 80770.879 | AX96: =+AX95+AX93 -> 76497.102 | AY96: =+AY95+AY93 -> 93220.294 | AZ96: =+AZ95+AZ93 -> 128298.88 | BA96: =+BA95+BA93 -> 111309.85 | BB96: =+BB95+BB93 -> 110199.87
B97: Total Distribuida - CEEE | C97: Total Distributed - CEEE (B) | D97: =D92+D96 -> 0 | E97: =E92+E96 -> 0 | F97: =F92+F96 -> 0 | G97: =G92+G96 -> 0 | H97: =H92+H96 -> 0 | I97: =I92+I96 -> 0 | J97: =J92+J96 -> 0 | K97: =K92+K96 -> 0 | ... BB97: =BB92+BB96 -> 2199207.2
B99: CEA | C99: CEA
B100: Residencial | C100: Residential | AI100: 135814.53 | AJ100: 149836.18 | AK100: 149507.59 | AL100: 155644.8 | AM100: 145811.2 | AN100: 113953.71 | AO100: 126363.05 | AP100: 145326.84 | AQ100: 144483.04 | AR100: 131393.82 | AS100: 160251.99 | AT100: 173609.27 | AU100: 205555.02 | AV100: 185143.13 | AW100: 189325.12 | AX100: 209294.34 | AY100: 218400.81 | AZ100: 179967.08 | BA100: 181128.24 | BB100: 196252.57
B101: Industrial | C101: Industrial | AI101: 23144.988 | AJ101: 26782.438 | AK101: 27499.661 | AL101: 28205.064 | AM101: 26612.148 | AN101: 23746.163 | AO101: 29756.26 | AP101: 22415.926 | AQ101: 23597.265 | AR101: 12852.902 | AS101: 7764.61 | AT101: 7468.148 | AU101: 7955.013 | AV101: 6982.007 | AW101: 8857.32 | AX101: 11143.556 | AY101: 10705.087 | AZ101: 7989.848 | BA101: 6651.138 | BB101: 7450.634
B102: Comercial | C102: Commercial | AI102: 58966.431 | AJ102: 60487.913 | AK102: 58068.364 | AL102: 66236.955 | AM102: 66341.75 | AN102: 55513.885 | AO102: 60101.578 | AP102: 66622.194 | AQ102: 68597.838 | AR102: 57919.495 | AS102: 66745.243 | AT102: 72140.139 | AU102: 70514.078 | AV102: 60688.745 | AW102: 60966.063 | AX102: 60330.135 | AY102: 59229.129 | AZ102: 48356.955 | BA102: 49418.667 | BB102: 52746.234
B103: Outros | C103: Others | AI103: 37993.707 | AJ103: 34435.852 | AK103: 36720.097 | AL103: 39876.481 | AM103: 41479.101 | AN103: 36393.449 | AO103: 41984.758 | AP103: 44114.858 | AQ103: 89519.855 | AR103: 41747.787 | AS103: 37771.006 | AT103: 56434.068 | AU103: 31921.104 | AV103: 40411.535 | AW103: 40679.029 | AX103: 46923.09 | AY103: 44212.364 | AZ103: 38396.041 | BA103: 43448.487 | BB103: 42524.102
B104: Total (cativo) | C104: Total (captive) | AI104: =SUM(AI100:AI103) -> 255919.65 | AJ104: =SUM(AJ100:AJ103) -> 271542.38 | AK104: =SUM(AK100:AK103) -> 271795.71 | AL104: =SUM(AL100:AL103) -> 289963.3 | AM104: =SUM(AM100:AM103) -> 280244.2 | AN104: =SUM(AN100:AN103) -> 229607.21 | AO104: =SUM(AO100:AO103) -> 258205.65 | AP104: =SUM(AP100:AP103) -> 278479.81 | ... BB104: =SUM(BB100:BB103) -> 298973.54
B105: Industrial | C105: Industrial | AI105: 0 | AJ105: 0 | AK105: 0 | AL105: 0 | AM105: 0 | AN105: 0 | AO105: 1151.809 | AP105: 1238.39 | AQ105: 1226.16 | AR105: 791.232 | AS105: 1479.404 | AT105: 2092.477 | AU105: 1720.0352 | AV105: 2187 | AW105: 2231.496 | AX105: 2971.6505 | AY105: 3022.9727 | AZ105: 4093.2396 | BA105: 6008.2949 | BB105: 5264.3744
B106: Comercial | C106: Commercial | AI106: 266.629 | AJ106: 592.73 | AK106: 2075.94 | AL106: 2368.7994 | AM106: 2389.3424 | AN106: 2191.111 | AO106: 2536.904 | AP106: 2989.555 | AQ106: 3004.692 | AR106: 2651.077 | AS106: 2906.587 | AT106: 5633.067 | AU106: 9313.2817 | AV106: 12525 | AW106: 15656 | AX106: 18582.947 | AY106: 20099.069 | AZ106: 19119.23 | BA106: 20623.352 | BB106: 21989.316
B107: Outros | C107: Others | AI107: 0 | AJ107: 0 | AK107: 0 | AL107: 0 | AM107: 0 | AN107: 0 | AO107: 0 | AP107: 0 | AQ107: 0 | AR107: 0 | AS107: 0 | AT107: 3672.03 | AU107: 3987.5321 | AV107: 4075 | AW107: 3976.504 | AX107: 4077.2681 | AY107: 4163.2963 | AZ107: 4037.722 | BA107: 4164.0296 | BB107: 3445.9858
B108: Consumidores livres | C108: Free Market Customers | AI108: =SUM(AI105:AI107) -> 266.629 | AJ108: =SUM(AJ105:AJ107) -> 592.73 | AK108: =SUM(AK105:AK107) -> 2075.94 | AL108: =SUM(AL105:AL107) -> 2368.7994 | AM108: =SUM(AM105:AM107) -> 2389.3424 | AN108: =SUM(AN105:AN107) -> 2191.111 | AO108: =SUM(AO105:AO107) -> 3688.713 | AP108: =SUM(AP105:AP107) -> 4227.945 | ... BB108: =SUM(BB105:BB107) -> 30699.676
B109: Energia de Conexão - outras Distribuidoras | C109: Connection w/Other DisCos | AW109: 0 | AX109: 0 | AY109: 0 | AZ109: 0 | BA109: 0 | BB109: 0
B110: Energia Faturada | C110: Billed energy | D110: =SUM(D104,D108,D109) -> 0 | E110: =SUM(E104,E108,E109) -> 0 | F110: =SUM(F104,F108,F109) -> 0 | G110: =SUM(G104,G108,G109) -> 0 | H110: =SUM(H104,H108,H109) -> 0 | I110: =SUM(I104,I108,I109) -> 0 | J110: =SUM(J104,J108,J109) -> 0 | K110: =SUM(K104,K108,K109) -> 0 | ... BB110: =SUM(BB104,BB108,BB109) -> 329673.22
B111: Compensado GD II e GD III | C111: Energy Compensation of Distributed Generation type II and III | AV111: 0 | AW111: 0 | AX111: 0 | AY111: 16782 | AZ111: 4129.662 | BA111: 16784.605 | BB111: 23421.775
...

Sheet Mercado Distribuição (Pós CP09)
B6: Classes de consumo (MWh) | C6: Consumption Classes (MWh) | D6: 4T24 | E6: 1T25 | F6: 2T25 | G6: 3T25 | H6: 4T25 | I6: 1T26 | J6: 2T26
B8: Maranhão | C8: Maranhão
B9: Residencial | C9: Residential | D9: 1266703 | E9: 1109360.9 | F9: 1149762.5 | G9: 1231346.9 | H9: 1304025 | I9: 1173083.9 | J9: 1202586.3
B10: Industrial | C10: Industrial | D10: 32658 | E10: 26993.026 | F10: 25066.302 | G10: 24823.461 | H10: 24667 | I10: 21204.711 | J10: 20818.165
B11: Comercial | C11: Commercial | D11: 150896 | E11: 125822.68 | F11: 132074.8 | G11: 137522.11 | H11: 139520 | I11: 125048.41 | J11: 127815.08
B12: Outros | C12: Others | D12: 437342 | E12: 354304.76 | F12: 407267.55 | G12: 434788.28 | H12: 445214 | I12: 368344.7 | J12: 414811.59
B13: Total (cativo) | C13: Total (captive) | D13: =SUM(D9:D12) -> 1887599 | E13: 1616481.4 | F13: 1714171.1 | G13: =SUM(G9:G12) -> 1828480.8 | H13: =SUM(H9:H12) -> 1913426 | I13: =SUM(I9:I12) -> 1687681.7 | J13: =SUM(J9:J12) -> 1766031.1
B14: Industrial | C14: Industrial | D14: 121970 | E14: 107080.21 | F14: 121643.18 | G14: 129775.34 | H14: 133595 | I14: 122871.6 | J14: 125729.28
B15: Comercial | C15: Commercial | D15: 149544 | E15: 141324.53 | F15: 153560 | G15: 162393.27 | H15: 167784 | I15: 158194.05 | J15: 164324.55
B16: Outros | C16: Others | D16: 11219 | E16: 8644.2062 | F16: 12320.795 | G16: 15195.612 | H16: 17876 | I16: 15763.894 | J16: 18642.372
B17: Consumidores livres | C17: Free Market Customers | D17: =SUM(D14:D16) -> 282733 | E17: 257048.94 | F17: 287523.97 | G17: =SUM(G14:G16) -> 307364.22 | H17: =SUM(H14:H16) -> 319255 | I17: =SUM(I14:I16) -> 296829.55 | J17: =SUM(J14:J16) -> 308696.2
B18: Energia de Conexão - outras Distribuidoras (Faturada) | C18: Connection w/Other DisCos (Billed) | D18: 3039.49 | E18: 4108.5522 | F18: 4287.2327 | G18: 6003.8469 | H18: 3998 | I18: 4072.818 | J18: 4443.957
B19: Energia Faturada | C19: Billed energy | D19: =SUM(D13,D17,D18) -> 2173371.5 | E19: 1877638.9 | F19: 2005982.3 | G19: =SUM(G13,G17,G18) -> 2141848.8 | H19: =SUM(H13,H17,H18) -> 2236679 | I19: =SUM(I13,I17,I18) -> 1988584.1 | J19: =SUM(J13,J17,J18) -> 2079171.3
B20: Compensado GD II e GD III | C20: Energy Compensation of Distributed Generation type II and III | D20: 52246.924 | E20: 53740.121 | F20: 68129.879 | G20: 80252.121 | H20: 96482 | I20: 90756.849 | J20: 103921.67
B21: Mercado Fio B | C21: Wire B Market | D21: =D19+D20 -> 2225618.4 | E21: 1931379 | F21: 2074112.2 | G21: =G19+G20 -> 2222100.9 | H21: =H19+H20 -> 2333161 | I21: =I19+I20 -> 2079340.9 | J21: =J19+J20 -> 2183092.9
B22: Total Mercado Distribuído (Mercado Fio B Total + Comp. GD I) | C22: Total Distributed Market (Total Wire B Market + Compensated DG I) | E22: 2044828 | F22: 2193916.5 | I22: 2201159 | J22: 2313367.7
B23: Fluxo Passante | C23: Pass-through energy | D23: ='Bal. Energético D (Pós CP 09)'!D12 -> 1494.8299 | E23: 2163.4213 | F23: 3134.7176 | G23: ='Bal. Energético D (Pós CP 09)'!G12 -> 4996.7426 | H23: ='Bal. Energético D (Pós CP 09)'!H12 -> 11185.495 | I23: ='Bal. Energético D (Pós CP 09)'!I12 -> 8755.585 | J23: ='Bal. Energético D (Pós CP 09)'!J12 -> 9714.411
B24: Energia Medida Total + Fluxo Passante | C24: Total Measured Energy + Pass-through | D24: =SUM('Bal. Energético D (Pós CP 09)'!D10:D12) -> 2337105.3 | E24: 2015896.4 | F24: 2167026.4 | G24: =SUM('Bal. Energético D (Pós CP 09)'!G10:G12) -> 2329952.8 | H24: =SUM('Bal. Energético D (Pós CP 09)'!H10:H12) -> 2457952.5 | I24: =SUM('Bal. Energético D (Pós CP 09)'!I10:I12) -> 2189545.1 | J24: =SUM('Bal. Energético D (Pós CP 09)'!J10:J12) -> 2309154
B27: Pará | C27: Pará
B28: Residencial | C28: Residential | D28: 1328745 | E28: 1138695.8 | F28: 1204219 | G28: 1265981.4 | H28: 1343876 | I28: 1194442.9 | J28: 1274689.8
B29: Industrial | C29: Industrial | D29: 68828 | E29: 52786.069 | F29: 47241.928 | G29: 50167.563 | H29: 50037 | I29: 40343.612 | J29: 39109.298
B30: Comercial | C30: Commercial | D30: 323704 | E30: 261474.57 | F30: 268665.5 | G30: 272891.9 | H30: 280952 | I30: 242416.1 | J30: 257765.81
B31: Outros | C31: Others | D31: 439384 | E31: 358975.11 | F31: 396824.25 | G31: 408448.85 | H31: 430688 | I31: 367630.39 | J31: 405194.48
B32: Total (cativo) | C32: Total (captive) | D32: =SUM(D28:D31) -> 2160661 | E32: 1811931.6 | F32: 1916950.6 | G32: =SUM(G28:G31) -> 1997489.7 | H32: =SUM(H28:H31) -> 2105553 | I32: =SUM(I28:I31) -> 1844833.1 | J32: =SUM(J28:J31) -> 1976759.4
B33: Industrial | C33: Industrial | D33: 372519 | E33: 356281.3 | F33: 393835.87 | G33: 419778.63 | H33: 434707 | I33: 404682.47 | J33: 414286.95
B34: Comercial | C34: Commercial | D34: 250303 | E34: 245769.37 | F34: 275167.75 | G34: 289181.43 | H34: 296857 | I34: 280778.31 | J34: 300521.31
B35: Outros | C35: Others | D35: 36875 | E35: 34216.324 | F35: 37994.443 | G35: 40992.476 | H35: 40529 | I35: 41832.753 | J35: 47835.392
B36: Consumidores livres | C36: Free Market Customers | D36: =SUM(D33:D35) -> 659697 | E36: 636267 | F36: 706998.07 | G36: =SUM(G33:G35) -> 749952.53 | H36: =SUM(H33:H35) -> 772093 | I36: =SUM(I33:I35) -> 727293.54 | J36: =SUM(J33:J35) -> 762643.65
B37: Energia de Conexão - outras Distribuidoras (Faturada) | C37: Connection w/Other DisCos (Billed) | D37: 12552 | E37: 7791.5838 | F37: 8356.6946 | G37: 8288.5352 | H37: 8185 | I37: 7297.1956 | J37: 8319.3725
B38: Energia Faturada | C38: Billed energy | D38: =SUM(D32,D36,D37) -> 2832910 | E38: 2455990.2 | F38: 2632305.4 | G38: =SUM(G32,G36,G37) -> 2755730.8 | H38: =SUM(H32,H36,H37) -> 2885831 | I38: =SUM(I32,I36,I37) -> 2579423.8 | J38: =SUM(J32,J36,J37) -> 2747722.4
B39: Compensado GD II e GD III | C39: Energy Compensation of Distributed Generation type II and III | D39: 105919 | E39: 103579.98 | F39: 129783.71 | G39: 151384.74 | H39: 177413 | I39: 160628.03 | J39: 184971.79
B40: Mercado Fio B | C40: Wire B Market | D40: =D38+D39 -> 2938829 | E40: 2559570.1 | F40: 2762089.1 | G40: =G38+G39 -> 2907115.5 | H40: =H38+H39 -> 3063244 | I40: =I38+I39 -> 2740051.8 | J40: =J38+J39 -> 2932694.2
B41: Total Mercado Distribuído (Mercado Fio B Total + Comp. GD I) | C41: Total Distributed Market (Total Wire B Market + Compensated DG I) | E41: 2691879 | F41: 2913316.8 | I41: 2888595 | J41: 3095603.7
B42: Fluxo Passante | C42: Pass-through energy | D42: ='Bal. Energético D (Pós CP 09)'!D23 -> 26681.285 | E42: 59139.346 | F42: 35746.915 | G42: ='Bal. Energético D (Pós CP 09)'!G23 -> 7469.7496 | H42: ='Bal. Energético D (Pós CP 09)'!H23 -> 20446.519 | I42: ='Bal. Energético D (Pós CP 09)'!I23 -> 50984.57 | J42: ='Bal. Energético D (Pós CP 09)'!J23 -> 30807.419
B43: Energia Medida Total + Fluxo Passante | C43: Total Measured Energy + Pass-through | D43: =SUM('Bal. Energético D (Pós CP 09)'!D21:D23) -> 3094531.8 | E43: 2703444.8 | F43: 2901490.9 | G43: =SUM('Bal. Energético D (Pós CP 09)'!G21:G23) -> 3036015.5 | H43: =SUM('Bal. Energético D (Pós CP 09)'!H21:H23) -> 3229765.4 | I43: =SUM('Bal. Energético D (Pós CP 09)'!I21:I23) -> 2910322.3 | J43: =SUM('Bal. Energético D (Pós CP 09)'!J21:J23) -> 3099958.4
B45: Piauí | C45: Piauí
B46: Residencial | C46: Residential | D46: 573335 | E46: 500197.81 | F46: 509002.48 | G46: 543629.78 | H46: 588225 | I46: 515950.2 | J46: 514354.25
B47: Industrial | C47: Industrial | D47: 15163 | E47: 13286.645 | F47: 13794.181 | G47: 14730.445 | H47: 13483 | I47: 12702.753 | J47: 12332.666
B48: Comercial | C48: Commercial | D48: 126266 | E48: 106018.32 | F48: 109320.62 | G48: 111857 | H48: 114587 | I48: 99216 | J48: 102444.81
B49: Outros | C49: Others | D49: 252001 | E49: 204605.01 | F49: 240331.21 | G49: 251426.37 | H49: 257568 | I49: 198373.35 | J49: 227411.85
B50: Total (cativo) | C50: Total (captive) | D50: =SUM(D46:D49) -> 966765 | E50: 824107.79 | F50: 872448.49 | G50: =SUM(G46:G49) -> 921643.59 | H50: =SUM(H46:H49) -> 973863 | I50: =SUM(I46:I49) -> 826242.3 | J50: =SUM(J46:J49) -> 856543.58
B51: Industrial | C51: Industrial | D51: 42638 | E51: 37725.041 | F51: 44641.492 | G51: 43489.315 | H51: 46559 | I51: 43714.525 | J51: 46499.221
B52: Comercial | C52: Commercial | D52: 76200 | E52: 72281.19 | F52: 78536.894 | G52: 84465.68 | H52: 90400 | I52: 83095.345 | J52: 86638.091
B53: Outros | C53: Others | D53: 20176 | E53: 20380.761 | F53: 21119.178 | G53: 23576.286 | H53: 23740 | I53: 24355.835 | J53: 26345.053
B54: Consumidores livres | C54: Free Market Customers | D54: =SUM(D51:D53) -> 139014 | E54: 130386.99 | F54: 144297.56 | G54: =SUM(G51:G53) -> 151531.28 | H54: =SUM(H51:H53) -> 160699 | I54: =SUM(I51:I53) -> 151165.71 | J54: =SUM(J51:J53) -> 159482.36
B55: Energia de Conexão - outras Distribuidoras (Faturada) | C55: Connection w/Other DisCos (Billed) | D55: 48792 | E55: 43687.629 | F55: 47923.315 | G55: 49818.411 | H55: 52028 | I55: 46769.747 | J55: 48433.09
B56: Energia Faturada | C56: Billed energy | D56: =SUM(D50,D54,D55) -> 1154571 | E56: 998182.41 | F56: 1064669.4 | G56: =SUM(G50,G54,G55) -> 1122993.3 | H56: =SUM(H50,H54,H55) -> 1186590 | I56: =SUM(I50,I54,I55) -> 1024177.8 | J56: =SUM(J50,J54,J55) -> 1064459
B57: Compensado GD II e GD III | C57: Energy Compensation of Distributed Generation type II and III | D57: 59267 | E57: 57354.461 | F57: 69570.367 | G57: 82695.472 | H57: 100724 | I57: 89232.612 | J57: 96429.518
B58: Mercado Fio B | C58: Wire B Market | D58: =D56+D57 -> 1213838 | E58: 1055536.9 | F58: 1134239.7 | G58: =G56+G57 -> 1205688.8 | H58: =H56+H57 -> 1287314 | I58: =I56+I57 -> 1113410.4 | J58: =J56+J57 -> 1160888.6
B59: Total Mercado Distribuído (Mercado Fio B Total + Comp. GD I) | C59: Total Distributed Market (Total Wire B Market + Compensated DG I) | E59: 1164707 | F59: 1251465.2 | I59: 1234765 | J59: 1286813.6
B60: Fluxo Passante | C60: Pass-through energy | D60: ='Bal. Energético D (Pós CP 09)'!D33 -> 160976.88 | E60: 61264.539 | F60: 62211.107 | G60: ='Bal. Energético D (Pós CP 09)'!G33 -> 141144.3 | H60: ='Bal. Energético D (Pós CP 09)'!H33 -> 172670.59 | I60: ='Bal. Energético D (Pós CP 09)'!I33 -> 84524.379 | J60: ='Bal. Energético D (Pós CP 09)'!J33 -> 54032.093
B61: Energia Medida Total + Fluxo Passante | C61: Total Measured Energy + Pass-through | D61: =SUM('Bal. Energético D (Pós CP 09)'!D31:D33) -> 1483752.5 | E61: 1208153.1 | F61: 1298313.3 | G61: =SUM('Bal. Energético D (Pós CP 09)'!G31:G33) -> 1462847.1 | H61: =SUM('Bal. Energético D (Pós CP 09)'!H31:H33) -> 1589537.9 | I61: =SUM('Bal. Energético D (Pós CP 09)'!I31:I33) -> 1303126.8 | J61: =SUM('Bal. Energético D (Pós CP 09)'!J31:J33) -> 1326966.4
B63: Alagoas | C63: Alagoas
B64: Residencial | C64: Residential | D64: 476927 | E64: 510839.91 | F64: 499805.04 | G64: 431264.64 | H64: 493863 | I64: 535313.47 | J64: 511632.35
B65: Industrial | C65: Industrial | D65: 17587 | E65: 17472.144 | F65: 17696.756 | G65: 16320.993 | H65: 13229 | I65: 12206.887 | J65: 12163.438
B66: Comercial | C66: Commercial | D66: 119764 | E66: 117688.64 | F66: 112505.57 | G66: 98479.248 | H66: 105618 | I66: 106986.6 | J66: 102194
B67: Outros | C67: Others | D67: 213537 | E67: 180329.44 | F67: 168618.77 | G67: 145596.13 | H67: 186911 | I67: 187132.24 | J67: 163597.23
B68: Total (cativo) | C68: Total (captive) | D68: =SUM(D64:D67) -> 827815 | E68: 826330.13 | F68: 798626.15 | G68: =SUM(G64:G67) -> 691661.01 | H68: =SUM(H64:H67) -> 799621 | I68: =SUM(I64:I67) -> 841639.2 | J68: =SUM(J64:J67) -> 789587.01
B69: Industrial | C69: Industrial | D69: 174238 | E69: 181262.77 | F69: 181160.39 | G69: 185603.7 | H69: 181577 | I69: 181937.4 | J69: 131498.4
B70: Comercial | C70: Commercial | D70: 93967 | E70: 103097.84 | F70: 93425.461 | G70: 89557.364 | H70: 103227 | I70: 108438.61 | J70: 70010.663
B71: Outros | C71: Others | D71: 64866 | E71: 40831.734 | F71: 40921.172 | G71: 40427.709 | H71: 62487 | I71: 62140.951 | J71: 26676.428
B72: Consumidores livres | C72: Free Market Customers | D72: =SUM(D69:D71) -> 333071 | E72: 325192.35 | F72: 315507.02 | G72: =SUM(G69:G71) -> 315588.77 | H72: =SUM(H69:H71) -> 347291 | I72: =SUM(I69:I71) -> 352516.96 | J72: =SUM(J69:J71) -> 228185.49
B73: Energia de Conexão - outras Distribuidoras (Faturada) | C73: Connection w/Other DisCos (Billed) | D73: 3318 | E73: 3339.944 | F73: 3507.407 | G73: 3677.574 | H73: 3754 | I73: 3960.6616 | J73: 2839.6381
B74: Energia Faturada | C74: Billed energy | D74: =SUM(D68,D72,D73) -> 1164204 | E74: 1154862.4 | F74: 1117640.6 | G74: =SUM(G68,G72,G73) -> 1010927.4 | H74: =SUM(H68,H72,H73) -> 1150666 | I74: =SUM(I68,I72,I73) -> 1198116.8 | J74: =SUM(J68,J72,J73) -> 1020612.1
B75: Compensado GD II e GD III | C75: Energy Compensation of Distributed Generation type II and III | D75: 32079 | E75: 42842.222 | F75: 47228.18 | G75: 43012.715 | H75: 62002 | I75: 74408.646 | J75: 71312.969
B76: Mercado Fio B | C76: Wire B Market | D76: =D74+D75 -> 1196283 | E76: 1197704.6 | F76: 1164868.8 | G76: =G74+G75 -> 1053940.1 | H76: =H74+H75 -> 1212668 | I76: =I74+I75 -> 1272525.5 | J76: =J74+J75 -> 1091925.1
B77: Total Mercado Distribuído (Mercado Fio B Total + Comp. GD I) | C77: Total Distributed Market (Total Wire B Market + Compensated DG I) | E77: 1282060 | F77: 1245855.7 | I77: 1371685 | J77: 1287229.9
B78: Fluxo Passante | C78: Pass-through energy | D78: ='Bal. Energético D (Pós CP 09)'!D43 -> 15443.572 | E78: 9397.6339 | F78: 1773.7293 | G78: ='Bal. Energético D (Pós CP 09)'!G43 -> 5400.54 | H78: ='Bal. Energético D (Pós CP 09)'!H43 -> 21510.709 | I78: ='Bal. Energético D (Pós CP 09)'!I43 -> 13493.323 | J78: ='Bal. Energético D (Pós CP 09)'!J43 -> 4254.3134
B79: Energia Medida Total + Fluxo Passante | C79: Total Measured Energy + Pass-through | D79: =SUM('Bal. Energético D (Pós CP 09)'!D41:D43) -> 1281072.3 | E79: 1281127.9 | F79: 1233770.3 | G79: =SUM('Bal. Energético D (Pós CP 09)'!G41:G43) -> 1116064.2 | H79: =SUM('Bal. Energético D (Pós CP 09)'!H41:H43) -> 1313951.3 | I79: =SUM('Bal. Energético D (Pós CP 09)'!I41:I43) -> 1372667.5 | J79: =SUM('Bal. Energético D (Pós CP 09)'!J41:J43) -> 1279943.4
B81: CEEE-D | C81: CEEE-D
B82: Residencial | C82: Residential | D82: 863471 | E82: 1109520.4 | F82: 845122.75 | G82: 937257.87 | H82: 843622 | I82: 1073684.4 | J82: 912292.93
B83: Industrial | C83: Industrial | D83: 40337 | E83: 39201.553 | F83: 42835.053 | G83: 35182.283 | H83: 29967 | I83: 29127.685 | J83: 27780.145
B84: Comercial | C84: Commercial | D84: 339418 | E84: 394208.64 | F84: 313021.77 | G84: 292862.31 | H84: 267635 | I84: 342638.47 | J84: 295531.38
B85: Outros | C85: Others | D85: 223560 | E85: 382002.58 | F85: 250959.43 | G85: 197933.64 | H85: 210619 | I85: 350662 | J85: 226314.76
B86: Total (cativo) | C86: Total (captive) | D86: =SUM(D82:D85) -> 1466786 | E86: 1924933.2 | F86: 1451939 | G86: =SUM(G82:G85) -> 1463236.1 | H86: =SUM(H82:H85) -> 1351843 | I86: =SUM(I82:I85) -> 1796112.6 | J86: =SUM(J82:J85) -> 1461919.2
B87: Industrial | C87: Industrial | D87: 288636.72 | E87: 266556.63 | F87: 318228.19 | G87: 310686.97 | H87: 305547 | I87: 293091.88 | J87: 330446.76
B88: Comercial | C88: Commercial | D88: 233261.66 | E88: 284791.96 | F88: 263284.08 | G88: 219819.95 | H88: 251380 | I88: 312774.6 | J88: 289500.37
B89: Outros | C89: Others | D89: 49393.325 | E89: 71184.752 | F89: 74942.551 | G89: 67997.201 | H89: 76821 | I89: 102138.63 | J89: 95826.643
B90: Consumidores livres | C90: Free Market Customers | D90: =SUM(D87:D89) -> 571291.7 | E90: 622533.34 | F90: 656454.82 | G90: =SUM(G87:G89) -> 598504.12 | H90: =SUM(H87:H89) -> 633748 | I90: =SUM(I87:I89) -> 708005.11 | J90: =SUM(J87:J89) -> 715773.78
B91: Energia de Conexão - outras Distribuidoras (Faturada) | C91: Connection w/Other DisCos (Billed) | D91: 14470.57 | E91: 20537.734 | F91: 19991.534 | G91: 15787.108 | H91: 11852 | I91: 19684.409 | J91: 18077.34
B92: Energia Faturada | C92: Billed energy | D92: =SUM(D86,D90,D91) -> 2052548.3 | E92: 2568004.2 | F92: 2128385.4 | G92: =SUM(G86,G90,G91) -> 2077527.3 | H92: =SUM(H86,H90,H91) -> 1997443 | I92: =SUM(I86,I90,I91) -> 2523802.1 | J92: =SUM(J86,J90,J91) -> 2195770.3
B93: Compensado GD II e GD III | C93: Energy Compensation of Distributed Generation type II and III | D93: 14268 | E93: 29270.607 | F93: 24372.681 | G93: 26843.885 | H93: 34985 | I93: 51667.761 | J93: 50176.609
B94: Mercado Fio B | C94: Wire B Market | D94: =D92+D93 -> 2066816.3 | E94: 2597274.8 | F94: 2152758 | G94: =G92+G93 -> 2104371.2 | H94: =H92+H93 -> 2032428 | I94: =I92+I93 -> 2575469.9 | J94: =J92+J93 -> 2245946.9
B95: Total Mercado Distribuído (Mercado Fio B Total + Comp. GD I) | C95: Total Distributed Market (Total Wire B Market + Compensated DG I) | E95: 2741218 | F95: 2191933.3 | I95: 2739385 | J95: 2306679.3
B96: Fluxo Passante | C96: Pass-through energy | D96: ='Bal. Energético D (Pós CP 09)'!D53 -> 33861.926 | E96: 6327.6462 | F96: 18588.433 | G96: ='Bal. Energético D (Pós CP 09)'!G53 -> 36991.426 | H96: ='Bal. Energético D (Pós CP 09)'!H53 -> 31138.042 | I96: ='Bal. Energético D (Pós CP 09)'!I53 -> 7627.8367 | J96: ='Bal. Energético D (Pós CP 09)'!J53 -> 17085.507
B97: Energia Medida Total + Fluxo Passante | C97: Total Measured Energy + Pass-through | D97: =SUM('Bal. Energético D (Pós CP 09)'!D51:D53) -> 2173242.8 | E97: 2723582.1 | F97: 2180370.4 | G97: =SUM('Bal. Energético D (Pós CP 09)'!G51:G53) -> 2203941.8 | H97: =SUM('Bal. Energético D (Pós CP 09)'!H51:H53) -> 2171465 | I97: =SUM('Bal. Energético D (Pós CP 09)'!I51:I53) -> 2723321.6 | J97: =SUM('Bal. Energético D (Pós CP 09)'!J51:J53) -> 2294038.3
B99: CEA | C99: CEA
B100: Residencial | C100: Residential | D100: 218401 | E100: 179967.08 | F100: 181128.24 | G100: 196254.13 | H100: 207744 | I100: 185957.67 | J100: 192528.62
B101: Industrial | C101: Industrial | D101: 10705.087 | E101: 7989.848 | F101: 6651.138 | G101: 7450.634 | H101: 8270 | I101: 6573.854 | J101: 5581.697
B102: Comercial | C102: Commercial | D102: 59229.129 | E102: 48356.955 | F102: 49418.667 | G102: 52751.19 | H102: 46618 | I102: 46534.76 | J102: 47832.595
B103: Outros | C103: Others | D103: 44212.364 | E103: 38396.041 | F103: 43448.487 | G103: 42524.102 | H103: 50131 | I103: 40962.623 | J103: 42192.485
B104: Total (cativo) | C104: Total (captive) | D104: =SUM(D100:D103) -> 332547.58 | E104: 274709.93 | F104: 280646.53 | G104: =SUM(G100:G103) -> 298980.05 | H104: =SUM(H100:H103) -> 312763 | I104: =SUM(I100:I103) -> 280028.91 | J104: =SUM(J100:J103) -> 288135.4
B105: Industrial | C105: Industrial | D105: 3051.047 | E105: 4136.1262 | F105: 5865.0863 | G105: 5302.8724 | H105: 5592 | I105: 4798.5967 | J105: 5580.5687
B106: Comercial | C106: Commercial | D106: 19829.649 | E106: 19234.338 | F106: 20448.637 | G106: 21802.876 | H106: 23207 | I106: 20490.245 | J106: 21511.827
B107: Outros | C107: Others | D107: 4152.499 | E107: 4004.4962 | F107: 3386.0597 | G107: 3775.6956 | H107: 4568 | I107: 4659.4636 | J107: 4445.4738
B108: Consumidores livres | C108: Free Market Customers | D108: =SUM(D105:D107) -> 27033.195 | E108: 27374.961 | F108: 29699.783 | G108: =SUM(G105:G107) -> 30881.444 | H108: =SUM(H105:H107) -> 33367 | I108: =SUM(I105:I107) -> 29948.305 | J108: =SUM(J105:J107) -> 31537.87
B109: Energia de Conexão - outras Distribuidoras (Faturada) | C109: Connection w/Other DisCos (Billed) | D109: 0 | E109: 0 | F109: 0 | G109: 0 | H109: 0 | I109: 0 | J109: 0
B110: Energia Faturada | C110: Billed energy | D110: =SUM(D104,D108,D109) -> 359580.78 | E110: 302084.89 | F110: 310346.31 | G110: =SUM(G104,G108,G109) -> 329861.5 | H110: =SUM(H104,H108,H109) -> 346130 | I110: =SUM(I104,I108,I109) -> 309977.21 | J110: =SUM(J104,J108,J109) -> 319673.27
B111: Compensado GD II e GD III | C111: Energy Compensation of Distributed Generation type II and III | D111: 16781.997 | E111: 13542.129 | F111: 16784.605 | G111: 23430.032 | H111: 28580 | I111: 25150.665 | J111: 27327.872
B112: Mercado Fio B | C112: Wire B Market | D112: =D110+D111 -> 376362.77 | E112: 315627.02 | F112: 327130.92 | G112: =G110+G111 -> 353291.53 | H112: =H110+H111 -> 374710 | I112: =I110+I111 -> 335127.88 | J112: =J110+J111 -> 347001.14
...

Sheet Bal. Energético D (Pré CP 09)
B6: Bal. energético (MWh) - Maranhão | C6: Energy Balan. (MWh) - Maranhão | D6: 1T13 | E6: 2T13 | F6: 3T13 | G6: 4T13 | H6: 1T14 | I6: 2T14 | J6: 3T14 | K6: 4T14 | L6: 1T15 | M6: 2T15 | N6: 3T15 | O6: 4T15 | P6: 1T16 | Q6: 2T16 | R6: 3T16 | S6: 4T16 | T6: 1T17 | U6: 2T17 | V6: 3T17 | W6: 4T17 | X6: 1T18 | Y6: 2T18 | Z6: 3T18 | AA6: 4T18 | AB6: 1T19 | AC6: 2T19 | AD6: 3T19 | AE6: 4T19 | AF6: 1T20 | AG6: 2T20 | AH6: 3T20 | AI6: 4T20 | AJ6: 1T21 | AK6: 2T21 | AL6: 3T21 | AM6: 4T21 | AN6: 1T22 | AO6: 2T22 | AP6: 3T22 | AQ6: 4T22 | AR6: 1T23 | AS6: 2T23 | AT6: 3T23 | AU6: 4T23 | AV6: 1T24 | AW6: 2T24 | AX6: 3T24 | AY6: 4T24 | AZ6: 1T25 | BA6: 2T25 | BB6: 3T25
B7: Sistema interligado | C7: Interconnected System | D7: 1526615.5 | E7: 1581813.2 | F7: 1699002.9 | G7: 1745389.1 | H7: 1583219.4 | I7: 1660906.8 | J7: 1813517.6 | K7: 1864066 | L7: 1683773.3 | M7: 1743627.2 | N7: 1860011.4 | O7: 1948277.6 | P7: 1767976.6 | Q7: 1846433.9 | R7: 1934752.9 | S7: 1981507.3 | T7: 1709191 | U7: 1831783 | V7: 1955279 | W7: 1993483 | X7: 1742942.1 | Y7: 1821911.3 | Z7: 1967896.6 | AA7: 1985304.6 | AB7: 1779750.9 | AC7: 1889468.6 | AD7: 2031818.6 | AE7: 2125307.9 | AF7: 1865334.1 | AG7: 1901764.6 | AH7: 2117282.8 | AI7: 2201710.2 | AJ7: 1959722.2 | AK7: 2082997.4 | AL7: 2196610.6 | AM7: 2209970.3 | AN7: 1966425.9 | AO7: 2088053.6 | AP7: 2255893.7 | AQ7: 2302604.3 | AR7: 2053738.1 | AS7: 2254358.1 | AT7: 2457907.9 | AU7: 2581449.2 | AV7: 2316483.5 | AW7: 2430246.7 | AX7: 2523273.7 | AY7: 2660825.4 | AZ7: 2259420.7 | BA7: 2491272.6 | BB7: 2623126.7
B8: Energia injetada pela Geração Distribuída | C8: Injected Energy by Distributed Generation | AB8: 2166.499 | AC8: 3195.058 | AD8: 5747.02 | AE8: 8838.783 | AF8: 11325.988 | AG8: 16158.523 | AH8: 24886.671 | AI8: 27084.329 | AJ8: 28209.816 | AK8: 35876.932 | AL8: 48507.408 | AM8: 52918.842 | AN8: 51767.379 | AO8: 68319.449 | AP8: 89884.172 | AQ8: 98024.286 | AR8: 98911.247 | AS8: 118912.11 | AT8: 139020.81 | AU8: 145271.32 | AV8: 139868 | AW8: 166175 | AX8: 214137.67 | AY8: 217646.33 | AZ8: 204711.74 | BA8: 231939.6 | BB8: 274756.91
B9: Energia injetada | C9: Injected Energy | D9: =SUM(D7:D7) -> 1526615.5 | E9: =SUM(E7:E7) -> 1581813.2 | F9: =SUM(F7:F7) -> 1699002.9 | G9: =SUM(G7:G7) -> 1745389.1 | H9: =SUM(H7:H7) -> 1583219.4 | I9: =SUM(I7:I7) -> 1660906.8 | J9: =SUM(J7:J7) -> 1813517.6 | K9: =SUM(K7:K7) -> 1864066 | ... Y9: =SUM(Y7:Y7) -> 1821911.3 | Z9: =SUM(Z7:Z8) -> 1967896.6 | AA9: =SUM(AA7:AA8) -> 1985304.6 | AB9: =SUM(AB7:AB8) -> 1781917.4 | AC9: =SUM(AC7:AC8) -> 1892663.7 | AD9: =SUM(AD7:AD8) -> 2037565.6 | AE9: =SUM(AE7:AE8) -> 2134146.7 | AF9: =SUM(AF7:AF8) -> 1876660.1 | AG9: =SUM(AG7:AG8) -> 1917923.1 | ... BB9: =SUM(BB7:BB8) -> 2897883.6
B10: Energia distribuída* | C10: Distributed Energy* | D10: 1237996.2 | E10: 1251922.8 | F10: 1363727.4 | G10: 1442845.4 | H10: 1335719.7 | I10: 1354850.2 | J10: 1490813.5 | K10: 1531393.7 | L10: 1413950.8 | M10: 1425746.9 | N10: 1520358.2 | O10: 1600149.9 | P10: 1461894.6 | Q10: 1529112.3 | R10: 1563196.4 | S10: 1615903.6 | T10: 1400107.9 | U10: 1483749.5 | V10: 1602158.2 | W10: 1708083.6 | X10: 1455239.5 | Y10: 1523032.2 | Z10: 1599619.2 | AA10: 1642391 | AB10: 1479418 | AC10: 1547976 | AD10: 1646034 | AE10: 1753016 | AF10: 1552148 | AG10: 1559643 | AH10: 1722150 | AI10: 1812937.8 | AJ10: 1636005.8 | AK10: 1672615 | AL10: 1817358.1 | AM10: 1882980.6 | AN10: 1674400.3 | AO10: 1759187.8 | AP10: 1919981.3 | AQ10: 1990334 | AR10: 1793543.3 | AS10: 1938821 | AT10: 2100994.9 | AU10: 2240726.8 | AV10: 2017102.9 | AW10: 2153700.8 | AX10: 2228495.9 | AY10: 2353688.7 | AZ10: 2040719.3 | BA10: 2189629.3 | BB10: 2342820.4
B11: Energia de conexão com outras distribuidoras | C11: Energy Connection w/Other DisCos | D11: 114.058 | E11: 116.549 | F11: 133.244 | G11: 131.402 | H11: 111.21971 | I11: 120.422 | J11: 139.319 | K11: 136.401 | L11: 121.655 | M11: 132.412 | N11: 144.2 | O11: 158.225 | P11: 356.48956 | Q11: 386.45156 | R11: 1838.3977 | S11: 2691.0477 | T11: 2454.0746 | U11: 2722.006 | V11: 2343.0481 | W11: 1607.7754 | X11: 1715.724 | Y11: 1853.4547 | Z11: 1264.3881 | AA11: 1411.5641 | AB11: 1329.1044 | AC11: 3154.0879 | AD11: 2436.8126 | AE11: 1733.6873 | AF11: 2475.8067 | AG11: 1429.8232 | AH11: 1504.3503 | AI11: 1188.268 | AJ11: 1826.0141 | AK11: 1393.1388 | AL11: 1809.4725 | AM11: 1942.6498 | AN11: 2223.7396 | AO11: 1483.9378 | AP11: 2092.588 | AQ11: 1191.0473 | AR11: 2402.653 | AS11: 1999.8316 | AT11: 5183.9675 | AU11: 2297.2634 | AV11: 2081.0544 | AW11: 1677.6105 | AX11: 2902.0734 | AY11: 3039.49 | AZ11: 4108.5522 | BA11: 4287.2327 | BB11: 6003.8469
B12: Perdas totais | C12: Total Losses | D12: =D9-D10-D11 -> 288505.19 | E12: =E9-E10-E11 -> 329773.83 | F12: =F9-F10-F11 -> 335142.31 | G12: =G9-G10-G11 -> 302412.31 | H12: =H9-H10-H11 -> 247388.48 | I12: =I9-I10-I11 -> 305936.22 | J12: =J9-J10-J11 -> 322564.83 | K12: =K9-K10-K11 -> 332535.88 | ... BB12: =BB9-BB10-BB11 -> 549059.39
B13: Perdas sem Geração Distribuída | C13: Losses without Distributed Generation | AB13: =AB7-AB10-AB11+'Mercado Distribuição (Pré CP09)'!AB23 -> 300859.78 | AC13: =AC7-AC10-AC11+'Mercado Distribuição (Pré CP09)'!AC23 -> 341046.58 | AD13: =AD7-AD10-AD11+'Mercado Distribuição (Pré CP09)'!AD23 -> 387666.96 | AE13: =AE7-AE10-AE11+'Mercado Distribuição (Pré CP09)'!AE23 -> 378125.23 | AF13: =AF7-AF10-AF11+'Mercado Distribuição (Pré CP09)'!AF23 -> 319632.84 | AG13: =AG7-AG10-AG11+'Mercado Distribuição (Pré CP09)'!AG23 -> 352588.01 | AH13: =AH7-AH10-AH11+'Mercado Distribuição (Pré CP09)'!AH23 -> 412595.25 | AI13: =AI7-AI10-AI11+'Mercado Distribuição (Pré CP09)'!AI23 -> 411601.69 | ... BB13: =BB7-BB10-BB11+'Mercado Distribuição (Pré CP09)'!BB23 -> 481257.71
B14: (*) Inclui mercados cativo e livre e consumo próprio | C14: (*) Includes captive and free markets and own consumption
B16: Bal. energético (MWh) - Pará | C16: Energy Balan. (MWh) - Pará | D16: 1T13 | E16: 2T13 | F16: 3T13 | G16: 4T13 | H16: 1T14 | I16: 2T14 | J16: 3T14 | K16: 4T14 | L16: 1T15 | M16: 2T15 | N16: 3T15 | O16: 4T15 | P16: 1T16 | Q16: 2T16 | R16: 3T16 | S16: 4T16 | T16: 1T17 | U16: 2T17 | V16: 3T17 | W16: 4T17 | X16: 1T18 | Y16: 2T18 | Z16: 3T18 | AA16: 4T18 | AB16: =AB6 -> 1T19 | AC16: 2T19 | AD16: 3T19 | AE16: 4T19 | AF16: =AF6 -> 1T20 | AG16: =AG6 -> 2T20 | AH16: =AH6 -> 3T20 | AI16: =AI6 -> 4T20 | AJ16: =AJ6 -> 1T21 | AK16: =AK6 -> 2T21 | AL16: =AL6 -> 3T21 | AM16: =AM6 -> 4T21 | ... AR16: =AR6 -> 1T23 | AS16: =$AS$6 -> 2T23 | AT16: =$AT$6 -> 3T23 | AU16: =$AU$6 -> 4T23 | AV16: =$AV$6 -> 1T24 | AW16: =$AW$6 -> 2T24 | AX16: =$AX$6 -> 3T24 | AY16: =$AY$6 -> 4T24 | AZ16: =$AZ$6 -> 1T25 | BA16: =$BA$6 -> 2T25 | BB16: =+BB6 -> 3T25
B17: Sistema interligado | C17: Interconnected System | D17: 2509501.7 | E17: 2661205 | F17: 2801315.8 | G17: 2869545.4 | H17: 2639581 | I17: 2780922.7 | J17: 2923297.7 | K17: 3011242.8 | L17: 2690125.6 | M17: 2807034.5 | N17: 2963488.7 | O17: 3041036.8 | P17: 2800562 | Q17: 2929411.8 | R17: 3008775.8 | S17: 3015288.1 | T17: 2672958 | U17: 2897436 | V17: 3076740.6 | W17: 3065911.1 | X17: 2746540.3 | Y17: 2844799.9 | Z17: 3024188.1 | AA17: 3062119 | AB17: 2788108.5 | AC17: 2945799.5 | AD17: 3132366.4 | AE17: 3155890.6 | AF17: 2873863.1 | AG17: 2908296.3 | AH17: 3322148.1 | AI17: 3288021.9 | AJ17: 2974698.1 | AK17: 3161171.5 | AL17: 3351573.4 | AM17: 3365162.9 | AN17: 3053230 | AO17: 3202961.2 | AP17: 3500751 | AQ17: 3452999.8 | AR17: 3105549.1 | AS17: 3381109.3 | AT17: 3699764.3 | AU17: 3804598.5 | AV17: 3471026.4 | AW17: 3592063.6 | AX17: 3856907.3 | AY17: 3919024.4 | AZ17: 3366438.3 | BA17: 3673228.5 | BB17: 3876355.7
B18: Sistema isolado | C18: Isolated Systems | D18: 102632.64 | E18: 110318.75 | F18: 115621.07 | G18: 120510.24 | H18: 106758.75 | I18: 113355.39 | J18: 121301.5 | K18: 127321.95 | L18: 113601.19 | M18: 102635.62 | N18: 109496.68 | O18: 115611.53 | P18: 105948.22 | Q18: 107084.16 | R18: 110838.81 | S18: 111177.12 | T18: 92186.682 | U18: 90874.765 | V18: 97391.081 | W18: 98703.486 | X18: 87756.597 | Y18: 91577.904 | Z18: 100470.26 | AA18: 98359.342 | AB18: 70159.918 | AC18: 72084.386 | AD18: 78538.43 | AE18: 78508.034 | AF18: 74143.59 | AG18: 73493.287 | AH18: 88081.193 | AI18: 82544.296 | AJ18: 63467.154 | AK18: 69073.112 | AL18: 74564.931 | AM18: 76330.625 | AN18: 66148.449 | AO18: 66732.063 | AP18: 75864.288 | AQ18: 75341.774 | AR18: 74412.811 | AS18: 62900.078 | AT18: 64102.332 | AU18: 68358.844 | AV18: 61884.866 | AW18: 70085.203 | AX18: 70015.055 | AY18: 74097.121 | AZ18: 69439.611 | BA18: 75749.275 | BB18: 77757.234
B19: Energia injetada pela Geração Distribuída | C19: Injected Energy by Distributed Generation | AF19: 9860.234 | AG19: 15034.46 | AH19: 21873.009 | AI19: 24756.545 | AJ19: 28248.456 | AK19: 39835.749 | AL19: 50978.901 | AM19: 56137.644 | AN19: 59292.176 | AO19: 74153.451 | AP19: 101168.64 | AQ19: 109760.13 | AR19: 123904.22 | AS19: 151304.04 | AT19: 187391.55 | AU19: 205238.76 | AV19: 197429.41 | AW19: 232302.24 | AX19: 311016.22 | AY19: 318466.34 | AZ19: 298932.32 | BA19: 353929.46 | BB19: 413159.92
B20: Energia injetada | C20: Injected Energy | D20: =SUM(D17:D18) -> 2612134.3 | E20: =SUM(E17:E18) -> 2771523.8 | F20: =SUM(F17:F18) -> 2916936.8 | G20: =SUM(G17:G18) -> 2990055.7 | H20: =SUM(H17:H18) -> 2746339.7 | I20: =SUM(I17:I18) -> 2894278.1 | J20: =SUM(J17:J18) -> 3044599.2 | K20: =SUM(K17:K18) -> 3138564.8 | ... Y20: =SUM(Y17:Y18) -> 2936377.8 | Z20: =+SUM(Z17:Z19) -> 3124658.4 | AA20: =+SUM(AA17:AA19) -> 3160478.3 | AB20: =+SUM(AB17:AB19) -> 2858268.4 | AC20: =+SUM(AC17:AC19) -> 3017883.9 | AD20: =+SUM(AD17:AD19) -> 3210904.9 | AE20: =+SUM(AE17:AE19) -> 3234398.6 | AF20: =+SUM(AF17:AF19) -> 2957866.9 | AG20: =+SUM(AG17:AG19) -> 2996824.1 | ... BB20: =+SUM(BB17:BB19) -> 4367272.9
B21: Energia distribuída* | C21: Distributed Energy* | D21: 1656069 | E21: 1765454 | F21: 1863187.1 | G21: 1998072.8 | H21: 1887720.5 | I21: 1987624.5 | J21: 2095996.7 | K21: 2159906.1 | L21: 1975730.6 | M21: 1882863.5 | N21: 2174548.5 | O21: 2422326.4 | P21: 2002101.6 | Q21: 2088856.4 | R21: 2316200.3 | S21: 2332312.9 | T21: 1959174.4 | U21: 2170178.3 | V21: 2281048.9 | W21: 2356630.7 | X21: 2039607.7 | Y21: 2140437.6 | Z21: 2211013.2 | AA21: 2249552 | AB21: 1954385.2 | AC21: 2088654.7 | AD21: 2247822.2 | AE21: 2326094.3 | AF21: 2089310.4 | AG21: 2036276.3 | AH21: 2399142.7 | AI21: 2325463.2 | AJ21: 2167145 | AK21: 2305199.1 | AL21: 2472009.2 | AM21: 2506734.6 | AN21: 2307446.9 | AO21: 2440691.2 | AP21: 2646778.1 | AQ21: 2637647.8 | AR21: 2427842.3 | AS21: 2584484.9 | AT21: 2834237.1 | AU21: 3012333 | AV21: 2727518.4 | AW21: 2769861.4 | AX21: 2991126 | AY21: 3096765.6 | AZ21: 2681333.6 | BA21: 2901475.5 | BB21: 3061574.9
B22: Energia de conexão com outras distribuidoras | C22: Energy Connection w/Other DisCos | AT22: 10559.423 | AU22: 4061.392 | AV22: 3551.7393 | AW22: 3995.1039 | AX22: 4736.7541 | AY22: 12552.449 | AZ22: 7791.5838 | BA22: 8356.6946 | BB22: 8288.5352
B23: Perdas totais | C23: Total Losses | D23: =D20-D21-D22 -> 956065.38 | E23: =E20-E21-E22 -> 1006069.8 | F23: =F20-F21-F22 -> 1053749.8 | G23: =G20-G21-G22 -> 991982.91 | H23: =H20-H21-H22 -> 858619.22 | I23: =I20-I21-I22 -> 906653.54 | J23: =J20-J21-J22 -> 948602.49 | K23: =K20-K21-K22 -> 978658.72 | ... BB23: =BB20-BB21-BB22 -> 1297409.4
B24: Perdas sem Geração Distribuída | C24: Losses without Distributed Generation | AG24: =AG17+AG18-AG21-AG22+'Mercado Distribuição (Pré CP09)'!AG42 -> 957170.89 | AH24: =AH17+AH18-AH21-AH22+'Mercado Distribuição (Pré CP09)'!AH42 -> 1028127.5 | AI24: =AI17+AI18-AI21-AI22+'Mercado Distribuição (Pré CP09)'!AI42 -> 1066625.3 | AJ24: =AJ17+AJ18-AJ21-AJ22+'Mercado Distribuição (Pré CP09)'!AJ42 -> 893094.76 | AK24: =AK17+AK18-AK21-AK22+'Mercado Distribuição (Pré CP09)'!AK42 -> 957273.64 | AL24: =AL17+AL18-AL21-AL22+'Mercado Distribuição (Pré CP09)'!AL42 -> 994544.06 | AM24: =AM17+AM18-AM21-AM22+'Mercado Distribuição (Pré CP09)'!AM42 -> 981844.75 | AN24: =AN17+AN18-AN21-AN22+'Mercado Distribuição (Pré CP09)'!AN42 -> 858701.25 | ... BB24: =BB17+BB18-BB21-BB22+'Mercado Distribuição (Pré CP09)'!BB42 -> 1202061.8
B25: (*) Inclui mercados cativo e livre, consumo próprio. | C25: (*) Includes captive and free markets and own consumption
B27: Bal. energético (MWh) - Piauí | C27: Energy Balan. (MWh) - Piauí | D27: 1T13 | E27: 2T13 | F27: 3T13 | G27: 4T13 | H27: 1T14 | I27: 2T14 | J27: 3T14 | K27: 4T14 | L27: 1T15 | M27: 2T15 | N27: 3T15 | O27: 4T15 | P27: 1T16 | Q27: 2T16 | R27: 3T16 | S27: 4T16 | T27: 1T17 | U27: 2T17 | V27: 3T17 | W27: 4T17 | X27: 1T18 | Y27: 2T18 | Z27: 3T18 | AA27: 4T18 | AB27: =AB16 -> 1T19 | AC27: 2T19 | AD27: 3T19 | AE27: 4T19 | AF27: =AF16 -> 1T20 | AG27: =AG6 -> 2T20 | AH27: =AH6 -> 3T20 | AI27: =AI6 -> 4T20 | AJ27: =AJ6 -> 1T21 | AK27: =AK6 -> 2T21 | AL27: =AL6 -> 3T21 | AM27: =AM16 -> 4T21 | AN27: =AN16 -> 1T22 | AO27: =AO16 -> 2T22 | AP27: =AP16 -> 3T22 | AQ27: =AQ16 -> 4T22 | AR27: =AR16 -> 1T23 | AS27: =$AS$6 -> 2T23 | AT27: =$AT$6 -> 3T23 | AU27: =$AU$6 -> 4T23 | AV27: =$AV$6 -> 1T24 | AW27: =$AW$6 -> 2T24 | AX27: =$AX$6 -> 3T24 | AY27: =$AY$6 -> 4T24 | AZ27: =$AZ$6 -> 1T25 | BA27: =$BA$6 -> 2T25 | BB27: =+BB16 -> 3T25
B28: Sistema interligado | C28: Interconnected System | D28: 982756.99 | E28: 1008400.7 | F28: 1116006.5 | G28: 1163797.4 | H28: 1012137.1 | I28: 1078103.2 | J28: 1195195.6 | K28: 1269982.4 | L28: 1090785.4 | M28: 1124015.9 | N28: 1244463.5 | O28: 1373201.2 | P28: 1143053.5 | Q28: 1233470.5 | R28: 1305496 | S28: 1389233 | T28: 1124865 | U28: 1201841.8 | V28: 1301018.1 | W28: 1386665.2 | X28: 1106627.6 | Y28: 1172507 | Z28: 1302472.1 | AA28: 1326162.8 | AB28: 1123918.7 | AC28: 1179998.9 | AD28: 1292329.9 | AE28: 1392841.5 | AF28: 1107184.1 | AG28: 1109068 | AH28: 1251751 | AI28: 1348860.2 | AJ28: 1138003.3 | AK28: 1206119.6 | AL28: 1312436.1 | AM28: 1301914.1 | AN28: 1083374.2 | AO28: 1137134.5 | AP28: 1249301.9 | AQ28: 1284093.3 | AR28: 1090164 | AS28: 1176386.8 | AT28: 1322804.9 | AU28: 1430858.9 | AV28: 1210942 | AW28: 1240835.4 | AX28: 1270004.8 | AY28: 1417296.5 | AZ28: 1156540.5 | BA28: 1278220.2 | BB28: 1331568.8
B29: Energia injetada pela Geração Distribuída | C29: Injected Energy by Distributed Generation | AB29: 2392.02 | AC29: 2644.083 | AD29: 5533.27 | AE29: 7919.707 | AF29: 10276.015 | AG29: 16733.957 | AH29: 23393.056 | AI29: 25778.708 | AJ29: 26647.286 | AK29: 36559.401 | AL29: 46644.9 | AM29: 51153.839 | AN29: 55767.29 | AO29: 68188.563 | AP29: 91028.556 | AQ29: 94766.583 | AR29: 95718.903 | AS29: 116814.97 | AT29: 143432.98 | AU29: 150856.85 | AV29: 145993.73 | AW29: 176543.2 | AX29: 221317.04 | AY29: 236982.77 | AZ29: 216959.61 | BA29: 241600.29 | BB29: 299982.7
B30: Energia injetada | C30: Injected Energy | D30: =SUM(D28:D28) -> 982756.99 | E30: =SUM(E28:E28) -> 1008400.7 | F30: =SUM(F28:F28) -> 1116006.5 | G30: =SUM(G28:G28) -> 1163797.4 | H30: =SUM(H28:H28) -> 1012137.1 | I30: =SUM(I28:I28) -> 1078103.2 | J30: =SUM(J28:J28) -> 1195195.6 | K30: =SUM(K28:K28) -> 1269982.4 | ... Y30: =SUM(Y28:Y28) -> 1172507 | Z30: =+SUM(Z28:Z29) -> 1302472.1 | AA30: =+SUM(AA28:AA29) -> 1326162.8 | AB30: =+SUM(AB28:AB29) -> 1126310.7 | AC30: =+SUM(AC28:AC29) -> 1182643 | AD30: =+SUM(AD28:AD29) -> 1297863.2 | AE30: =+SUM(AE28:AE29) -> 1400761.3 | AF30: =+SUM(AF28:AF29) -> 1117460.1 | AG30: =+SUM(AG28:AG29) -> 1125802 | ... AW30: =+SUM(AW28:AW29) -> 1417378.6 | AX30: =SUM(AX28:AX29) -> 1491321.8 | AY30: =SUM(AY28:AY29) -> 1654279.3 | AZ30: =SUM(AZ28:AZ29) -> 1373500.1 | BA30: =SUM(BA28:BA29) -> 1519820.5 | BB30: =SUM(BB28:BB29) -> 1631551.5
B31: Energia distribuída* | C31: Distributed Energy* | D31: 688043.28 | E31: 716807.18 | F31: 775250.76 | G31: 811717.68 | H31: 751174.47 | I31: 756630.83 | J31: 841180.69 | K31: 871819.66 | L31: 792327.49 | M31: 796065.25 | N31: 852063.53 | O31: 919045.72 | P31: 806999.32 | Q31: 856290.14 | R31: 902430.73 | S31: 950744.72 | T31: 830279.72 | U31: 867353.8 | V31: 922231.26 | W31: 989806.3 | X31: 820254.5 | Y31: 838606.68 | Z31: 913685.89 | AA31: 829384.96 | AB31: 828839 | AC31: 864304 | AD31: 922615 | AE31: 1042042 | AF31: 872332 | AG31: 834697 | AH31: 921252 | AI31: 1065136 | AJ31: 917024.47 | AK31: 958824.1 | AL31: 1034797.9 | AM31: 1044974.5 | AN31: 911521.2 | AO31: 954317.06 | AP31: 1043590.2 | AQ31: 1080649.8 | AR31: 949153.52 | AS31: 1024562.6 | AT31: 1150620.9 | AU31: 1233976.7 | AV31: 1087226.3 | AW31: 1140619 | AX31: 1178728.9 | AY31: 1299713.4 | AZ31: 1121054.1 | BA31: 1203544.9 | BB31: 1287699.9
B32: Energia de conexão com outras distribuidoras | C32: Energy Connection w/Other DisCos | D32: 24720.379 | E32: 25974.084 | F32: 27535.693 | G32: 29171.06 | H32: 26864.348 | I32: 28895.48 | J32: 33391.927 | K32: 33285.366 | L32: 30467.276 | M32: 31011.725 | N32: 33290.019 | O32: 35386.542 | P32: 32248.861 | Q32: 34403.666 | R32: 36263.119 | S32: 36213.924 | T32: 31998.781 | U32: 32825.451 | V32: 35462.731 | W32: 34864.705 | X32: 29862.915 | Y32: 31004.696 | Z32: 33312.178 | AA32: 34095.757 | AB32: 30452.263 | AC32: 32018.806 | AD32: 35481 | AE32: 34983.776 | AF32: 32416.33 | AG32: 34414.71 | AH32: 39505.687 | AI32: 38860.991 | AJ32: 36424.182 | AK32: 37824.08 | AL32: 41043.202 | AM32: 40353.236 | AN32: 37382.29 | AO32: 36591.605 | AP32: 39880.812 | AQ32: 40917.446 | AR32: 35927.262 | AS32: 38386.433 | AT32: 43027.038 | AU32: 45632.668 | AV32: 42865.671 | AW32: 44213.055 | AX32: 45879.12 | AY32: 48734.903 | AZ32: 43652.96 | BA32: 47920.312 | BB32: 49816.523
B33: Perdas totais | C33: Total Losses | D33: =D30-D31-D32 -> 269993.32 | E33: =E30-E31-E32 -> 265619.43 | F33: =F30-F31-F32 -> 313220 | G33: =G30-G31-G32 -> 322908.69 | H33: =H30-H31-H32 -> 234098.29 | I33: =I30-I31-I32 -> 292576.88 | J33: =J30-J31-J32 -> 320623.01 | K33: =K30-K31-K32 -> 364877.37 | ... BB33: =BB30-BB31-BB32 -> 294035.11
B34: Perdas sem Geração Distribuída | C34: Losses without Distributed Generation | AB34: =AB28-AB31-AB32+'Mercado Distribuição (Pré CP09)'!AB60 -> 269907.59 | AC34: =AC28-AC31-AC32+'Mercado Distribuição (Pré CP09)'!AC60 -> 290202.42 | AD34: =AD28-AD31-AD32+'Mercado Distribuição (Pré CP09)'!AD60 -> 342318.69 | AE34: =AE28-AE31-AE32+'Mercado Distribuição (Pré CP09)'!AE60 -> 326606.56 | AF34: =AF28-AF31-AF32+'Mercado Distribuição (Pré CP09)'!AF60 -> 212529.44 | AG34: =AG28-AG31-AG32+'Mercado Distribuição (Pré CP09)'!AG60 -> 252207.93 | AH34: =AH28-AH31-AH32+'Mercado Distribuição (Pré CP09)'!AH60 -> 309391.71 | AI34: =AI28-AI31-AI32+'Mercado Distribuição (Pré CP09)'!AI60 -> 269918.83 | ... BB34: =BB28-BB31-BB32+'Mercado Distribuição (Pré CP09)'!BB60 -> 208581.09
B35: (*) Inclui mercados cativo e livre e consumo próprio | C35: (*) Includes captive and free markets and own consumption
B37: Bal. energético (MWh) - Alagoas | C37: Energy Balan. (MWh) - Alagoas | D37: 1T13 | E37: 2T13 | F37: 3T13 | G37: 4T13 | H37: 1T14 | I37: 2T14 | J37: 3T14 | K37: 4T14 | L37: 1T15 | M37: 2T15 | N37: 3T15 | O37: 4T15 | P37: 1T16 | Q37: 2T16 | R37: 3T16 | S37: 4T16 | T37: 1T17 | U37: 2T17 | V37: 3T17 | W37: 4T17 | X37: 1T18 | Y37: 2T18 | Z37: 3T18 | AA37: 4T18 | AB37: =AB27 -> 1T19 | AC37: 2T19 | AD37: 3T19 | AE37: 4T19 | AF37: =AF27 -> 1T20 | AG37: =AG27 -> 2T20 | AH37: =AH27 -> 3T20 | AI37: =AI27 -> 4T20 | AJ37: =AJ27 -> 1T21 | AK37: =AK27 -> 2T21 | AL37: =AL27 -> 3T21 | AM37: =AM27 -> 4T21 | ... AR37: =AR27 -> 1T23 | AS37: =$AS$6 -> 2T23 | AT37: =$AT$6 -> 3T23 | AU37: =$AU$6 -> 4T23 | AV37: =$AV$6 -> 1T24 | AW37: =$AW$6 -> 2T24 | AX37: =$AX$6 -> 3T24 | AY37: =$AY$6 -> 4T24 | AZ37: =$AZ$6 -> 1T25 | BA37: =$BA$6 -> 2T25 | BB37: =+BB27 -> 3T25
B38: Sistema interligado | C38: Interconnected System | T38: 1313269 | U38: 1154152 | V38: 1024398 | W38: 1214749 | X38: 1257033.8 | Y38: 1145603.3 | Z38: 1119954.1 | AA38: 1308972.8 | AB38: 1315070.7 | AC38: 1234017.3 | AD38: 1127407.6 | AE38: 1346161.4 | AF38: 1381402.6 | AG38: 1157952.5 | AH38: 1128447.6 | AI38: 1352734 | AJ38: 1360725.4 | AK38: 1192912.4 | AL38: 1137947 | AM38: 1362104.2 | AN38: 1352186.8 | AO38: 1203454.5 | AP38: 1098933.7 | AQ38: 1289049.3 | AR38: 1346772.1 | AS38: 1251548.4 | AT38: 1170908.8 | AU38: 1344385.2 | AV38: 1463112 | AW38: 1294508.2 | AX38: 1156860.8 | AY38: 1355715.2 | AZ38: 1374755.4 | BA38: 1288249 | BB38: 1130082.4
B39: Energia injetada pela Geração Distribuída | C39: Injected Energy by Distributed Generation | AB39: 1133.243 | AC39: 1382.516 | AD39: 2072.18 | AE39: 3461.733 | AF39: 4110.766 | AG39: 4592.542 | AH39: 6872.25 | AI39: 9284.397 | AJ39: 10969.003 | AK39: 11872.597 | AL39: 18630.519 | AM39: 30004.552 | AN39: 33344.1 | AO39: 29963.686 | AP39: 40259.785 | AQ39: 58190.133 | AR39: 66704.812 | AS39: 65005.747 | AT39: 73220.27 | AU39: 105397.13 | AV39: 111897.35 | AW39: 100106.65 | AX39: 130452.07 | AY39: 179814.66 | AZ39: 180329.45 | BA39: 174394.18 | BB39: 180123.21
B40: Energia injetada | C40: Injected Energy | T40: 1313269 | U40: 1154152 | V40: 1024398 | W40: 1214749 | X40: 1257033.8 | Y40: 1145603.3 | Z40: =+SUM(Z38:Z39) -> 1119954.1 | AA40: =+SUM(AA38:AA39) -> 1308972.8 | AB40: =+SUM(AB38:AB39) -> 1316203.9 | AC40: =+SUM(AC38:AC39) -> 1235399.8 | AD40: =+SUM(AD38:AD39) -> 1129479.8 | AE40: =+SUM(AE38:AE39) -> 1349623.1 | AF40: =+SUM(AF38:AF39) -> 1385513.3 | AG40: =+SUM(AG38:AG39) -> 1162545 | ... AW40: =+SUM(AW38:AW39) -> 1394614.8 | AX40: =SUM(AX38:AX39) -> 1287312.9 | AY40: =SUM(AY38:AY39) -> 1535529.9 | AZ40: =SUM(AZ38:AZ39) -> 1555084.9 | BA40: =SUM(BA38:BA39) -> 1462643.2 | BB40: =SUM(BB38:BB39) -> 1310205.6
B41: Energia distribuída* | C41: Distributed Energy* | T41: 940849 | U41: 927662 | V41: 833017 | W41: 905384 | X41: 940526.86 | Y41: 880385.36 | Z41: 866763.61 | AA41: 970090.96 | AB41: 957757 | AC41: 639739 | AD41: 859589 | AE41: 1037183 | AF41: 1027293 | AG41: 877922 | AH41: 873660 | AI41: 1058517.6 | AJ41: 1041145.7 | AK41: 941421.37 | AL41: 903553.17 | AM41: 1081197.1 | AN41: 1065999.1 | AO41: 977078.55 | AP41: 942785.09 | AQ41: 1078055.2 | AR41: 1131534.2 | AS41: 1090514.9 | AT41: 1011938.1 | AU41: 1169555 | AV41: 1254043.3 | AW41: 1180831.7 | AX41: 1087682 | AY41: 1272890 | AZ41: 1278719.8 | BA41: 1242348.3 | BB41: 1120484.9
B42: Energia de conexão com outras distribuidoras | C42: Energy Connection w/Other DisCos | T42: 5175 | U42: 4882 | V42: 4713 | W42: 5409 | X42: 5474 | Y42: 4831 | Z42: 4230 | AA42: 4422 | AB42: 4008 | AC42: 4123.059 | AD42: 3952.055 | AE42: 4699.951 | AF42: 4618.207 | AG42: 4252.64 | AH42: 4188.42 | AI42: 4821.468 | AJ42: 4591.29 | AK42: 4219.764 | AL42: 4111.502 | AM42: 4791.658 | AN42: 4525.633 | AO42: 4384.375 | AP42: 4320.366 | AQ42: 4856.589 | AR42: 4802.641 | AS42: 4473.295 | AT42: 4161.357 | AU42: 4799.285 | AV42: 4844.503 | AW42: 4365.545 | AX42: 4844.546 | AY42: 3317.875 | AZ42: 3339.944 | BA42: 3507.407 | BB42: 3677.5741
B43: Perdas totais | C43: Total Losses | T43: =T40-T41-T42 -> 367245 | U43: =U40-U41-U42 -> 221608 | V43: =V40-V41-V42 -> 186668 | W43: =W40-W41-W42 -> 303956 | X43: =X40-X41-X42 -> 311032.93 | Y43: =Y40-Y41-Y42 -> 260386.93 | Z43: =Z40-Z41-Z42 -> 248960.51 | AA43: =AA40-AA41-AA42 -> 334459.83 | ... BB43: =BB40-BB41-BB42 -> 186043.16
B44: Perdas sem Geração Distribuída | C44: Losses without Distributed Generation | AB44: =AB38-AB41-AB42+'Mercado Distribuição (Pré CP09)'!AB78 -> 354495.16 | AC44: =AC38-AC41-AC42+'Mercado Distribuição (Pré CP09)'!AC78 -> 591651.01 | AD44: =AD38-AD41-AD42+'Mercado Distribuição (Pré CP09)'!AD78 -> 265688.37 | AE44: =AE38-AE41-AE42+'Mercado Distribuição (Pré CP09)'!AE78 -> 306965.64 | AF44: =AF38-AF41-AF42+'Mercado Distribuição (Pré CP09)'!AF78 -> 353795.37 | AG44: =AG38-AG41-AG42+'Mercado Distribuição (Pré CP09)'!AG78 -> 279661.49 | AH44: =AH38-AH41-AH42+'Mercado Distribuição (Pré CP09)'!AH78 -> 255504.01 | AI44: =AI38-AI41-AI42+'Mercado Distribuição (Pré CP09)'!AI78 -> 328805.63 | ... BB44: =BB38-BB41-BB42+'Mercado Distribuição (Pré CP09)'!BB78 -> 119428.93
B45: (*) Inclui mercados cativo e livre e consumo próprio | C45: (*) Includes captive and free markets and own consumption
B47: Bal. energético (MWh) - CEEE-D | C47: Energy Balan. (MWh) - CEEE-D | D47: 1T13 | E47: 2T13 | F47: 3T13 | G47: 4T13 | H47: 1T14 | I47: 2T14 | J47: 3T14 | K47: 4T14 | L47: 1T15 | M47: 2T15 | N47: 3T15 | O47: 4T15 | P47: 1T16 | Q47: 2T16 | R47: 3T16 | S47: 4T16 | T47: 1T17 | U47: 2T17 | V47: 3T17 | W47: 4T17 | X47: 1T18 | Y47: 2T18 | Z47: 3T18 | AA47: 4T18 | AB47: =AB37 -> 1T19 | AC47: 2T19 | AD47: 3T19 | AE47: 4T19 | AF47: =AF37 -> 1T20 | AG47: =AG37 -> 2T20 | AH47: =AH37 -> 3T20 | AI47: =AI37 -> 4T20 | AJ47: =AJ37 -> 1T21 | AK47: =AK37 -> 2T21 | AL47: =AL37 -> 3T21 | AM47: =AM37 -> 4T21 | ... AR47: =AR37 -> 1T23 | AS47: =$AS$6 -> 2T23 | AT47: =$AT$6 -> 3T23 | AU47: =$AU$6 -> 4T23 | AV47: =$AV$6 -> 1T24 | AW47: =$AW$6 -> 2T24 | AX47: =$AX$6 -> 3T24 | AY47: =$AY$6 -> 4T24 | AZ47: =$AZ$6 -> 1T25 | BA47: =$BA$6 -> 2T25 | BB47: =+BB37 -> 3T25
B48: Sistema interligado | C48: Interconnected System | AH48: 2189848.8 | AI48: 2421298.2 | AJ48: 2702008.8 | AK48: 2263145 | AL48: 2185183.4 | AM48: 2374408.5 | AN48: 2775113.5 | AO48: 2219409.7 | AP48: 2148246.7 | AQ48: 2347448.6 | AR48: 2859278.7 | AS48: 2171364.7 | AT48: 2134828.4 | AU48: 2331645.2 | AV48: 2833859.5 | AW48: 2224156.7 | AX48: 2262419 | AY48: 2384048.1 | AZ48: 3036532.7 | BA48: 2322098.9 | BB48: 2274951.2
B49: Energia injetada pela Geração Distribuída | C49: Injected Energy by Distributed Generation | AJ49: 31881.958 | AK49: 23967.943 | AL49: 24653.398 | AM49: 51859.155 | AN49: 57663.393 | AO49: 47811.458 | AP49: 55259.724 | AQ49: 88782.789 | AR49: 111353.39 | AS49: 82067.634 | AT49: 70854.749 | AU49: 99157.169 | AV49: 120563.12 | AW49: 66379.746 | AX49: 73346.046 | AY49: 133888.61 | AZ49: 160698.12 | BA49: 114142.14 | BB49: 111378.53
B50: Energia injetada | C50: Injected Energy | AH50: =+SUM(AH48:AH49) -> 2189848.8 | AI50: =+SUM(AI48:AI49) -> 2421298.2 | AJ50: =+SUM(AJ48:AJ49) -> 2733890.8 | AK50: =+SUM(AK48:AK49) -> 2287112.9 | AL50: =+SUM(AL48:AL49) -> 2209836.8 | AM50: =+SUM(AM48:AM49) -> 2426267.7 | AN50: =+SUM(AN48:AN49) -> 2832776.9 | AO50: =+SUM(AO48:AO49) -> 2267221.1 | ... AW50: =+SUM(AW48:AW49) -> 2290536.4 | AX50: =SUM(AX48:AX49) -> 2335765.1 | AY50: =SUM(AY48:AY49) -> 2517936.7 | AZ50: =SUM(AZ48:AZ49) -> 3197230.9 | BA50: =SUM(BA48:BA49) -> 2436241 | BB50: =SUM(BB48:BB49) -> 2386329.7
B51: Energia distribuída* | C51: Distributed Energy* | AH51: 1808736.3 | AI51: 1799106 | AJ51: =2261190.34564946-AJ52 -> 2246039.2 | AK51: 1953472.5 | AL51: 1748304.9 | AM51: 1856238 | AN51: 2378499.6 | AO51: 1900914.7 | AP51: 1887046.5 | AQ51: 1967632.6 | AR51: 2513408.4 | AS51: 2055105.3 | AT51: 1947139.7 | AU51: 2018439.8 | AV51: 2539477.2 | AW51: 1995395.2 | AX51: 2104922.6 | AY51: 2150773.1 | AZ51: 2718191.1 | BA51: 2174828.5 | BB51: 2183891.7
B52: Energia de conexão com outras distribuidoras | C52: Energy Connection w/Other DisCos | AH52: 11439.867 | AI52: 12420.375 | AJ52: 15151.187 | AK52: 14632.199 | AL52: 12600.839 | AM52: 12959.749 | AN52: 16404.885 | AO52: 13604.669 | AP52: 13238.516 | AQ52: 14056.918 | AR52: 19552.021 | AS52: 15750.64 | AT52: 13309 | AU52: 12394.385 | AV52: 17445 | AW52: 16091.996 | AX52: 15891.207 | AY52: 18441.472 | AZ52: 23027.35 | BA52: 17104.826 | BB52: 15315.498
B53: Perdas totais | C53: Total Losses | AH53: =AH50-AH51-AH52 -> 369672.61 | AI53: =AI50-AI51-AI52 -> 609771.86 | AJ53: =AJ50-AJ51-AJ52 -> 472700.44 | AK53: =AK50-AK51-AK52 -> 319008.19 | AL53: =AL50-AL51-AL52 -> 448931.14 | AM53: =AM50-AM51-AM52 -> 557069.91 | AN53: =AN50-AN51-AN52 -> 437872.44 | AO53: =AO50-AO51-AO52 -> 352701.77 | ... BB53: =BB50-BB51-BB52 -> 187122.52
B54: Perdas sem Geração Distribuída | C54: Losses without Distributed Generation | AJ54: =AJ48-AJ51-AJ52+'Mercado Distribuição (Pré CP09)'!AJ96 -> 459603.63 | AK54: =AK48-AK51-AK52+'Mercado Distribuição (Pré CP09)'!AK96 -> 314598.85 | AL54: =AL48-AL51-AL52+'Mercado Distribuição (Pré CP09)'!AL96 -> 443170.24 | AM54: =AM48-AM51-AM52+'Mercado Distribuição (Pré CP09)'!AM96 -> 528182.44 | AN54: =AN48-AN51-AN52+'Mercado Distribuição (Pré CP09)'!AN96 -> 421000.9 | AO54: =AO48-AO51-AO52+'Mercado Distribuição (Pré CP09)'!AO96 -> 340461.45 | AP54: =AP48-AP51-AP52+'Mercado Distribuição (Pré CP09)'!AP96 -> 276281.69 | AQ54: =AQ48-AQ51-AQ52+'Mercado Distribuição (Pré CP09)'!AQ96 -> 406580.58 | ... BB54: =BB48-BB51-BB52+'Mercado Distribuição (Pré CP09)'!BB96 -> 185943.85
B55: (*) Inclui mercados cativo e livre e consumo próprio | C55: (*) Includes captive and free markets and own consumption
B57: Bal. energético (MWh) - CEA | C57: Energy Balan. (MWh) - CEA | D57: 1T13 | E57: 2T13 | F57: 3T13 | G57: 4T13 | H57: 1T14 | I57: 2T14 | J57: 3T14 | K57: 4T14 | L57: 1T15 | M57: 2T15 | N57: 3T15 | O57: 4T15 | P57: 1T16 | Q57: 2T16 | R57: 3T16 | S57: 4T16 | T57: 1T17 | U57: 2T17 | V57: 3T17 | W57: 4T17 | X57: 1T18 | Y57: 2T18 | Z57: 3T18 | AA57: 4T18 | AB57: =AB47 -> 1T19 | AC57: 2T19 | AD57: 3T19 | AE57: 4T19 | AF57: =AF47 -> 1T20 | AG57: =AG47 -> 2T20 | AH57: =AH47 -> 3T20 | AI57: =AI47 -> 4T20 | AJ57: =AJ47 -> 1T21 | AK57: =AK47 -> 2T21 | AL57: =AL47 -> 3T21 | AM57: =AM47 -> 4T21 | ... AR57: =AR47 -> 1T23 | AS57: =$AS$6 -> 2T23 | AT57: =$AT$6 -> 3T23 | AU57: =$AU$6 -> 4T23 | AV57: =$AV$6 -> 1T24 | AW57: =$AW$6 -> 2T24 | AX57: =$AX$6 -> 3T24 | AY57: =$AY$6 -> 4T24 | AZ57: =$AZ$6 -> 1T25 | BA57: =$BA$6 -> 2T25 | BB57: =+BB47 -> 3T25
B58: Sistema interligado | C58: Interconnected System | AI58: 510284.96 | AJ58: 473061.04 | AK58: 483023.14 | AL58: 534239.49 | AM58: 544448.75 | AN58: 457319.01 | AO58: 479145.93 | AP58: 532881.17 | AQ58: 540262.86 | AR58: 433050.24 | AS58: 475209.21 | AT58: 522421.7 | AU58: 537681.34 | AV58: 467790.36 | AW58: 482312.95 | AX58: 518987.61 | AY58: 515634.03 | AZ58: 418364 | BA58: 440603.9 | BB58: 473955.35
B59: Sistema isolado | C59: Isolated System | AI59: 12277.401 | AJ59: 11069.567 | AK59: 11571.026 | AL59: 12685.558 | AM59: 12751.702 | AN59: 10965.175 | AO59: 11847.798 | AP59: 13094.481 | AQ59: 13201.551 | AR59: 11175.099 | AS59: 12422.681 | AT59: 13943.847 | AU59: 14390.462 | AV59: 12791.449 | AW59: 13903.203 | AX59: 15504.943 | AY59: 15605.762 | AZ59: 12646.921 | BA59: 13987.055 | BB59: 15678.439
B60: Energia injetada pela Geração Distribuída | C60: Injected Energy by Distributed Generation | AJ60: 1362.318 | AK60: 1546.547 | AL60: 2545.369 | AM60: 3023.006 | AN60: 2760.058 | AO60: 3337.116 | AP60: 4619.274 | AQ60: 5307.581 | AR60: 5408.734 | AS60: 7641.881 | AT60: 10060.394 | AU60: 12448.287 | AV60: 12737.775 | AW60: 16475.109 | AX60: 23815.79 | AY60: 28584.998 | AZ60: 24234.058 | BA60: 30996.723 | BB60: 43307.02
B61: Energia injetada | C61: Injected Energy | AI61: =+SUM(AI58:AI60) -> 522562.37 | AJ61: =+SUM(AJ58:AJ60) -> 485492.93 | AK61: =+SUM(AK58:AK60) -> 496140.71 | AL61: =+SUM(AL58:AL60) -> 549470.41 | AM61: =+SUM(AM58:AM60) -> 560223.46 | AN61: =+SUM(AN58:AN60) -> 471044.24 | AO61: =+SUM(AO58:AO60) -> 494330.85 | AP61: =+SUM(AP58:AP60) -> 550594.92 | ... BB61: =+SUM(BB58:BB60) -> 532940.81
B62: Energia distribuída* | C62: Distributed Energy* | AI62: 256186.28 | AJ62: 273294.29 | AK62: 275240.84 | AL62: 294418.21 | AM62: 285506.5 | AN62: 234186.53 | AO62: 265025.32 | AP62: 286756.58 | AQ62: 335263.87 | AR62: 251814.99 | AS62: 283128.99 | AT62: 328801.96 | AU62: 341051.73 | AV62: 322692.42 | AW62: 335212.43 | AX62: 371704.74 | AY62: 382593.84 | AZ62: 322531.25 | BA62: 336569.26 | BB62: 362627.83
B63: Perdas totais | C63: Total Losses | AI63: =AI61-AI62 -> 266376.08 | AJ63: =AJ61-AJ62 -> 212198.64 | AK63: =AK61-AK62 -> 220899.87 | AL63: =AL61-AL62 -> 255052.21 | AM63: =AM61-AM62 -> 274716.96 | AN63: =AN61-AN62 -> 236857.71 | AO63: =AO61-AO62 -> 229305.52 | AP63: =AP61-AP62 -> 263838.34 | ... BB63: =BB61-BB62 -> 170312.98
B64: Perdas sem Geração Distribuída | C64: Losses without Distributed Generation | AJ64: =AJ58+AJ59-AJ62+'Mercado Distribuição (Pré CP09)'!AJ114 -> 211995.5 | AK64: =AK58+AK59-AK62+'Mercado Distribuição (Pré CP09)'!AK114 -> 220722.51 | AL64: =AL58+AL59-AL62+'Mercado Distribuição (Pré CP09)'!AL114 -> 254592.95 | AM64: =AM58+AM59-AM62+'Mercado Distribuição (Pré CP09)'!AM114 -> 274566.91 | AN64: =AN58+AN59-AN62+'Mercado Distribuição (Pré CP09)'!AN114 -> 236485.86 | AO64: =AO58+AO59-AO62+'Mercado Distribuição (Pré CP09)'!AO114 -> 229099.37 | AP64: =AP58+AP59-AP62+'Mercado Distribuição (Pré CP09)'!AP114 -> 263267.89 | AQ64: =AQ58+AQ59-AQ62+'Mercado Distribuição (Pré CP09)'!AQ114 -> 223035.56 | ... BB64: =BB58+BB59-BB62+'Mercado Distribuição (Pré CP09)'!BB114 -> 159960.57
B65: (*) Inclui mercados cativo e livre e consumo próprio | C65: (*) Includes captive and free markets and own consumption
B67: Bal. energético (MWh) - Goiás | C67: Energy Balan. (MWh) - Goiás | AB67: =AB57 -> 1T19 | AC67: 2T19 | AD67: 3T19 | AE67: 4T19 | AF67: =AF57 -> 1T20 | AG67: =AG57 -> 2T20 | AH67: =AH57 -> 3T20 | AI67: =AI57 -> 4T20 | AJ67: =AJ57 -> 1T21 | AK67: =AK57 -> 2T21 | AL67: =AL57 -> 3T21 | AM67: =AM57 -> 4T21 | ... BB67: =BB57 -> 3T25
B68: Sistema interligado | C68: Interconnected System | AM68: 4189336.1 | AN68: 4063382.9 | AO68: 4277441.3 | AP68: 4385573.7 | AQ68: 4252782.8 | AR68: 4125068.3 | AS68: 4242406 | AT68: 4568159 | AU68: 4898084.3 | AV68: 4476286 | AW68: 4606501.4 | AX68: 4654395.4 | AY68: 4477164.8 | AZ68: 4370475.3 | BA68: 4337577.7 | BB68: 4352262
B69: Energia injetada pela Geração Distribuída | C69: Injected Energy by Distributed Generation | AM69: 121906.38 | AN69: 148198.94 | AO69: 159419 | AP69: 180345 | AQ69: 226081.27 | AR69: 247189.91 | AS69: 292279.42 | AT69: 313884 | AU69: 379290.18 | AV69: 382567.14 | AW69: 401769.35 | AX69: 474131.22 | AY69: =543.24403523*1000 -> 543244.04 | AZ69: 550210.65 | BA69: 718155.67 | BB69: 849378.38
B70: Energia injetada | C70: Injected Energy | AM70: =+SUM(AM68:AM69) -> 4311242.5 | AN70: =+SUM(AN68:AN69) -> 4211581.9 | AO70: =+SUM(AO68:AO69) -> 4436860.3 | AP70: =+SUM(AP68:AP69) -> 4565918.7 | AQ70: =+SUM(AQ68:AQ69) -> 4478864 | AR70: =+SUM(AR68:AR69) -> 4372258.2 | AS70: =+SUM(AS68:AS69) -> 4534685.5 | AT70: =+SUM(AT68:AT69) -> 4882043 | ... AW70: =+SUM(AW68:AW69) -> 5008270.8 | AX70: =SUM(AX68:AX69) -> 5128526.6 | AY70: =SUM(AY68:AY69) -> 5020408.9 | AZ70: =SUM(AZ68:AZ69) -> 4920685.9 | BA70: =SUM(BA68:BA69) -> 5055733.3 | BB70: =SUM(BB68:BB69) -> 5201640.4
B71: Energia distribuída* | C71: Distributed Energy* | AM71: 3969455.5 | AN71: 3646657.2 | AO71: 3880833.5 | AP71: 3957529.7 | AQ71: 4055387 | AR71: 3769668 | AS71: 4030556.8 | AT71: 4155894.6 | AU71: 4743608.9 | AV71: 4328400.7 | AW71: 4470757.6 | AX71: 4493413 | AY71: 4719155.4 | AZ71: 4451037.4 | BA71: 4595773.7 | BB71: 4562950.4
B72: Energia de conexão com outras distribuidoras | C72: Energy Connection w/Other DisCos | AM72: 1864.0645 | AN72: 2140.9534 | AO72: 2536.5262 | AP72: 2649.0253 | AQ72: 2533.706 | AR72: 2544.7391 | AS72: 2790.4929 | AT72: 3064.388 | AU72: 2926.55 | AV72: 5759.33 | AW72: 2898.64 | AX72: 3347.69 | AY72: 3266.5562 | AZ72: 3212.4917 | BA72: 1285.3366 | BB72: 1912.3001
B73: Perdas totais | C73: Total Losses | AM73: =+AM70-AM71-AM72 -> 339922.97 | AN73: =+AN70-AN71-AN72 -> 562783.69 | AO73: =+AO70-AO71-AO72 -> 553490.33 | AP73: =+AP70-AP71-AP72 -> 605740 | AQ73: =+AQ70-AQ71-AQ72 -> 420943.3 | AR73: =+AR70-AR71-AR72 -> 600045.41 | AS73: =+AS70-AS71-AS72 -> 501338.12 | AT73: =+AT70-AT71-AT72 -> 723083.98 | ... BB73: =+BB70-BB71-BB72 -> 636777.65
B74: Perdas sem Geração Distribuída | C74: Losses without Distributed Generation | AM74: =AM68-AM71-AM72+'Mercado Distribuição (Pré CP09)'!AM132 -> 322342.02 | AN74: =AN68-AN71-AN72+'Mercado Distribuição (Pré CP09)'!AN132 -> 535310.86 | AO74: =AO68-AO71-AO72+'Mercado Distribuição (Pré CP09)'!AO132 -> 529723.29 | AP74: =AP68-AP71-AP72+'Mercado Distribuição (Pré CP09)'!AP132 -> 569617.03 | AQ74: =AQ68-AQ71-AQ72+'Mercado Distribuição (Pré CP09)'!AQ132 -> 382934.73 | AR74: =AR68-AR71-AR72+'Mercado Distribuição (Pré CP09)'!AR132 -> 550517.64 | AS74: =AS68-AS71-AS72+'Mercado Distribuição (Pré CP09)'!AS132 -> 440154.02 | AT74: =AT68-AT71-AT72+'Mercado Distribuição (Pré CP09)'!AT132 -> 669662.64 | ... BB74: =BB68-BB71-BB72+'Mercado Distribuição (Pré CP09)'!BB132 -> 311072.85
B75: (*) Inclui mercados cativo e livre e consumo próprio | C75: (*) Includes captive and free markets and own consumption
B77: Bal. energético Consolidado (MWh) - Total | C77: Energy Balan. Consolidated (MWh) - Total | D77: 1T13 | E77: 2T13 | F77: 3T13 | G77: 4T13 | H77: 1T14 | I77: 2T14 | J77: 3T14 | K77: 4T14 | L77: 1T15 | M77: 2T15 | N77: 3T15 | O77: 4T15 | P77: 1T16 | Q77: 2T16 | R77: 3T16 | S77: 4T16 | T77: 1T17 | U77: 2T17 | V77: 3T17 | W77: 4T17 | X77: 1T18 | Y77: 2T18 | Z77: 3T18 | AA77: 4T18 | AB77: =AB57 -> 1T19 | AC77: 2T19 | AD77: 3T19 | AE77: 4T19 | AF77: =AF57 -> 1T20 | AG77: =AG57 -> 2T20 | AH77: =AH57 -> 3T20 | AI77: =AI57 -> 4T20 | AJ77: =AJ57 -> 1T21 | AK77: =AK57 -> 2T21 | AL77: =AL57 -> 3T21 | AM77: =AM57 -> 4T21 | ... AR77: =AR57 -> 1T23 | AS77: =$AS$6 -> 2T23 | AT77: =$AT$6 -> 3T23 | AU77: =$AU$6 -> 4T23 | AV77: =$AV$6 -> 1T24 | AW77: =$AW$6 -> 2T24 | AX77: =$AX$6 -> 3T24 | AY77: =$AY$6 -> 4T24 | AZ77: =$AZ$6 -> 1T25 | BA77: =$BA$6 -> 2T25 | BB77: 3T25
B78: Sistema interligado | C78: Interconnected System | AB78: =AB58+AB48+AB38+AB28+AB17+AB7+AB68 -> 7006848.7 | AC78: =AC58+AC48+AC38+AC28+AC17+AC7+AC68 -> 7249284.4 | AD78: =AD58+AD48+AD38+AD28+AD17+AD7+AD68 -> 7583922.6 | AE78: =AE58+AE48+AE38+AE28+AE17+AE7+AE68 -> 8020201.4 | AF78: =AF58+AF48+AF38+AF28+AF17+AF7+AF68 -> 7227783.8 | AG78: =AG58+AG48+AG38+AG28+AG17+AG7+AG68 -> 7077081.4 | AH78: =AH58+AH48+AH38+AH28+AH17+AH7+AH68 -> 10009478 | AI78: =AI58+AI48+AI38+AI28+AI17+AI7+AI68 -> 11122909 | ... AT78: =AT58+AT48+AT38+AT28+AT17+AT7+AT68 -> 15876795 | AU78: 16928702 | AV78: 16239500 | AW78: =AW58+AW48+AW38+AW28+AW17+AW7+AW68 -> 15870625 | AX78: =AX58+AX48+AX38+AX28+AX17+AX7+AX68 -> 16242849 | AY78: =AY58+AY48+AY38+AY28+AY17+AY7+AY68 -> 16729708 | AZ78: =AZ58+AZ48+AZ38+AZ28+AZ17+AZ7+AZ68 -> 15982527 | BA78: =BA58+BA48+BA38+BA28+BA17+BA7+BA68 -> 15831251 | BB78: =BB58+BB48+BB38+BB28+BB17+BB7+BB68 -> 16062302
B79: Sistema isolado | C79: Isolated System | AB79: =AB59+AB18 -> 70159.918 | AC79: =AC59+AC18 -> 72084.386 | AD79: =AD59+AD18 -> 78538.43 | AE79: =AE59+AE18 -> 78508.034 | AF79: =AF59+AF18 -> 74143.59 | AG79: =AG59+AG18 -> 73493.287 | AH79: =AH59+AH18 -> 88081.193 | AI79: =AI59+AI18 -> 94821.697 | ... AT79: =AT59+AT18 -> 78046.179 | AU79: 82749.306 | AV79: 74676.315 | AW79: =AW59+AW18 -> 83988.407 | AX79: =AX59+AX18 -> 85519.998 | AY79: =AY59+AY18 -> 89702.883 | AZ79: =AZ59+AZ18 -> 82086.532 | BA79: =BA59+BA18 -> 89736.33 | BB79: =BB59+BB18 -> 93435.673
B80: Energia injetada pela Geração Distribuída | C80: Injected Energy by Distributed Generation | AB80: =AB60+AB49+AB39+AB29+AB19+AB8+AB69 -> 5691.762 | AC80: =AC60+AC49+AC39+AC29+AC19+AC8+AC69 -> 7221.657 | AD80: =AD60+AD49+AD39+AD29+AD19+AD8+AD69 -> 13352.47 | AE80: =AE60+AE49+AE39+AE29+AE19+AE8+AE69 -> 20220.223 | AF80: =AF60+AF49+AF39+AF29+AF19+AF8+AF69 -> 35573.003 | AG80: =AG60+AG49+AG39+AG29+AG19+AG8+AG69 -> 52519.482 | AH80: =AH60+AH49+AH39+AH29+AH19+AH8+AH69 -> 77024.986 | AI80: =AI60+AI49+AI39+AI29+AI19+AI8+AI69 -> 86903.979 | ... AT80: =AT60+AT49+AT39+AT29+AT19+AT8+AT69 -> 937864.75 | AU80: 1097659.7 | AV80: 1111056.5 | AW80: =AW60+AW49+AW39+AW29+AW19+AW8+AW69 -> 1159751.3 | AX80: =AX60+AX49+AX39+AX29+AX19+AX8+AX69 -> 1448216.1 | AY80: =AY60+AY49+AY39+AY29+AY19+AY8+AY69 -> 1658627.8 | AZ80: =AZ60+AZ49+AZ39+AZ29+AZ19+AZ8+AZ69 -> 1636076 | BA80: =BA60+BA49+BA39+BA29+BA19+BA8+BA69 -> 1865158.1 | BB80: =BB60+BB49+BB39+BB29+BB19+BB8+BB69 -> 2172086.7
B81: Energia injetada | C81: Injected Energy | D81: =D61+D50+D40+D30+D20+D9 -> 5121506.8 | E81: =E61+E50+E40+E30+E20+E9 -> 5361737.7 | F81: =F61+F50+F40+F30+F20+F9 -> 5731946.2 | G81: =G61+G50+G40+G30+G20+G9 -> 5899242.2 | H81: =H61+H50+H40+H30+H20+H9 -> 5341696.3 | I81: =I61+I50+I40+I30+I20+I9 -> 5633288.1 | J81: =J61+J50+J40+J30+J20+J9 -> 6053312.4 | K81: =K61+K50+K40+K30+K20+K9 -> 6272613.2 | ... AA81: =AA61+AA50+AA40+AA30+AA20+AA9 -> 7780918.5 | AB81: =AB61+AB50+AB40+AB30+AB20+AB9+AB70 -> 7082700.4 | AC81: =AC61+AC50+AC40+AC30+AC20+AC9+AC70 -> 7328590.5 | AD81: =AD61+AD50+AD40+AD30+AD20+AD9+AD70 -> 7675813.5 | AE81: =AE61+AE50+AE40+AE30+AE20+AE9+AE70 -> 8118929.7 | AF81: =AF61+AF50+AF40+AF30+AF20+AF9+AF70 -> 7337500.4 | AG81: =AG61+AG50+AG40+AG30+AG20+AG9+AG70 -> 7203094.2 | AH81: =AH61+AH50+AH40+AH30+AH20+AH9+AH70 -> 10174584 | AI81: =AI61+AI50+AI40+AI30+AI20+AI9+AI70 -> 11304635 | ... BB81: =BB61+BB50+BB40+BB30+BB20+BB9+BB70 -> 18327825
B82: Energia distribuída* | C82: Distributed Energy* | AB82: =AB62+AB51+AB41+AB31+AB21+AB10+AB71 -> 5220399.2 | AC82: =AC62+AC51+AC41+AC31+AC21+AC10+AC71 -> 5140673.7 | AD82: =AD62+AD51+AD41+AD31+AD21+AD10+AD71 -> 5676060.2 | AE82: =AE62+AE51+AE41+AE31+AE21+AE10+AE71 -> 6158335.3 | AF82: =AF62+AF51+AF41+AF31+AF21+AF10+AF71 -> 5541083.4 | AG82: =AG62+AG51+AG41+AG31+AG21+AG10+AG71 -> 5308538.3 | AH82: =AH62+AH51+AH41+AH31+AH21+AH10+AH71 -> 7724941.1 | AI82: =AI62+AI51+AI41+AI31+AI21+AI10+AI71 -> 8317346.9 | ... AT82: =AT62+AT51+AT41+AT31+AT21+AT10+AT71 -> 13529627 | AU82: 14759692 | AV82: 14276605 | AW82: =AW62+AW51+AW41+AW31+AW21+AW10+AW71 -> 14046378 | AX82: =AX62+AX51+AX41+AX31+AX21+AX10+AX71 -> 14456073 | AY82: =AY62+AY51+AY41+AY31+AY21+AY10+AY71 -> 15275580 | AZ82: =AZ62+AZ51+AZ41+AZ31+AZ21+AZ10+AZ71 -> 14613587 | BA82: =BA62+BA51+BA41+BA31+BA21+BA10+BA71 -> 14644169 | BB82: =BB62+BB51+BB41+BB31+BB21+BB10+BB71 -> 14922050
B83: Energia de conexão com outras distribuidoras | C83: Energy Connection w/Other DisCos | AB83: =+AB11+AB22+AB32+AB42+AB52+AB72 -> 35789.367 | AC83: =+AC11+AC22+AC32+AC42+AC52+AC72 -> 39295.953 | AD83: =+AD11+AD22+AD32+AD42+AD52+AD72 -> 41869.868 | AE83: =+AE11+AE22+AE32+AE42+AE52+AE72 -> 41417.414 | AF83: =+AF11+AF22+AF32+AF42+AF52+AF72 -> 39510.344 | AG83: =+AG11+AG22+AG32+AG42+AG52+AG72 -> 40097.173 | AH83: =+AH11+AH22+AH32+AH42+AH52+AH72 -> 56638.324 | AI83: =+AI11+AI22+AI32+AI42+AI52+AI72 -> 57291.102 | ... AU83: =+AU11+AU22+AU32+AU42+AU52+AU72 -> 72111.544 | AV83: 76547.298 | AW83: =+AW11+AW22+AW32+AW42+AW52+AW72 -> 73241.951 | AX83: =+AX11+AX22+AX32+AX42+AX52+AX72 -> 77601.39 | AY83: =+AY11+AY22+AY32+AY42+AY52+AY72 -> 89352.745 | AZ83: =+AZ11+AZ22+AZ32+AZ42+AZ52+AZ72 -> 85132.882 | BA83: =+BA11+BA22+BA32+BA42+BA52+BA72 -> 82461.809 | BB83: =+BB11+BB22+BB32+BB42+BB52+BB72 -> 85014.277
B84: Perdas totais | C84: Total Losses | AB84: =AB81-AB82-AB83 -> 1826511.9 | AC84: =AC81-AC82-AC83 -> 2148620.9 | AD84: =AD81-AD82-AD83 -> 1957883.4 | AE84: =AE81-AE82-AE83 -> 1919177 | AF84: =AF81-AF82-AF83 -> 1756906.7 | AG84: =AG81-AG82-AG83 -> 1854458.7 | AH84: =AH81-AH82-AH83 -> 2393005.1 | AI84: =AI81-AI82-AI83 -> 2929997.1 | ... AU84: =AU81-AU82-AU83 -> 3277308 | AV84: 3072080.3 | AW84: =AW81-AW82-AW83 -> 2994744.5 | AX84: =AX81-AX82-AX83 -> 3242910.1 | AY84: =AY81-AY82-AY83 -> 3113106.3 | AZ84: =AZ81-AZ82-AZ83 -> 3001969.9 | BA84: =BA81-BA82-BA83 -> 3059513.9 | BB84: =BB81-BB82-BB83 -> 3320760.2
B85: Perdas sem Geração Distribuída | C85: Losses without Distributed Generation | AB85: =AB64+AB54+AB44+AB34+AB24+AB13+AB74 -> 925262.53 | AC85: =AC64+AC54+AC44+AC34+AC24+AC13+AC74 -> 1222900 | AD85: =AD64+AD54+AD44+AD34+AD24+AD13+AD74 -> 995674.02 | AE85: =AE64+AE54+AE44+AE34+AE24+AE13+AE74 -> 1011697.4 | AF85: =AF64+AF54+AF44+AF34+AF24+AF13+AF74 -> 885957.65 | AG85: =AG64+AG54+AG44+AG34+AG24+AG13+AG74 -> 1841628.3 | AH85: =AH64+AH54+AH44+AH34+AH24+AH13+AH74 -> 2005618.5 | AI85: =AI64+AI54+AI44+AI34+AI24+AI13+AI74 -> 2076951.5 | ... AU85: =AU64+AU54+AU44+AU34+AU24+AU13+AU74 -> 3121884.9 | AV85: 3054485.2 | AW85: 2959742.3 | AX85: =AX64+AX54+AX44+AX34+AX24+AX13+AX74 -> 2889826.3 | AY85: =AY64+AY54+AY44+AY34+AY24+AY13+AY74 -> 2749034.7 | AZ85: =AZ64+AZ54+AZ44+AZ34+AZ24+AZ13+AZ74 -> 2639464.9 | BA85: =BA64+BA54+BA44+BA34+BA24+BA13+BA74 -> 2621198.3 | BB85: =BB64+BB54+BB44+BB34+BB24+BB13+BB74 -> 2668306.8

Sheet Bal. Energético D (Pós CP 09)
B6: Bal. energético (MWh) - Maranhão | C6: Energy Balan. (MWh) - Maranhão | D6: 4T24 | E6: 1T25 | F6: 2T25 | G6: 3T25 | H6: 4T25 | I6: 1T26 | J6: 2T26
B7: Sistema interligado | C7: Interconnected System | D7: 2662320.2 | E7: 2261584.1 | F7: 2494407.3 | G7: 2628149.1 | H7: 2718892.2 | I7: 2417572.5 | J7: 2536820.1
B8: Energia injetada pela Geração Distribuída | C8: Injected Energy by Distributed Generation | D8: 217646.33 | E8: 204711.74 | F8: 231939.6 | G8: 274761.23 | H8: 286673.38 | I8: 266050.74 | J8: 289896.37
B9: Energia injetada bruta | C9: Gross injected Energy | D9: =SUM(D7:D8) -> 2879966.6 | E9: 2466295.8 | F9: 2726346.9 | G9: 2902910.3 | H9: =H8+H7 -> 3005565.5 | I9: =I8+I7 -> 2683623.3 | J9: =J8+J7 -> 2826716.4
B10: Energia Medida | C10: Metered Energy | D10: 2332571 | E10: 2009624.4 | F10: 2159604.4 | G10: 2318952.2 | H10: 2442622 | I10: 2176716.7 | J10: 2294996.4
B11: Energia de conexão com outras distribuidoras | C11: Energy Connection w/Other DisCos | D11: 3039.49 | E11: 4108.5522 | F11: 4287.2327 | G11: 6003.8469 | H11: 4145.0786 | I11: 4072.8188 | J11: 4443.2177
B12: Energia de fluxo passante | C12: Pass-through energy | D12: 1494.8299 | E12: 2163.4213 | F12: 3134.7176 | G12: 4996.7426 | H12: 11185.495 | I12: 8755.585 | J12: 9714.411
B13: Perdas Totais | C13: Total Losses | D13: =D9-D10-D11-D12 -> 542861.26 | E13: 450399.43 | F13: 559320.56 | G13: 572957.57 | H13: =H9-H10-H11-H12 -> 547613.01 | I13: =I9-I10-I11-I12 -> 494078.21 | J13: 517562.39
B16: Bal. energético (MWh) - Pará | C16: Energy Balan. (MWh) - Pará | D16: =D$6 -> 4T24 | E16: 1T25 | F16: 2T25 | G16: =G$6 -> 3T25 | H16: =H$6 -> 4T25 | I16: =I$6 -> 1T26 | J16: =J$6 -> 2T26
B17: Sistema interligado | C17: Interconnected System | D17: =D20-D19-D18 -> 3945705.3 | E17: 3426064.3 | F17: 3709821.9 | G17: 3884188.8 | H17: =H20-H19-H18 -> 4054942.1 | I17: 3667108.9 | J17: 3865844.3
B18: Sistema isolado | C18: Isolated Systems | D18: 74097.121 | E18: 68444.798 | F18: 74734.803 | G18: 76791.434 | H18: 76494.324 | I18: 66950.725 | J18: 67470.792
B19: Energia injetada pela Geração Distribuída | C19: Injected Energy by Distributed Generation | D19: 318466.34 | E19: 298932.32 | F19: 353929.46 | G19: 413215.17 | H19: 426624.97 | I19: 384497.59 | J19: 429390.35
B20: Energia injetada bruta | C20: Gross injected Energy | D20: 4338268.7 | E20: 3793441.4 | F20: 4138486.2 | G20: 4374195.4 | H20: 4558061.3 | I20: =SUM(I17:I19) -> 4118557.2 | J20: 4362705.4
B21: Energia Medida | C21: Metered Energy | D21: 3055298.1 | E21: 2636513.9 | F21: 2857387.2 | G21: 3020257.2 | H21: 3201134.1 | I21: 2852040.5 | J21: 3060831.6
B22: Energia de conexão com outras distribuidoras | C22: Energy Connection w/Other DisCos | D22: 12552.449 | E22: 7791.5838 | F22: 8356.6946 | G22: 8288.5352 | H22: 8184.7674 | I22: 7297.1956 | J22: 8319.3725
B23: Energia de fluxo passante | C23: Pass-through energy | D23: 26681.285 | E23: 59139.346 | F23: 35746.915 | G23: 7469.7496 | H23: 20446.519 | I23: 50984.57 | J23: 30807.419
B24: Perdas Totais | C24: Total Losses | D24: =D20-D21-D22-D23 -> 1243736.9 | E24: 1089996.6 | F24: 1236995.3 | G24: 1338180 | H24: =H20-H21-H22-H23 -> 1328296 | I24: =I20-I21-I22-I23 -> 1208234.9 | J24: 1262747
B27: Bal. energético (MWh) - Piauí | C27: Energy Balan. (MWh) - Piauí | D27: =D$6 -> 4T24 | E27: 1T25 | F27: 2T25 | G27: =G$6 -> 3T25 | H27: =H$6 -> 4T25 | I27: =I$6 -> 1T26 | J27: =J$6 -> 2T26
B28: Sistema interligado | C28: Interconnected System | D28: =D30-D29 -> 1578379.9 | E28: 1218140 | F28: 1340454.7 | G28: 1472759 | H28: =H30-H29 -> 1608680.6 | I28: 1272122.9 | J28: 1309490.4
B29: Energia injetada pela Geração Distribuída | C29: Injected Energy by Distributed Generation | D29: 236982.77 | E29: 216959.61 | F29: 241600.3 | G29: 300040.93 | H29: 308461.64 | I29: 276585.77 | J29: 293010.26
B30: Energia injetada bruta | C30: Gross injected Energy | D30: 1815362.7 | E30: 1435099.7 | F30: 1582055 | G30: 1772799.9 | H30: 1917142.3 | I30: =SUM(I28:I29) -> 1548708.7 | J30: =SUM(J28:J29) -> 1602500.6
B31: Energia Medida | C31: Metered Energy | D31: 1274040.7 | E31: 1103235.6 | F31: 1188181.9 | G31: 1271886.3 | H31: 1364847.6 | I31: 1171840.6 | J31: 1224454.2
B32: Energia de conexão com outras distribuidoras | C32: Energy Connection w/Other DisCos | D32: 48734.903 | E32: 43652.96 | F32: 47920.312 | G32: 49816.523 | H32: 52019.678 | I32: 46761.868 | J32: 48480.131
B33: Energia de fluxo passante | C33: Pass-through energy | D33: 160976.88 | E33: 61264.539 | F33: 62211.107 | G33: 141144.3 | H33: 172670.59 | I33: 84524.379 | J33: 54032.093
B34: Perdas Totais | C34: Total Losses | D34: =D30-D31-D32-D33 -> 331610.16 | E34: 226946.54 | F34: 283741.69 | G34: 309952.83 | H34: =H30-H31-H32-H33 -> 327604.4 | I34: =I30-I31-I32-I33 -> 245581.82 | J34: 275534.18
B37: Bal. energético (MWh) - Alagoas | C37: Energy Balan. (MWh) - Alagoas | D37: =D$6 -> 4T24 | E37: 1T25 | F37: 2T25 | G37: =G$6 -> 3T25 | H37: =H$6 -> 4T25 | I37: =I$6 -> 1T26 | J37: =J$6 -> 2T26
B38: Sistema interligado | C38: Interconnected System | D38: 1371161.4 | E38: 1384160.8 | F38: 1290022.7 | G38: 1135482.9 | H38: =H40-H39 -> 1331303.8 | I38: 1429618.1 | J38: 1294009.8
B39: Energia injetada pela Geração Distribuída | C39: Injected Energy by Distributed Generation | D39: 179814.66 | E39: 180329.45 | F39: 174394.18 | G39: 180144.15 | H39: 249194.94 | I39: 236305.74 | J39: 201423.46
B40: Energia injetada bruta | C40: Gross injected Energy | D40: 1550976 | E40: 1564490.3 | F40: 1464416.9 | G40: 1315627.1 | H40: 1580498.8 | I40: =SUM(I38:I39) -> 1665923.9 | J40: =SUM(J38:J39) -> 1495433.2
B41: Energia Medida | C41: Metered Energy | D41: 1262310.8 | E41: 1268390.4 | F41: 1228489.2 | G41: 1106986.1 | H41: 1288716.3 | I41: 1355213.6 | J41: 1271673.2
B42: Energia de conexão com outras distribuidoras | C42: Energy Connection w/Other DisCos | D42: 3317.875 | E42: 3339.944 | F42: 3507.407 | G42: 3677.5741 | H42: 3724.2669 | I42: 3960.6619 | J42: 4015.92
B43: Energia de fluxo passante | C43: Pass-through energy | D43: 15443.572 | E43: 9397.6339 | F43: 1773.7293 | G43: 5400.54 | H43: 21510.709 | I43: 13493.323 | J43: 4254.3134
B44: Perdas Totais | C44: Total Losses | D44: =D40-D41-D42-D43 -> 269903.75 | E44: 283362.33 | F44: 230646.57 | G44: 199562.91 | H44: =H40-H41-H42-H43 -> 266547.46 | I44: =I40-I41-I42-I43 -> 293256.35 | J44: 215489.79
B47: Bal. energético (MWh) - CEEE-D | C47: Energy Balan. (MWh) - CEEE-D | D47: =D$6 -> 4T24 | E47: 1T25 | F47: 2T25 | G47: =G$6 -> 3T25 | H47: =H$6 -> 4T25 | I47: =I$6 -> 1T26 | J47: =J$6 -> 2T26
B48: Sistema interligado | C48: Interconnected System | D48: =D50-D49 -> 2417910 | E48: 3042860.4 | F48: 2340687.3 | G48: 2311942.6 | H48: =H50-H49 -> 2459476.2 | I48: 2911030.7 | J48: 2407090.2
B49: Energia injetada pela Geração Distribuída | C49: Injected Energy by Distributed Generation | D49: 133888.61 | E49: 160698.12 | F49: 114142.14 | G49: 111378.53 | H49: 209242.13 | I49: 214693.61 | J49: 158048.67
B50: Energia injetada bruta | C50: Gross injected Energy | D50: 2551798.6 | E50: 3203558.5 | F50: 2454829.4 | G50: 2423321.2 | H50: 2668718.3 | I50: =SUM(I48:I49) -> 3125724.3 | J50: =SUM(J48:J49) -> 2565138.9
B51: Energia Medida | C51: Metered Energy | D51: 2120939.4 | E51: 2694227.1 | F51: 2144677.2 | G51: 2151634.9 | H51: 2126912 | I51: 2695365.5 | J51: 2260286.7
B52: Energia de conexão com outras distribuidoras | C52: Energy Connection w/Other DisCos | D52: 18441.472 | E52: 23027.35 | F52: 17104.826 | G52: 15315.498 | H52: 13414.979 | I52: 20328.221 | J52: 16666.083
B53: Energia de fluxo passante | C53: Pass-through energy | D53: 33861.926 | E53: 6327.6462 | F53: 18588.433 | G53: 36991.426 | H53: 31138.042 | I53: 7627.8367 | J53: 17085.507
B54: Perdas Totais | C54: Total Losses | D54: =D50-D51-D52-D53 -> 378555.81 | E54: 479976.46 | F54: 274459.01 | G54: 219379.39 | H54: =H50-H51-H52-H53 -> 497253.28 | I54: =I50-I51-I52-I53 -> 402402.68 | J54: 271100.53
B57: Bal. energético (MWh) - CEA | C57: Energy Balan. (MWh) - CEA | D57: =D$6 -> 4T24 | E57: 1T25 | F57: 2T25 | G57: =G$6 -> 3T25 | H57: =H$6 -> 4T25 | I57: =I$6 -> 1T26 | J57: =J$6 -> 2T26
B58: Sistema interligado | C58: Interconnected System | D58: =D61-D60-D59 -> 515634.15 | E58: 423975.5 | F58: 449115.77 | G58: 479697.34 | H58: =H61-H60-H59 -> 500269.47 | I58: 425497.57 | J58: 443238.31
B59: Sistema isolado | C59: Isolated System | D59: 15605.762 | E59: 13230.081 | F59: 13987.055 | G59: 15681.679 | H59: 16513.22 | I59: 14410.422 | J59: 15806.991
B60: Energia injetada pela Geração Distribuída | C60: Injected Energy by Distributed Generation | D60: 28584.998 | E60: 24234.058 | F60: 30996.723 | G60: 43310.39 | H60: 49984.948 | I60: 39494.535 | J60: 40313.956
B61: Energia injetada bruta | C61: Gross injected Energy | D61: 559824.91 | E61: 461439.64 | F61: 494099.55 | G61: 538689.41 | H61: 566767.64 | I61: =SUM(I58:I60) -> 479402.53 | J61: =SUM(J58:J60) -> 499359.26
B62: Energia Medida | C62: Metered Energy | D62: 378671.55 | E62: 318576.83 | F62: 333388.58 | G62: 359528.54 | H62: 383581.43 | I62: 340283.98 | J62: 353085.34
B63: Energia de fluxo passante | C63: Pass-through energy | D63: 0 | E63: 6194.6557 | F63: 8512.0068 | G63: 5748.6159 | H63: 11387.153 | I63: 8791.6677 | J63: 7741.4923
B64: Perdas Totais | C64: Total Losses | D64: =D61-D62-D63 -> 181153.36 | E64: 136668.15 | F64: 152198.96 | G64: 173412.25 | H64: =H61-H62-H63 -> 171799.05 | I64: =I61-I62-I63 -> 130326.88 | J64: 138532.43
B67: Bal. energético (MWh) - Goiás | C67: Energy Balan. (MWh) - Goiás | D67: =D$6 -> 4T24 | E67: 1T25 | F67: 2T25 | G67: =G$6 -> 3T25 | H67: =H$6 -> 4T25 | I67: =I$6 -> 1T26 | J67: =J$6 -> 2T26
B68: Sistema interligado | C68: Interconnected System | D68: =D70-D69 -> 4637367.2 | E68: 4596247.4 | F68: 4575248.1 | G68: 4559901.4 | H68: =H70-H69 -> 4717763.4 | I68: 4402438.4 | J68: 4677429.9
B69: Energia injetada pela Geração Distribuída | C69: Injected Energy by Distributed Generation | D69: 539048.46 | E69: 650360.77 | F69: 707875.84 | G69: 811323.91 | H69: 937326.44 | I69: 912524.06 | J69: 964562.32
B70: Energia injetada bruta | C70: Gross injected Energy | D70: 5176415.7 | E70: 5246608.2 | F70: 5283124 | G70: 5371225.3 | H70: 5655089.8 | I70: =SUM(I68:I69) -> 5314962.4 | J70: =SUM(J68:J69) -> 5641992.2
B71: Energia Medida | C71: Metered Energy | D71: 4652270.3 | E71: 4402822.7 | F71: 4543605.5 | G71: 4526228.2 | H71: 5000558.3 | I71: 4476627.3 | J71: 4795679.4
B72: Energia de conexão com outras distribuidoras | C72: Energy Connection w/Other DisCos | D72: 3266.5562 | E72: 3212.4917 | F72: 1285.3366 | G72: 1912.3001 | H72: 1082.0828 | I72: 710.579 | J72: 513.329
B73: Energia de fluxo passante | C73: Pass-through energy | D73: 160202.4 | E73: 225772.14 | F73: 237850.9 | G73: 207639.36 | H73: 176780.63 | I73: 282413.71 | J73: 246545.45
B74: Perdas Totais | C74: Total Losses | D74: =D70-D71-D72-D73 -> 360676.49 | E74: 614800.84 | F74: 500382.24 | G74: 635445.39 | H74: =H70-H71-H72-H73 -> 476668.78 | I74: =I70-I71-I72-I73 -> 555210.85 | J74: 599254.04
B77: Bal. energético Consolidado (MWh) - Total | C77: Energy Balan. Consolidated (MWh) - Total | D77: =D$6 -> 4T24 | E77: 1T25 | F77: 2T25 | G77: =G$6 -> 3T25 | H77: =H$6 -> 4T25 | I77: =I$6 -> 1T26 | J77: =J$6 -> 2T26
B78: Sistema interligado | C78: Interconnected System | D78: =D58+D48+D38+D28+D17+D7+D68 -> 17128478 | E78: 16353033 | F78: 16199758 | G78: =G58+G48+G38+G28+G17+G7+G68 -> 16472121 | H78: =H58+H48+H38+H28+H17+H7+H68 -> 17391328 | I78: =I58+I48+I38+I28+I17+I7+I68 -> 16525389 | J78: =J58+J48+J38+J28+J17+J7+J68 -> 16533923
B79: Sistema isolado | C79: Isolated System | D79: =D59+D18 -> 89702.883 | E79: 81674.879 | F79: 88721.858 | G79: =G59+G18 -> 92473.113 | H79: =H59+H18 -> 93007.544 | I79: =I59+I18 -> 81361.147 | J79: =J59+J18 -> 83277.783
B80: Energia injetada pela Geração Distribuída | C80: Injected Energy by Distributed Generation | D80: =D60+D49+D39+D29+D19+D8+D69 -> 1654432.2 | E80: 1736226.1 | F80: 1854878.2 | G80: =G60+G49+G39+G29+G19+G8+G69 -> 2134174.3 | H80: =H60+H49+H39+H29+H19+H8+H69 -> 2467508.4 | I80: =I60+I49+I39+I29+I19+I8+I69 -> 2330152.1 | J80: =J60+J49+J39+J29+J19+J8+J69 -> 2376645.4
B81: Energia injetada bruta | C81: Gross injected Energy | D81: =D61+D50+D40+D30+D20+D9+D70 -> 18872613 | E81: 18170934 | F81: 18143358 | G81: =G61+G50+G40+G30+G20+G9+G70 -> 18698769 | H81: =H61+H50+H40+H30+H20+H9+H70 -> 19951844 | I81: =I61+I50+I40+I30+I20+I9+I70 -> 18936902 | J81: =J61+J50+J40+J30+J20+J9+J70 -> 18993846
B82: Energia Medida | C82: Metered Energy | D82: =D62+D51+D41+D31+D21+D10+D71 -> 15076102 | E82: 14433391 | F82: 14455334 | G82: =G62+G51+G41+G31+G21+G10+G71 -> 14755473 | H82: =H62+H51+H41+H31+H21+H10+H71 -> 15808372 | I82: =I62+I51+I41+I31+I21+I10+I71 -> 15068088 | J82: =J62+J51+J41+J31+J21+J10+J71 -> 15261007
B83: Energia de conexão com outras distribuidoras | C83: Energy Connection w/Other DisCos | D83: =+D11+D22+D32+D42+D52+D72 -> 89352.745 | E83: 85132.882 | F83: 82461.809 | G83: =+G11+G22+G32+G42+G52+G72 -> 85014.277 | H83: =+H11+H22+H32+H42+H52+H72 -> 82570.852 | I83: =+I11+I22+I32+I42+I52+I72 -> 83131.344 | J83: =+J11+J22+J32+J42+J52+J72 -> 82438.053
B84: Energia de fluxo passante | C84: Pass-through energy | D84: =+D12+D23+D33+D43+D53+D63+D73 -> 398660.89 | E84: 370259.38 | F84: 367817.81 | G84: =+G12+G23+G33+G43+G53+G63+G73 -> 409390.73 | H84: =+H12+H23+H33+H43+H53+H63+H73 -> 445119.14 | I84: =+I12+I23+I33+I43+I53+I63+I73 -> 456591.07 | J84: =+J12+J23+J33+J43+J53+J63+J73 -> 370180.68
B85: Perdas Totais | C85: Total Losses | D85: =D81-D82-D83-D84 -> 3308497.7 | E85: 3282150.3 | F85: 3237744.4 | G85: =G81-G82-G83-G84 -> 3448890.3 | H85: =H81-H82-H83-H84 -> 3615781.9 | I85: =I81-I82-I83-I84 -> 3329091.7 | J85: =J81-J82-J83-J84 -> 3280220.3

Sheet Perdas Distribuição (Pré CP 09)
B6: Maranhão - últ. 12 meses (%) | C6: Maranhão - last 12 months (%) | D6: 1T13 | E6: 2T13 | F6: 3T13 | G6: 4T13 | H6: 1T14 | I6: 2T14 | J6: 3T14 | K6: 4T14 | L6: 1T15 | M6: 2T15 | N6: 3T15 | O6: 4T15 | P6: 1T16 | Q6: 2T16 | R6: 3T16 | S6: 4T16 | T6: 1T17 | U6: 2T17 | V6: 3T17 | W6: 4T17 | X6: 1T18 | Y6: 2T18 | Z6: 3T18 | AA6: 4T18 | AB6: 1T19 | AC6: 2T19 | AD6: 3T19 | AE6: 4T19 | AF6: 1T20 | AG6: 2T20 | AH6: 3T20 | AI6: 4T20 | AJ6: 1T21 | AK6: 2T21 | AL6: 3T21 | AM6: 4T21 | AN6: 1T22 | AO6: 2T22 | AP6: 3T22 | AQ6: 4T22 | AR6: 1T23 | AS6: 2T23 | AT6: 3T23 | AU6: 4T23 | AV6: 1T24 | AW6: 2T24 | AX6: 3T24 | AY6: 4T24 | AZ6: 1T25 | BA6: 2T25 | BB6: 3T25
B7: PT / Inj | C7: Total Losses / Injected Energy | D7: 0.204 | E7: 0.211 | F7: 0.203 | G7: 0.192 | H7: 0.184 | I7: 0.178 | J7: 0.173 | K7: 0.175 | L7: 0.175 | M7: 0.175 | N7: 0.176 | O7: 0.17619984 | P7: 0.17909437 | Q7: 0.1765 | R7: 0.1788 | S7: 0.18 | T7: 0.182 | U7: 0.18566853 | V7: 0.18262627 | W7: 0.1717 | X7: 0.16824363 | Y7: 0.1620505 | Z7: 0.1639357 | AA7: 0.17179012 | AB7: 0.17291315 | AC7: 0.1771337 | AD7: 0.1784011 | AE7: 0.1798 | AF7: 0.1798 | AG7: 0.1816877 | AH7: 0.18297101 | AI7: 0.18517686 | AJ7: 0.18607808 | AK7: 0.19204934 | AL7: 0.19061169 | AM7: 0.18559691 | AN7: 0.18396044 | AO7: 0.17750347 | AP7: 0.17521343 | AQ7: 0.17599853 | AR7: 0.17505657 | AS7: 0.17492486 | AT7: 0.17735186 | AU7: 0.17905344 | AV7: 0.18161869 | AW7: 0.17854108 | AX7: 0.17758751 | AY7: 0.17865038 | AZ7: 0.17684786 | BA7: 0.18294138 | BB7: 0.18418994
B8: PT / Inj - Regulatória | C8: Total Losses / Injected Energy - Regulatory | D8: 0.221 | E8: 0.221 | F8: 0.196 | G8: 0.196 | H8: 0.196 | I8: 0.196 | J8: 0.192 | K8: 0.194 | L8: 0.194 | M8: 0.194 | N8: 0.193 | O8: 0.193 | P8: 0.193 | Q8: 0.193 | R8: 0.197 | S8: 0.197 | T8: 0.197 | U8: 0.197 | V8: 0.1861 | W8: 0.1861 | X8: 0.1861 | Y8: 0.1861 | Z8: 0.18327149 | AA8: 0.18327149 | AB8: 0.18327149 | AC8: 0.18327149 | AD8: 0.18 | AE8: 0.18 | AF8: 0.18 | AG8: 0.18 | AH8: 0.17672663 | AI8: 0.17672663 | AJ8: 0.17672663 | AK8: 0.17672663 | AL8: 0.17672663 | AM8: 0.16873441 | AN8: 0.16873441 | AO8: 0.16873441 | AP8: 0.16873441 | AQ8: 0.16865796 | AR8: 0.16865796 | AS8: 0.16865796 | AT8: 0.1725458 | AU8: 0.1725458 | AV8: 0.1725458 | AW8: 0.1725458 | AX8: 0.17523433 | AY8: 0.17523433 | AZ8: 0.17523433 | BA8: 0.17502838 | BB8: 0.18735664
B9: PNT / BT | C9: Non-Technical Losses / LT | D9: 0.134 | E9: 0.144 | F9: 0.17177001 | G9: 0.151 | H9: 0.137 | I9: 0.127 | J9: 0.119 | K9: 0.12 | L9: 0.121 | M9: 0.123 | N9: 0.1248 | O9: 0.12448 | P9: 0.126 | Q9: 0.1214 | R9: 0.124 | S9: 0.126 | T9: 0.129 | U9: 0.1359 | V9: 0.096964563 | W9: 0.078895292 | X9: 0.073008852 | Y9: 0.063077347 | Z9: 0.066130939 | AA9: 0.078921601 | AB9: 0.080904583 | AC9: 0.088078834 | AD9: 0.090454247 | AE9: 0.093270605 | AF9: 0.094323918 | AG9: 0.096377584 | AH9: 0.098536125 | AI9: 0.10200357 | AJ9: 0.10366607 | AK9: 0.11471082 | AL9: 0.13235863 | AM9: 0.12343732 | AN9: 0.12064914 | AO9: 0.10934786 | AP9: 0.10559169 | AQ9: 0.10695881 | AR9: 0.10541807 | AS9: 0.10499502 | AT9: 0.10889751 | AU9: 0.11158597 | AV9: 0.1156029 | AW9: 0.10970055 | AX9: 0.10792709 | AY9: 0.10954536 | AZ9: 0.10636735 | BA9: 0.11704129 | BB9: 0.10834929
B10: PNT / BT - Regulatória | C10: Non-Technical Losses / LT - Regulatory | D10: 0.1622 | E10: 0.1622 | F10: 0.1593 | G10: 0.1593 | H10: 0.1593 | I10: 0.1593 | J10: 0.1564 | K10: 0.1564 | L10: 0.1564 | M10: 0.1564 | N10: 0.1535 | O10: 0.1535 | P10: 0.1535 | Q10: 0.1535 | R10: 0.1507 | S10: 0.1507 | T10: 0.1507 | U10: 0.1507 | V10: 0.1031 | W10: 0.1031 | X10: 0.1031 | Y10: 0.1031 | Z10: 0.0983 | AA10: 0.0983 | AB10: 0.0983 | AC10: 0.0983 | AD10: 0.0934 | AE10: 0.0934 | AF10: 0.0934 | AG10: 0.0934 | AH10: 0.0886 | AI10: 0.0886 | AJ10: 0.0886 | AK10: 0.0886 | AL10: 0.0886 | AM10: 0.0886 | AN10: 0.0951 | AO10: 0.0951 | AP10: 0.0951 | AQ10: 0.095113 | AR10: 0.095113 | AS10: 0.095113 | AT10: 0.095113 | AU10: 0.095113 | AV10: 0.095113 | AW10: 0.095113 | AX10: 0.095113 | AY10: 0.095113 | AZ10: 0.095113 | BA10: 0.095113 | BB10: 0.0958336
B12: Pará (%) - últ. 12 meses (%) | C12: Pará - last 12 months (%) | D12: 1T13 | E12: 2T13 | F12: 3T13 | G12: 4T13 | H12: 1T14 | I12: 2T14 | J12: 3T14 | K12: 4T14 | L12: 1T15 | M12: 2T15 | N12: 3T15 | O12: 4T15 | P12: 1T16 | Q12: 2T16 | R12: 3T16 | S12: 4T16 | T12: 1T17 | U12: 2T17 | V12: 3T17 | W12: 4T17 | X12: 1T18 | Y12: 2T18 | Z12: 3T18 | AA12: 4T18 | AB12: =AB6 -> 1T19 | AC12: =AC6 -> 2T19 | AD12: =AD6 -> 3T19 | AE12: =AE6 -> 4T19 | AF12: =AF6 -> 1T20 | AG12: =AG6 -> 2T20 | AH12: =AH6 -> 3T20 | AI12: =AI6 -> 4T20 | ... AW12: =AW6 -> 2T24 | AX12: 3T24 | AY12: =AY6 -> 4T24 | AZ12: =AZ6 -> 1T25 | BA12: =BA6 -> 2T25 | BB12: =BB6 -> 3T25
B13: PT / Inj | C13: Total Losses / Injected Energy | D13: 0.359 | E13: 0.364 | F13: 0.365 | G13: 0.355 | H13: 0.3423 | I13: 0.33 | J13: 0.3174 | K13: 0.3123 | L13: 0.3082 | M13: 0.3179 | N13: 0.313 | O13: 0.292 | P13: 0.299 | Q13: 0.286 | R13: 0.27740833 | S13: 0.283 | T13: 0.275 | U13: 0.26848286 | V13: 0.2747 | W13: 0.27498462 | X13: 0.27247976 | Y13: 0.2718 | Z13: 0.27464949 | AA13: 0.28328254 | AB13: 0.29175971 | AC13: 0.3007645 | AD13: 0.30268723 | AE13: 0.3007 | AF13: 0.29539915 | AG13: 0.29844824 | AH13: 0.29873303 | AI13: 0.30760987 | AJ13: 0.30740336 | AK13: 0.30134557 | AL13: 0.29821148 | AM13: 0.28988649 | AN13: 0.28537363 | AO13: 0.27924078 | AP13: 0.27714207 | AQ13: 0.27502009 | AR13: 0.27289806 | AS13: 0.27564502 | AT13: 0.27565013 | AU13: 0.27163341 | AV13: 0.27211546 | AW13: 0.2739275 | AX13: 0.2775085 | AY13: 0.28218875 | AZ13: 0.28497911 | BA13: 0.28577698 | BB13: 0.28688937
B14: PT / Inj - Regulatória | C14: Total Losses / Injected Energy - Regulatory | D14: 0.298 | E14: 0.298 | F14: 0.285 | G14: 0.285 | H14: 0.285 | I14: 0.285 | J14: 0.271 | K14: 0.271 | L14: 0.271 | M14: 0.271 | N14: 0.26 | O14: 0.26 | P14: 0.26 | Q14: 0.26 | R14: 0.268 | S14: 0.268 | T14: 0.268 | U14: 0.268 | V14: 0.2686 | W14: 0.2686 | X14: 0.2686 | Y14: 0.2686 | Z14: 0.26836496 | AA14: 0.26836496 | AB14: 0.26836496 | AC14: 0.26836496 | AD14: 0.2748 | AE14: 0.2748 | AF14: 0.2748 | AG14: 0.2748 | AH14: 0.275959 | AI14: 0.275959 | AJ14: 0.275959 | AK14: 0.275959 | AL14: 0.275959 | AM14: 0.27288808 | AN14: 0.27288808 | AO14: 0.27288808 | AP14: 0.27288808 | AQ14: 0.27009572 | AR14: 0.27009572 | AS14: 0.27009572 | AT14: 0.28240744 | AU14: 0.28240744 | AV14: 0.28240744 | AW14: 0.28240744 | AX14: 0.28499141 | AY14: 0.28499141 | AZ14: 0.28499141 | BA14: 0.28479007 | BB14: 0.28562216
B15: PNT / BT | C15: Non-Technical Losses / LT | D15: 0.611 | E15: 0.628 | F15: 0.6318 | G15: 0.595 | H15: 0.5466 | I15: 0.5016 | J15: 0.4566 | K15: 0.4372 | L15: 0.4244 | M15: 0.4524 | N15: 0.442 | O15: 0.386 | P15: 0.412 | Q15: 0.385 | R15: 0.36206161 | S15: 0.3777 | T15: 0.357 | U15: 0.33961892 | V15: 0.3567 | W15: 0.35738618 | X15: 0.35096543 | Y15: 0.3491 | Z15: 0.35783789 | AA15: 0.38392684 | AB15: 0.40903256 | AC15: 0.43718657 | AD15: 0.40978254 | AE15: 0.40220033 | AF15: 0.38570735 | AG15: 0.38924982 | AH15: 0.39119293 | AI15: 0.41524816 | AJ15: 0.41320377 | AK15: 0.39869572 | AL15: 0.38805745 | AM15: 0.36567636 | AN15: 0.35487899 | AO15: 0.33999219 | AP15: 0.33413963 | AQ15: 0.32772237 | AR15: 0.32134998 | AS15: 0.32700781 | AT15: 0.32152644 | AU15: 0.30922578 | AV15: 0.30929684 | AW15: 0.31124998 | AX15: 0.31854703 | AY15: 0.3305513 | AZ15: 0.33739828 | BA15: 0.34129055 | BB15: 0.34547957
B16: PNT / BT - Regulatória | C16: Non-Technical Losses / LT - Regulatory | D16: 0.378 | E16: 0.378 | F16: 0.378 | G16: 0.378 | H16: 0.378 | I16: 0.378 | J16: 0.378 | K16: 0.378 | L16: 0.378 | M16: 0.378 | N16: 0.34 | O16: 0.34 | P16: 0.34 | Q16: 0.34 | R16: 0.34 | S16: 0.34 | T16: 0.34 | U16: 0.34 | V16: 0.34 | W16: 0.34 | X16: 0.34 | Y16: 0.34 | Z16: 0.34 | AA16: 0.34 | AB16: 0.34 | AC16: 0.34 | AD16: 0.335 | AE16: 0.335 | AF16: 0.335 | AG16: 0.335 | AH16: 0.33 | AI16: 0.33 | AJ16: 0.33 | AK16: 0.33 | AL16: 0.33 | AM16: 0.33 | AN16: 0.325 | AO16: 0.325 | AP16: 0.325 | AQ16: 0.32 | AR16: 0.32 | AS16: 0.32 | AT16: 0.337342 | AU16: 0.337342 | AV16: 0.337342 | AW16: 0.337342 | AX16: 0.331561 | AY16: 0.331561 | AZ16: 0.331561 | BA16: 0.33200305 | BB16: 0.33057386
B18: Piauí (%) - últ. 12 meses (%) | C18: Piauí - last 12 months (%) | D18: 1T13 | E18: 2T13 | F18: 3T13 | G18: 4T13 | H18: 1T14 | I18: 2T14 | J18: 3T14 | K18: 4T14 | L18: 1T15 | M18: 2T15 | N18: 3T15 | O18: 4T15 | P18: 1T16 | Q18: 2T16 | R18: 3T16 | S18: 4T16 | T18: 1T17 | U18: 2T17 | V18: 3T17 | W18: 4T17 | X18: 1T18 | Y18: 2T18 | Z18: 3T18 | AA18: 4T18 | AB18: =AB12 -> 1T19 | AC18: =AC12 -> 2T19 | AD18: =AD12 -> 3T19 | AE18: =AE12 -> 4T19 | AF18: =AF12 -> 1T20 | AG18: =AG12 -> 2T20 | AH18: =AH12 -> 3T20 | AI18: =AI12 -> 4T20 | ... AW18: =AW12 -> 2T24 | AX18: 3T24 | AY18: =AY12 -> 4T24 | AZ18: =AZ12 -> 1T25 | BA18: =BA12 -> 2T25 | BB18: =BB12 -> 3T25
B19: PT / Inj | C19: Total Losses / Injected Energy | F19: 0.30141007 | G19: 0.29949758 | H19: 0.28960294 | I19: 0.29182095 | J19: 0.28960713 | K19: 0.29297258 | L19: 0.29609155 | M19: 0.29457102 | N19: 0.29961879 | O19: 0.30483986 | P19: 0.30929248 | Q19: 0.31239668 | R19: 0.31076671 | S19: 0.30672512 | T19: 0.29964618 | U19: 0.29303536 | V19: 0.28846691 | W19: 0.28030713 | X19: 0.27366831 | Y19: 0.26889417 | Z19: 0.26406811 | AA19: 0.28069007 | AB19: 0.28170191 | AC19: 0.2777665 | AD19: 0.27484187 | AE19: 0.243 | AF19: 0.23256545 | AG19: 0.22922413 | AH19: 0.22514455 | AI19: 0.21549019 | AJ19: 0.21313404 | AK19: 0.2060916 | AL19: 0.1966777 | AM19: 0.19693734 | AN19: 0.1938081 | AO19: 0.18930588 | AP19: 0.184774 | AQ19: 0.18177181 | AR19: 0.18185814 | AS19: 0.18183104 | AT19: 0.18049072 | AU19: 0.18197447 | AV19: 0.18108197 | AW19: 0.17761359 | AX19: 0.17584207 | AY19: 0.17431585 | AZ19: 0.17078881 | BA19: 0.17382129 | BB19: 0.17429812
B20: PT / Inj - Regulatória | C20: Total Losses / Injected Energy - Regulatory | F20: 0.2213 | G20: 0.2213 | H20: 0.2213 | I20: 0.2213 | J20: 0.2153 | K20: 0.2153 | L20: 0.2153 | M20: 0.2153 | N20: 0.2101 | O20: 0.2101 | P20: 0.2101 | Q20: 0.2101 | R20: 0.2019 | S20: 0.2019 | T20: 0.2019 | U20: 0.2019 | V20: 0.25981224 | W20: 0.25981224 | X20: 0.25981224 | Y20: 0.25981224 | Z20: 0.25981224 | AA20: 0.20288127 | AB20: 0.20288127 | AC20: 0.20288127 | AD20: 0.20288127 | AE20: 0.20288127 | AF20: 0.20288127 | AG20: 0.20288127 | AH20: 0.20288127 | AI20: 0.20485603 | AJ20: 0.20485603 | AK20: 0.20485603 | AL20: 0.20485603 | AM20: 0.20421353 | AN20: 0.20421353 | AO20: 0.20421353 | AP20: 0.20421353 | AQ20: 0.20349146 | AR20: 0.20349146 | AS20: 0.20349146 | AT20: 0.20349146 | AU20: 0.19598379 | AV20: 0.19598379 | AW20: 0.19598379 | AX20: 0.19598379 | AY20: 0.19492171 | AZ20: 0.19492171 | BA20: 0.19535508 | BB20: 0.19509354
B21: PNT / BT | C21: Non-Technical Losses / LT | F21: 0.36222984 | G21: 0.35587286 | H21: 0.33122734 | I21: 0.33644765 | J21: 0.33233218 | K21: 0.34166105 | L21: 0.34945774 | M21: 0.34525733 | N21: 0.35614685 | O21: 0.36865352 | P21: 0.38023244 | Q21: 0.38760313 | R21: 0.38214863 | S21: 0.37038021 | T21: 0.35099479 | U21: 0.33344571 | V21: 0.32163292 | W21: 0.30179421 | X21: 0.28604813 | Y21: 0.27582558 | Z21: 0.26514482 | AA21: 0.30575711 | AB21: 0.30793778 | AC21: 0.29813752 | AD21: 0.29164795 | AE21: 0.2178 | AF21: 0.19547693 | AG21: 0.18654335 | AH21: 0.17727111 | AI21: 0.15786214 | AJ21: 0.15321183 | AK21: 0.14115483 | AL21: 0.12417221 | AM21: 0.12525655 | AN21: 0.11993877 | AO21: 0.11200635 | AP21: 0.10398307 | AQ21: 0.098543298 | AR21: 0.098611056 | AS21: 0.098345697 | AT21: 0.095581019 | AU21: 0.097933847 | AV21: 0.11244076 | AW21: 0.10635787 | AX21: 0.10346576 | AY21: 0.10094067 | AZ21: 0.094848433 | BA21: 0.10028489 | BB21: 0.10098477
B22: PNT / BT - Regulatória | C22: Non-Technical Losses / LT - Regulatory | F22: 0.1813 | G22: 0.1813 | H22: 0.1813 | I22: 0.1813 | J22: 0.1673 | K22: 0.1673 | L22: 0.1673 | M22: 0.1673 | N22: 0.1533 | O22: 0.1533 | P22: 0.1533 | Q22: 0.1533 | R22: 0.1393 | S22: 0.1393 | T22: 0.1393 | U22: 0.1393 | V22: 0.2541 | W22: 0.2541 | X22: 0.2541 | Y22: 0.2541 | Z22: 0.2541 | AA22: 0.1393 | AB22: 0.1393 | AC22: 0.1393 | AD22: 0.1393 | AE22: 0.1393 | AF22: 0.1393 | AG22: 0.1393 | AH22: 0.1393 | AI22: 0.1393 | AJ22: 0.1393 | AK22: 0.1393 | AL22: 0.1393 | AM22: 0.1393 | AN22: 0.1393 | AO22: 0.1393 | AP22: 0.1393 | AQ22: 0.1393 | AR22: 0.1393 | AS22: 0.1393 | AT22: 0.1393 | AU22: 0.1271 | AV22: 0.1271 | AW22: 0.12710974 | AX22: 0.12710974 | AY22: 0.115697 | AZ22: 0.115697 | BA22: 0.115697 | BB22: 0.11749649
B24: Alagoas (%) - últ. 12 meses (%) | C24: Alagoas - last 12 months (%) | D24: 1T13 | E24: 2T13 | F24: 3T13 | G24: 4T13 | H24: 1T14 | I24: 2T14 | J24: 3T14 | K24: 4T14 | L24: 1T15 | M24: 2T15 | N24: 3T15 | O24: 4T15 | P24: 1T16 | Q24: 2T16 | R24: 3T16 | S24: 4T16 | T24: 1T17 | U24: 2T17 | V24: 3T17 | W24: 4T17 | X24: 1T18 | Y24: 2T18 | Z24: 3T18 | AA24: 4T18 | AB24: =AB18 -> 1T19 | AC24: =AC18 -> 2T19 | AD24: =AD18 -> 3T19 | AE24: =AE18 -> 4T19 | AF24: =AF18 -> 1T20 | AG24: =AG18 -> 2T20 | AH24: =AH18 -> 3T20 | AI24: =AI18 -> 4T20 | ... AW24: =AW18 -> 2T24 | AX24: 3T24 | AY24: =AY18 -> 4T24 | AZ24: =AZ18 -> 1T25 | BA24: =BA18 -> 2T25 | BB24: =BB18 -> 3T25
B25: PT / Inj | C25: Total Losses / Injected Energy | X25: 0.23014269 | Y25: 0.23890405 | Z25: 0.23734661 | AA25: 0.23902156 | AB25: 0.24500394 | AC25: 0.30693164 | AD25: 0.30986646 | AE25: 0.3021 | AF25: 0.29779602 | AG25: 0.24021572 | AH25: 0.23758872 | AI25: 0.23588308 | AJ25: 0.23103655 | AK25: 0.22503811 | AL25: 0.22245452 | AM25: 0.22253363 | AN25: 0.21973698 | AO25: 0.21712837 | AP25: 0.20681894 | AQ25: 0.20045066 | AR25: 0.19198287 | AS25: 0.18309754 | AT25: 0.18624142 | AU25: 0.18476676 | AV25: 0.18640238 | AW25: 0.18168817 | AX25: 0.17448793 | AY25: 0.16912441 | AZ25: 0.1622424 | BA25: 0.16161451 | BB25: 0.15949238
B26: PT / Inj - Regulatória | C26: Total Losses / Injected Energy - Regulatory | X26: 0.22879763 | Y26: 0.22879763 | Z26: 0.2312 | AA26: 0.2312 | AB26: 0.2312 | AC26: 0.20803092 | AD26: 0.20803092 | AE26: 0.20803092 | AF26: 0.20803092 | AG26: 0.20803092 | AH26: 0.20793518 | AI26: 0.20793518 | AJ26: 0.20793518 | AK26: 0.20793518 | AL26: 0.20793518 | AM26: 0.20978821 | AN26: 0.20978821 | AO26: 0.209 | AP26: 0.20910721 | AQ26: 0.2105 | AR26: 0.2105 | AS26: 0.2105 | AT26: 0.21282948 | AU26: 0.21282948 | AV26: 0.21282948 | AW26: 0.17766103 | AX26: 0.17766103 | AY26: 0.17766103 | AZ26: 0.17766103 | BA26: 0.17615238 | BB26: 0.17702308
B27: PNT / BT | C27: Non-Technical Losses / LT | X27: 0.26547432 | Y27: 0.28888651 | Z27: 0.29010607 | AA27: 0.29707136 | AB27: 0.3127849 | AC27: 0.51611976 | AD27: 0.52626837 | AE27: 0.4988 | AF27: 0.48519775 | AG27: 0.29606881 | AH27: 0.28920286 | AI27: 0.28235279 | AJ27: 0.26989041 | AK27: 0.25600257 | AL27: 0.24887388 | AM27: 0.24912649 | AN27: 0.2408563 | AO27: 0.23494081 | AP27: 0.21022973 | AQ27: 0.19469016 | AR27: 0.17516994 | AS27: 0.15495701 | AT27: 0.162117 | AU27: 0.15898875 | AV27: 0.1622147 | AW27: 0.17486858 | AX27: 0.15856744 | AY27: 0.14753319 | AZ27: 0.13281687 | BA27: 0.13177543 | BB27: 0.12763506
B28: PNT / BT - Regulatória | C28: Non-Technical Losses / LT - Regulatory | X28: 0.272 | Y28: 0.272 | Z28: 0.272 | AA28: 0.272 | AB28: 0.272 | AC28: 0.2195 | AD28: 0.2195 | AE28: 0.2195 | AF28: 0.2195 | AG28: 0.2195 | AH28: 0.2195 | AI28: 0.2195 | AJ28: 0.2195 | AK28: 0.2195 | AL28: 0.2195 | AM28: 0.2195 | AN28: 0.2195 | AO28: 0.2195 | AP28: 0.2195 | AQ28: 0.2195 | AR28: 0.2195 | AS28: 0.2195 | AT28: 0.2195 | AU28: 0.2195 | AV28: 0.2195 | AW28: 0.15862844 | AX28: 0.15862844 | AY28: 0.15862844 | AZ28: 0.15862844 | BA28: 0.146286 | BB28: 0.15331038
B30: CEEE-D (%) - últ. 12 meses (%) | C30: CEEE-D - last 12 months (%) | D30: 1T13 | E30: 2T13 | F30: 3T13 | G30: 4T13 | H30: 1T14 | I30: 2T14 | J30: 3T14 | K30: 4T14 | L30: 1T15 | M30: 2T15 | N30: 3T15 | O30: 4T15 | P30: 1T16 | Q30: 2T16 | R30: 3T16 | S30: 4T16 | T30: 1T17 | U30: 2T17 | V30: 3T17 | W30: 4T17 | X30: 1T18 | Y30: 2T18 | Z30: 3T18 | AA30: 4T18 | AB30: =AB24 -> 1T19 | AC30: =AC24 -> 2T19 | AD30: =AD24 -> 3T19 | AE30: =AE24 -> 4T19 | AF30: =AF24 -> 1T20 | AG30: =AG24 -> 2T20 | AH30: =AH24 -> 3T20 | AI30: =AI24 -> 4T20 | ... AW30: =AW24 -> 2T24 | AX30: 3T24 | AY30: =AY24 -> 4T24 | AZ30: =AZ24 -> 1T25 | BA30: =BA24 -> 2T25 | BB30: =BB24 -> 3T25
B31: PT / Inj | C31: Total Losses / Injected Energy | AI31: 0.18269762 | AJ31: 0.18544959 | AK31: 0.18387929 | AL31: 0.19171001 | AM31: 0.18615401 | AN31: 0.18069693 | AO31: 0.1845268 | AP31: 0.1696712 | AQ31: 0.15897121 | AR31: 0.15673222 | AS31: 0.13967378 | AT31: 0.13379558 | AU31: 0.128318 | AV31: 0.12444857 | AW31: 0.13374449 | AX31: 0.12898179 | AY31: 0.12281064 | AZ31: 0.12558515 | BA31: 0.12052756 | BB31: 0.11730835
B32: PT / Inj - Regulatória | C32: Total Losses / Injected Energy - Regulatory | AI32: 0.0994 | AJ32: 0.0994 | AK32: 0.0994 | AL32: 0.0994 | AM32: 0.11077899 | AN32: 0.11077899 | AO32: 0.11077899 | AP32: 0.11019476 | AQ32: 0.11021061 | AR32: 0.11021061 | AS32: 0.11021061 | AT32: 0.11021061 | AU32: 0.1127 | AV32: 0.1127 | AW32: 0.11266671 | AX32: 0.11266671 | AY32: 0.11378976 | AZ32: 0.11378976 | BA32: 0.11378976 | BB32: 0.11369718
B33: PNT / BT | C33: Non-Technical Losses / LT | AI33: 0.24085127 | AJ33: 0.24654502 | AK33: 0.244 | AL33: 0.27170257 | AM33: 0.24708464 | AN33: 0.23426004 | AO33: 0.24468425 | AP33: 0.20435771 | AQ33: 0.17938773 | AR33: 0.17301922 | AS33: 0.1365227 | AT33: 0.12432294 | AU33: 0.1132258 | AV33: 0.10561355 | AW33: 0.12417898 | AX33: 0.113435 | AY33: 0.1012623 | AZ33: 0.10645296 | BA33: 0.096630704 | BB33: 0.090760503
B34: PNT / BT - Regulatória | C34: Non-Technical Losses / LT - Regulatory | AI34: 0.0704 | AJ34: 0.0704 | AK34: 0.0704 | AL34: 0.0704 | AM34: 0.0704 | AN34: 0.080349 | AO34: 0.080349 | AP34: 0.080349 | AQ34: 0.080349 | AR34: 0.080349 | AS34: 0.080349 | AT34: 0.080349 | AU34: 0.080349 | AV34: 0.080349 | AW34: 0.080349 | AX34: 0.080349 | AY34: 0.080349 | AZ34: 0.080349 | BA34: 0.080349 | BB34: 0.080349
B36: CEA (%) - últ. 12 meses (%) | C36: CEA - last 12 months (%) | D36: 1T13 | E36: 2T13 | F36: 3T13 | G36: 4T13 | H36: 1T14 | I36: 2T14 | J36: 3T14 | K36: 4T14 | L36: 1T15 | M36: 2T15 | N36: 3T15 | O36: 4T15 | P36: 1T16 | Q36: 2T16 | R36: 3T16 | S36: 4T16 | T36: 1T17 | U36: 2T17 | V36: 3T17 | W36: 4T17 | X36: 1T18 | Y36: 2T18 | Z36: 3T18 | AA36: 4T18 | AB36: =AB30 -> 1T19 | AC36: =AC30 -> 2T19 | AD36: =AD30 -> 3T19 | AE36: =AE30 -> 4T19 | AF36: =AF30 -> 1T20 | AG36: =AG30 -> 2T20 | AH36: =AH30 -> 3T20 | AI36: =AI30 -> 4T20 | ... AW36: =AW30 -> 2T24 | AX36: 3T24 | AY36: =AY30 -> 4T24 | AZ36: =AZ30 -> 1T25 | BA36: =BA30 -> 2T25 | BB36: =BB30 -> 3T25
B37: PT / Inj | C37: Total Losses / Injected Energy | AI37: 0.49450188 | AJ37: 0.49001205 | AK37: 0.48229849 | AL37: 0.46088899 | AM37: 0.45654664 | AN37: 0.47288049 | AO37: 0.47995637 | AP37: 0.48393059 | AQ37: 0.45958847 | AR37: 0.44539091 | AS37: 0.43680151 | AT37: 0.41514734 | AU37: 0.41396726 | AV37: 0.39246113 | AW37: 0.3727375 | AX37: 0.3560839 | AY37: 0.3352294 | AZ37: 0.32310867 | BA37: 0.3135393 | BB37: 0.30943972
B38: PT / Inj - Regulatória | C38: Total Losses / Injected Energy - Regulatory | AI38: 0.35097089 | AJ38: 0.35097089 | AK38: 0.35097089 | AL38: 0.35097089 | AM38: 0.35097089 | AN38: 0.35097089 | AO38: 0.35097089 | AP38: 0.35097089 | AQ38: 0.33452155 | AR38: 0.33452155 | AS38: 0.33452155 | AT38: 0.33452155 | AU38: 0.33452155 | AV38: 0.33574884 | AW38: 0.33574884 | AX38: 0.33574884 | AY38: 0.33718757 | AZ38: 0.33718757 | BA38: 0.33665026 | BB38: 0.33698179
B39: PNT / BT | C39: Non-Technical Losses / LT | AI39: 1.0351711 | AJ39: 1.0057518 | AK39: 0.97197302 | AL39: 0.87265336 | AM39: 0.85510013 | AN39: 0.93362409 | AO39: 0.98898878 | AP39: 1.0089699 | AQ39: 0.88480953 | AR39: 0.81368529 | AS39: 0.75942888 | AT39: 0.66946303 | AU39: 0.65726763 | AV39: 0.58120268 | AW39: 0.52177594 | AX39: 0.4732041 | AY39: 0.41726224 | AZ39: 0.38700498 | BA39: 0.36371239 | BB39: 0.35424511
B40: PNT / BT - Regulatória | C40: Non-Technical Losses / LT - Regulatory | AI40: 0.4949 | AJ40: 0.4949 | AK40: 0.4949 | AL40: 0.4949 | AM40: 0.4949 | AN40: 0.4949 | AO40: 0.4949 | AP40: 0.4949 | AQ40: 0.4639 | AR40: 0.4639 | AS40: 0.4639 | AT40: 0.4639 | AU40: 0.4639 | AV40: 0.4329 | AW40: 0.4329 | AX40: 0.4329 | AY40: 0.402 | AZ40: 0.402 | BA40: 0.402 | BB40: 0.40615038
B42: Goiás (%) - últ. 12 meses (%) | C42: Goiás - last 12 months (%) | D42: 1T13 | E42: 2T13 | F42: 3T13 | G42: 4T13 | H42: 1T14 | I42: 2T14 | J42: 3T14 | K42: 4T14 | L42: 1T15 | M42: 2T15 | N42: 3T15 | O42: 4T15 | P42: 1T16 | Q42: 2T16 | R42: 3T16 | S42: 4T16 | T42: 1T17 | U42: 2T17 | V42: 3T17 | W42: 4T17 | X42: 1T18 | Y42: 2T18 | Z42: 3T18 | AA42: 4T18 | AB42: =AB36 -> 1T19 | AC42: =AC36 -> 2T19 | AD42: =AD36 -> 3T19 | AE42: =AE36 -> 4T19 | AF42: =AF36 -> 1T20 | AG42: =AG36 -> 2T20 | AH42: =AH36 -> 3T20 | AI42: =AI36 -> 4T20 | ... AW42: =AW36 -> 2T24 | AX42: 3T24 | AY42: =AY36 -> 4T24 | AZ42: =AZ36 -> 1T25 | BA42: =BA36 -> 2T25 | BB42: =BB36 -> 3T25
B43: PT / Inj | C43: Total Losses / Injected Energy | AM43: 0.14151526 | AN43: 0.12201453 | AO43: 0.1229206 | AP43: 0.11843976 | AQ43: 0.12105388 | AR43: 0.12205156 | AS43: 0.11848107 | AT43: 0.12299173 | AU43: 0.12366335 | AV43: 0.11672574 | AW43: 0.11547615 | AX43: 0.10989025 | AY43: 0.099138794 | AZ43: 0.095938263 | BA43: 0.096905345 | BB43: 0.096803231
B44: PT / Inj - Regulatória | C44: Total Losses / Injected Energy - Regulatory | AQ44: 0.1174141 | AR44: 0.1174141 | AS44: 0.1174141 | AT44: 0.1174141 | AU44: 0.12292108 | AV44: 0.12292108 | AW44: 0.12292108 | AX44: 0.12292108 | AY44: 0.12543217 | AZ44: 0.12543217 | BA44: 0.12485161 | BB44: 0.12543217
B45: PNT / BT | C45: Non-Technical Losses / LT | AM45: 0.092766264 | AN45: 0.052889208 | AO45: 0.05492103 | AP45: 0.045981693 | AQ45: 0.0512091 | AR45: 0.053173009 | AS45: 0.045808913 | AT45: 0.054559748 | AU45: 0.055189496 | AV45: 0.041518234 | AW45: 0.039016713 | AX45: 0.028384763 | AY45: 0.0084552449 | AZ45: 0.0025910276 | BA45: 0.0043569021 | BB45: 0.004158815
B46: PNT / BT - Regulatória | C46: Non-Technical Losses / LT - Regulatory | AQ46: 0.044 | AR46: 0.044 | AS46: 0.044 | AT46: 0.044 | AU46: 0.04459408 | AV46: 0.04459408 | AW46: 0.04459408 | AX46: 0.04459408 | AY46: 0.044226 | AZ46: 0.044226 | BA46: 0.044309035 | BB46: 0.044226
B48: Em relação à cobertura tarifária para compra de energia da CEA, cumpre destacar que além do valor usual implícito no nível de perdas regulatórias, na REH 3.006, de 16 de dezembro DE 2021, a ANEEL homologou o valor de adicional R$ 89.372.044,46, a ser recebido em 12 parcelas no período Dez/21 a Nov/22, referente ao Parágrafo único do Art. 4º B da Lei 12.111, de 9 de dezembro de 2009. Este mecanismo complementar, previsto em Lei, se extingue no processo tarifário de 2025, e o montante de energia associado será reduzido gradativamente 25% a cada ano, partindo do processo de 2021

Sheet Perdas Distribuição (Pós CP 09)
B6: Maranhão - últ. 12 meses (%) | C6: Maranhão - last 12 months (%) | D6: 4T24 | E6: 1T25 | F6: 2T25 | G6: 3T25 | H6: 4T25 | I6: 1T26 | J6: 2T26
B7: PT / Inj | C7: Total Losses / Injected Energy | D7: 0.1876783 | E7: 0.18600676 | F7: 0.19201432 | G7: 0.19366179 | H7: 0.19189873 | I7: 0.19207313 | J7: 0.18672788
B8: PT / Inj - Regulatória | C8: Total Losses / Injected Energy - Regulatory | G8: 0.19074995 | H8: 0.19074995 | I8: 0.19074995 | J8: 0.19074995
B9: PNT / BT | C9: Non-Technical Losses / LT | D9: 0.12550194 | E9: 0.12249033 | F9: 0.13348915 | G9: 0.12540388 | H9: 0.12225983 | I9: 0.1225728 | J9: 0.11306434
B10: PNT / BT - Regulatória | C10: Non-Technical Losses / LT - Regulatory | G10: 0.12034594 | H10: 0.12034594 | I10: 0.12034594 | J10: 0.12034594
B12: Pará (%) - últ. 12 meses (%) | C12: Pará - last 12 months (%) | D12: =D6 -> 4T24 | E12: =E6 -> 1T25 | F12: =F6 -> 2T25 | G12: =G6 -> 3T25 | H12: =H6 -> 4T25 | I12: 1T26 | J12: 2T26
B13: PT / Inj | C13: Total Losses / Injected Energy | D13: 0.29051859 | E13: 0.29323767 | F13: 0.29352916 | G13: 0.2949287 | H13: 0.29609898 | I13: 0.29737721 | J13: 0.29502697
B14: PT / Inj - Regulatória | C14: Total Losses / Injected Energy - Regulatory | G14: 0.28931461 | H14: 0.28931461 | I14: 0.28931461 | J14: 0.28931461
B15: PNT / BT | C15: Non-Technical Losses / LT | D15: 0.35755675 | E15: 0.36498352 | F15: 0.36822078 | G15: 0.37354632 | H15: 0.37647097 | I15: 0.37942355 | J15: 0.37152464
B16: PNT / BT - Regulatória | C16: Non-Technical Losses / LT - Regulatory | G16: 0.353698 | H16: 0.353698 | I16: 0.353698 | J16: 0.353698
B18: Piauí (%) - últ. 12 meses (%) | C18: Piauí - last 12 months (%) | D18: =D12 -> 4T24 | E18: =E12 -> 1T25 | F18: =F12 -> 2T25 | G18: =G12 -> 3T25 | H18: =H12 -> 4T25 | I18: 1T26 | J18: 2T26
B19: PT / Inj | C19: Total Losses / Injected Energy | D19: 0.17889135 | E19: 0.17480671 | F19: 0.17550017 | G19: 0.17444298 | H19: 0.17119858 | I19: 0.17107928 | J19: 0.16936816
B20: PT / Inj - Regulatória | C20: Total Losses / Injected Energy - Regulatory | H20: 0.1933414 | I20: 0.1933414 | J20: 0.1933414
B21: PNT / BT | C21: Non-Technical Losses / LT | D21: 0.11829058 | E21: 0.11045177 | F21: 0.11241155 | G21: 0.11026911 | H21: 0.10424171 | I21: 0.10434768 | J21: 0.10091461
B22: PNT / BT - Regulatória | C22: Non-Technical Losses / LT - Regulatory | H22: 0.135612 | I22: 0.135612 | J22: 0.135612
B24: Alagoas (%) - últ. 12 meses (%) | C24: Alagoas - last 12 months (%) | D24: =D18 -> 4T24 | E24: =E18 -> 1T25 | F24: =F18 -> 2T25 | G24: =G18 -> 3T25 | H24: =H18 -> 4T25 | I24: 1T26 | J24: 2T26
B25: PT / Inj | C25: Total Losses / Injected Energy | D25: 0.17867627 | E25: 0.16969861 | F25: 0.16883978 | G25: 0.16681772 | H25: 0.16542005 | I25: 0.16427757 | J25: 0.16093426
B26: PT / Inj - Regulatória | C26: Total Losses / Injected Energy - Regulatory | F26: 0.18586158 | G26: 0.18586158 | H26: 0.18586158 | I26: 0.18586158 | J26: 0.18034965
B27: PNT / BT | C27: Non-Technical Losses / LT | D27: 0.16963828 | E27: 0.15011413 | F27: 0.14868593 | G27: 0.14458516 | H27: 0.14096443 | I27: 0.13851421 | J27: 0.13146464
B28: PNT / BT - Regulatória | C28: Non-Technical Losses / LT - Regulatory | F28: 0.183228 | G28: 0.183228 | H28: 0.183228 | I28: 0.183228 | J28: 0.17081805
B30: CEEE-D (%) - últ. 12 meses (%) | C30: CEEE-D - last 12 months (%) | D30: =D24 -> 4T24 | E30: =E24 -> 1T25 | F30: =F24 -> 2T25 | G30: =G24 -> 3T25 | H30: =H24 -> 4T25 | I30: 1T26 | J30: 2T26
B31: PT / Inj | C31: Total Losses / Injected Energy | D31: 0.1319776 | E31: 0.13486604 | F31: 0.13025297 | G31: 0.12718011 | H31: 0.13683811 | I31: 0.13056755 | J31: 0.12892038
B32: PT / Inj - Regulatória | C32: Total Losses / Injected Energy - Regulatory | H32: 0.12548689 | I32: 0.12548689 | J32: 0.12548689
B33: PNT / BT | C33: Non-Technical Losses / LT | D33: 0.12126823 | E33: 0.12672048 | F33: 0.11715555 | G33: 0.11140239 | H33: 0.13145863 | I33: 0.11942852 | J33: 0.11539312
B34: PNT / BT - Regulatória | C34: Non-Technical Losses / LT - Regulatory | H34: 0.10628384 | I34: 0.10628384 | J34: 0.10628384
B36: CEA (%) - últ. 12 meses (%) | C36: CEA - last 12 months (%) | D36: =D30 -> 4T24 | E36: =E30 -> 1T25 | F36: =F30 -> 2T25 | G36: =G30 -> 3T25 | H36: =H30 -> 4T25 | I36: 1T26 | J36: 2T26
B37: PT / Inj | C37: Total Losses / Injected Energy | D37: 0.33114092 | E37: 0.32008348 | F37: 0.31275444 | G37: 0.31325023 | H37: 0.30765627 | I37: 0.3019478 | J37: 0.29462866
B38: PT / Inj - Regulatória | C38: Total Losses / Injected Energy - Regulatory | H38: 0.33182554 | I38: 0.33182554 | J38: 0.33182554
B39: PNT / BT | C39: Non-Technical Losses / LT | D39: 0.40766308 | E39: 0.38187259 | F39: 0.36580736 | G39: 0.36919689 | H39: 0.35924236 | I39: 0.34556445 | J39: 0.32725521
B40: PNT / BT - Regulatória | C40: Non-Technical Losses / LT - Regulatory | H40: 0.410399 | I40: 0.410399 | J40: 0.410399
B42: Goiás (%) - últ. 12 meses (%) | C42: Goiás - last 12 months (%) | D42: =D36 -> 4T24 | E42: =E36 -> 1T25 | F42: =F36 -> 2T25 | G42: =G36 -> 3T25 | H42: =H36 -> 4T25 | I42: 1T26 | J42: 2T26
B43: PT / Inj | C43: Total Losses / Injected Energy | D43: 0.10777641 | E43: 0.10812295 | F43: 0.10323487 | G43: 0.10016926 | H43: 0.10332587 | I43: 0.10024357 | J43: 0.10310473
B44: PT / Inj - Regulatória | C44: Total Losses / Injected Energy - Regulatory | H44: 0.12775173 | I44: 0.12775173 | J44: 0.12775173
B45: PNT / BT | C45: Non-Technical Losses / LT | D45: 0.025369279 | E45: 0.02620735 | F45: 0.016788481 | G45: 0.010855198 | H45: 0.016964403 | I45: 0.011026461 | J45: 0.016565212
B46: PNT / BT - Regulatória | C46: Non-Technical Losses / LT - Regulatory | H46: 0.062081 | I46: 0.062081 | J46: 0.062081
B48: Em relação à cobertura tarifária para compra de energia da CEA, cumpre destacar que além do valor usual implícito no nível de perdas regulatórias, a Aneel disponibilizou na Sparta da RTA 2025 o valor de adicional R$ 55,3 milhões, que ainda será homologado via REH, e é referente ao parágrafo único do art. 4º b da lei 12.111, de 9 de dezembro de 2009. Este mecanismo complementar, previsto em lei, se extingue no processo tarifário de 2026.
B53: *Devido às mudanças regulatórias propostas na CP 009/2024, a metodologia de cálculo das perdas regulatórias ainda não está consolidada. Assim, não é possível calcular os demais trimestres com consistência, razão pela qual não foram apresentados na planilha.

Sheet Operacional Saneamento
B6: CSA (100%) | C6: CSA (100%)
B7: Indicadores Operacionais - Água | C7: Operational Indicators - Water | E7: 3T22 | F7: 4T22 | G7: 1T23 | H7: 2T23 | I7: 3T23 | J7: 4T23 | K7: 1T24 | L7: 2T24 | M7: 3T24 | N7: 4T24 | O7: 1T25 | P7: 2T25 | Q7: 3T25 | R7: 4T25 | S7: 1T26 | T7: 2T26
B8: Ligações ativas (mil) | C8: Active Connections (thousand) | E8: 66.56 | F8: 78.173 | G8: 76.549 | H8: 71.713 | I8: 75.471 | J8: 75.37 | K8: 75.166
B9: Economias ativas (mil) | C9: Active Economies (thousand) | E9: 71.568 | F9: 88.777 | G9: 85.67 | H9: 79.828 | I9: 82.597 | J9: 81.486 | K9: 80.747 | L9: 82.272 | M9: 89.796 | N9: 95.431 | O9: 99.067 | P9: 99.57 | Q9: 98.447 | R9: 96.415 | S9: 94.654 | T9: 93.412
B10: Relação Ecnomias/Ligações | C10: Economies/Connections Relation | E10: =E9/E8 -> 1.0752404 | F10: =F9/F8 -> 1.1356479 | G10: =G9/G8 -> 1.1191524 | H10: =H9/H8 -> 1.1131594 | I10: =I9/I8 -> 1.0944204 | J10: 1.0811463 | K10: 1.074249 | O10: 5405.486 | S10: 5258.771 | T10: 5200.786
B11: Volume Faturado (mil m3) | C11: Billed Volume (thousand m3) | E11: 3772.948 | F11: 5264.612 | G11: 5787.664 | H11: 5515.351 | I11: 5507.542 | J11: 5450.408 | K11: 4964.69 | L11: 5047.419 | M11: 5363.56 | N11: 5484.781 | O11: 5405.486 | P11: 5532.521 | Q11: 5450.514 | R11: 5391.149 | S11: 5258.771 | T11: 5200.786
B12: Índice de Cobertura (%) | C12: Coverage Index (%) | E12: 0.35 | F12: 0.4058 | G12: 0.4058 | H12: 0.42 | I12: 0.42 | J12: 0.42 | K12: 0.42 | L12: 0.5598 | M12: 0.589 | N12: 0.6345 | O12: 0.63240415 | P12: 0.6999 | Q12: 0.6999 | R12: 0.7156 | S12: 0.7156 | T12: 0.7166
B13: Índice de Perda da Distribuição (%) | C13: Losses (%) | E13: 0.702 | F13: 0.653 | G13: 0.64009689 | H13: 0.6155 | I13: 0.5939 | J13: 0.5849 | K13: 0.6024 | L13: 0.61223381 | M13: 0.61175763 | N13: 0.63208445 | O13: 0.63240415 | P13: 0.64543714 | Q13: 0.6289 | R13: 0.64513953 | S13: 0.66082747 | T13: 0.67253295
B14: Extensão de rede (km) | C14: Network Extension (km) | E14: 873 | F14: 873 | G14: 873 | H14: 873 | I14: 873 | J14: 873 | K14: 873 | L14: 1163.21
B16: Indicadores Operacionais - Esgoto | C16: Operational Indicators - Sewage | E16: 3T22 | F16: 4T22 | G16: 1T23 | H16: 2T23 | I16: 3T23 | J16: 4T23 | K16: 1T24 | L16: 2T24 | M16: 3T24 | N16: 4T24 | O16: 1T25 | P16: 2T25 | Q16: 3T25 | R16: 4T25 | S16: =S7 -> 1T26 | T16: =T7 -> 2T26
B17: Ligações ativas (mil) | C17: Active Connections (thousand) | E17: 8.27 | F17: 9.826 | G17: 9.654 | H17: 8.724 | I17: 8.066 | J17: 8.074 | K17: 8.889
B18: Economias ativas (mil) | C18: Active Economies (thousand) | E18: 10.463 | F18: 12.137 | G18: 11.828 | H18: 10.84 | I18: 10.092 | J18: 9.734 | K18: 10.927 | L18: 13.691 | M18: 18.148 | N18: 18.872 | O18: 18.696 | P18: 18.573 | Q18: 19.235 | R18: 19.017 | S18: 18.859 | T18: 18.942
B19: Volume Faturado (mil m3) | C19: Billed Volume (thousand m3) | E19: 525.3265 | F19: 786.092 | G19: 745.9353 | H19: 701.956 | I19: 764.112 | J19: 638.731 | K19: 589.156 | L19: 813.658 | M19: 981.5 | N19: 1013.653 | O19: 1008.547 | P19: 1019.03 | Q19: 1061.303 | R19: 1068.538 | S19: 1103.474 | T19: 1139.575
B20: Índice de cobertura (%) | C20: Coverage Index (%) | E20: 0.07 | F20: 0.07 | G20: 0.07 | H20: 0.07 | I20: 0.08 | J20: 0.08 | K20: 0.08 | L20: 0.1481 | M20: 0.1383 | N20: 0.1473 | O20: 0.1499 | P20: 0.1501 | Q20: 0.1533 | R20: 0.156 | S20: 0.156 | T20: 0.156
B21: Extensão de rede (km) | C21: Network Extension (km) | E21: 372 | F21: 372 | G21: 372 | H21: 372 | I21: 372 | J21: 372 | K21: 372 | L21: 82.87
B23: Indicadores Operacionais - Consolidado CSA | C23: Operational Indicators - Consolidated CSA | E23: 3T22 | F23: 4T22 | G23: 1T23 | H23: 2T23 | I23: 3T23 | J23: 4T23 | K23: 1T24 | L23: 2T24 | M23: 3T24 | N23: 4T24 | O23: 1T25 | P23: 2T25 | Q23: 3T25 | R23: 4T25 | S23: =S7 -> 1T26 | T23: =T7 -> 2T26
B24: Hidrômetros instalados (mil) | C24: Installed Water Meters (thousand) | E24: 3.1 | F24: 2.522 | G24: 3.261 | H24: 4.054 | I24: 5.961 | J24: 5.647 | K24: 5.898 | L24: 5.391 | M24: 6.331 | N24: 7.325 | O24: 12.76 | P24: 9.884 | Q24: 4.184 | R24: 2.841 | S24: 1.1 | T24: 1.305

Sheet Operacional Renováveis
C6: Echoenergia (100%) | D6: Echoenergia (100%)
C7: Geração Líquida Parque (GWh) | D7: Net Park Generation (GWh) | F7: 1T19 | G7: 2T19 | H7: 3T19 | I7: 4T19 | J7: 1T20 | K7: 2T20 | L7: 3T20 | M7: 4T20 | N7: 1T21 | O7: 2T21 | P7: 3T21 | Q7: 4T21 | R7: 1T22 | S7: 2T22 | T7: 3T22 | U7: 4T22 | V7: 1T23 | W7: 2T23 | X7: 3T23 | Y7: 4T23 | Z7: 1T24 | AA7: 2T24 | AB7: 3T24 | AC7: 4T24 | AD7: 1T25 | AE7: 2T25 | AF7: 3T25 | AG7: 4T25 | AH7: 1T26 | AI7: 2T26
C8: São Clemente | D8: São Clemente | F8: 201.87714 | G8: 188.82039 | H8: 244.23123 | I8: 282.64081 | J8: 155.12741 | K8: 151.29882 | L8: 243.08229 | M8: 281.56304 | N8: 228.74878 | O8: 159.81666 | P8: 225.06946 | Q8: 290.61094 | R8: 209.01521 | S8: 144.23233 | T8: 213.45373 | U8: 252.55219 | V8: 237.86984 | W8: 157.54038 | X8: 202.2599 | Y8: 245.51469 | Z8: 193.28151 | AA8: 142.59186 | AB8: 211.18305 | AC8: 264.49666 | AD8: 179.1123 | AE8: 155.4637 | AF8: 175.6799 | AG8: 258.08717 | AH8: 186.01587 | AI8: 139.72304
C9: Tianguá | D9: Tianguá | F9: 101.20092 | G9: 97.706699 | H9: 143.77174 | I9: 170.50109 | J9: 76.794326 | K9: 83.850567 | L9: 138.11464 | M9: 174.01468 | N9: 122.88644 | O9: 96.420537 | P9: 137.69402 | Q9: 170.00501 | R9: 117.1886 | S9: 98.053743 | T9: 133.62787 | U9: 165.23558 | V9: 118.05207 | W9: 92.054836 | X9: 121.01518 | Y9: 177.81704 | Z9: 116.93681 | AA9: 98.02996 | AB9: 137.26766 | AC9: 184.31703 | AD9: 101.41665 | AE9: 113.80513 | AF9: 141.80245 | AG9: 163.96059 | AH9: 114.88183 | AI9: 86.857171
C10: Echo 1 | D10: Echo 1 | F10: 60.819446 | G10: 81.114532 | H10: 120.79036 | I10: 101.65878 | J10: 41.493311 | K10: 72.255136 | L10: 130.16256 | M10: 90.949715 | N10: 68.154443 | O10: 87.662751 | P10: 123.87118 | Q10: 77.745364 | R10: 53.203545 | S10: 71.092545 | T10: 116.79367 | U10: 73.452434 | V10: 62.891977 | W10: 71.731901 | X10: 107.62269 | Y10: 78.792102 | Z10: 43.803979 | AA10: 71.326015 | AB10: 119.68356 | AC10: 82.817434 | AD10: 63.000003 | AE10: 79.620737 | AF10: 117.54284 | AG10: 91.938671 | AH10: 50.885364 | AI10: 79.457187
C11: Echo 2 | D11: Echo 2 | F11: 91.699483 | G11: 124.11816 | H11: 175.23221 | I11: 151.03858 | J11: 69.59148 | K11: 116.38423 | L11: 181.26311 | M11: 154.44148 | N11: 107.90519 | O11: 123.13574 | P11: 178.57805 | Q11: 125.77363 | R11: 84.631164 | S11: 97.801474 | T11: 171.47924 | U11: 118.48445 | V11: 97.90311 | W11: 99.46608 | X11: 137.32879 | Y11: 121.13951 | Z11: 72.202522 | AA11: 105.64305 | AB11: 143.56299 | AC11: 82.83574 | AD11: 73.894887 | AE11: 92.132963 | AF11: 124.44197 | AG11: 102.30803 | AH11: 71.546412 | AI11: 93.395652
C12: Echo 3 | D12: Echo 3 | F12: 0 | G12: 0 | H12: 0 | I12: 0 | J12: 4.798263 | K12: 49.976081 | L12: 130.63264 | M12: 146.22707 | N12: 99.941536 | O12: 80.948 | P12: 132.03808 | Q12: 132.12631 | R12: 77.873258 | S12: 63.080462 | T12: 127.44425 | U12: 128.84539 | V12: 92.836231 | W12: 73.030804 | X12: 93.701272 | Y12: 87.048311 | Z12: 32.535513 | AA12: 44.684761 | AB12: 59.02783 | AC12: 118.70239 | AD12: 79.572373 | AE12: 53.831853 | AF12: 86.678144 | AG12: 94.507528 | AH12: 75.879212 | AI12: 58.305063
C13: Echo 4 | D13: Echo 4 | F13: 69.531853 | G13: 90.110232 | H13: 128.11187 | I13: 124.36318 | J13: 55.434577 | K13: 81.373725 | L13: 139.508 | M13: 124.97849 | N13: 94.66908 | O13: 99.033269 | P13: 136.82098 | Q13: 107.73987 | R13: 73.713392 | S13: 76.90945 | T13: 129.83959 | U13: 104.44756 | V13: 87.032077 | W13: 80.789121 | X13: 113.19479 | Y13: 119.06872 | Z13: 63.367925 | AA13: 50.216592 | AB13: 116.83085 | AC13: 102.31229 | AD13: 77.6566 | AE13: 78.294355 | AF13: 100.78016 | AG13: 86.83878 | AH13: 61.063406 | AI13: 67.110388
C14: Echo 5 | D14: Echo 5 | F14: 42.34422 | G14: 54.012313 | H14: 77.452318 | I14: 69.19504 | J14: 29.355343 | K14: 45.42764 | L14: 81.370248 | M14: 64.636078 | N14: 48.378539 | O14: 57.226038 | P14: 80.575046 | Q14: 54.943318 | R14: 39.70781 | S14: 48.003488 | T14: 75.705846 | U14: 51.566467 | V14: 45.111911 | W14: 45.111498 | X14: 64.401689 | Y14: 50.894218 | Z14: 58.989166 | AA14: 73.416855 | AB14: 69.706673 | AC14: 54.844159 | AD14: 41.43352 | AE14: 88.316559 | AF14: 60.78575 | AG14: 46.254456 | AH14: 30.805732 | AI14: 40.931193
C15: Echo 6 | D15: Echo 6 | F15: 0 | G15: 0 | H15: 0 | I15: 0 | J15: 0 | K15: 29.780095 | L15: 119.10659 | M15: 135.34201 | N15: 93.614676 | O15: 78.427337 | P15: 130.00595 | Q15: 132.02527 | R15: 77.979736 | S15: 64.589968 | T15: 123.57791 | U15: 124.1008 | V15: 92.278617 | W15: 72.438314 | X15: 91.128756 | Y15: 86.340951 | Z15: 56.128571 | AA15: 48.471742 | AB15: 54.037228 | AC15: 114.12732 | AD15: 80.237634 | AE15: 79.727499 | AF15: 83.577533 | AG15: 90.996326 | AH15: 75.115462 | AI15: 57.873501
C16: Echo 7 | D16: Echo 7 | F16: 0 | G16: 0 | H16: 0 | I16: 0 | J16: 0 | K16: 1.668253 | L16: 74.45142 | M16: 82.831688 | N16: 48.191188 | O16: 58.839831 | P16: 93.226692 | Q16: 91.303229 | R16: 55.238484 | S16: 44.355251 | T16: 88.453642 | U16: 91.919252 | V16: 65.612779 | W16: 50.561898 | X16: 67.594897 | Y16: 67.085396 | Z16: 45.891878 | AA16: 33.829451 | AB16: 38.746821 | AC16: 83.17992 | AD16: 57.589577 | AE16: 57.531187 | AF16: 59.929492 | AG16: 64.13809 | AH16: 52.015461 | AI16: 41.827418
C17: Echo 8 | D17: Echo 8 | F17: 0 | G17: 0 | H17: 0 | I17: 0 | J17: 0 | K17: 0 | L17: 0 | M17: 0 | N17: 0 | O17: 0.000654744 | P17: 27.798001 | Q17: 54.272762 | R17: 66.54196 | S17: 60.413474 | T17: 113.45111 | U17: 110.9622 | V17: 79.67787 | W17: 68.934672 | X17: 84.181263 | Y17: 84.249591 | Z17: 59.018976 | AA17: 47.489658 | AB17: 49.229943 | AC17: 97.831539 | AD17: 74.741449 | AE17: 72.536794 | AF17: 75.84648 | AG17: 78.84422 | AH17: 67.921221 | AI17: 55.696058
C18: Echo 9 | D18: Echo 9 | F18: 0 | G18: 0 | H18: 0 | I18: 0 | J18: 0 | K18: 0 | L18: 0 | M18: 0 | N18: 0 | O18: 0 | P18: 2.8318475 | Q18: 35.522916 | R18: 46.013436 | S18: 46.809012 | T18: 89.190075 | U18: 87.365859 | V18: 61.557016 | W18: 54.19764 | X18: 66.653028 | Y18: 65.637127 | Z18: 47.468388 | AA18: 36.708295 | AB18: 37.488782 | AC18: 74.975205 | AD18: 58.905139 | AE18: 58.079647 | AF18: 59.528584 | AG18: 60.980379 | AH18: 53.517751 | AI18: 43.17467
C19: Echo 10 | D19: Echo 10 | F19: 0 | G19: 0 | H19: 0 | I19: 0 | J19: 0 | K19: 0 | L19: 0 | M19: 0 | N19: 0 | O19: 0 | P19: 0.10355127 | Q19: 35.849052 | R19: 32.755546 | S19: 27.514222 | T19: 49.374957 | U19: 50.935586 | V19: 37.988968 | W19: 30.721724 | X19: 36.789959 | Y19: 32.469674 | Z19: 27.511412 | AA19: 21.151473 | AB19: 20.80994 | AC19: 44.363416 | AD19: 33.775332 | AE19: 32.633133 | AF19: 33.288193 | AG19: 36.12139 | AH19: 32.051539 | AI19: 24.405925
... C21: Barreiras 1 | D21: Barreiras 1 | F21: 0 | G21: 0 | H21: 0 | I21: 0 | J21: 0 | K21: 0 | L21: 0 | M21: 0 | N21: 0 | O21: 0 | P21: 0 | Q21: 0 | R21: 0 | S21: 0 | T21: 0 | U21: 0 | V21: 0 | W21: 0 | X21: 0 | Y21: 0 | Z21: 0 | AA21: 15.240797 | AB21: 126.81981 | AC21: 164.06158 | AD21: 176.02026 | AE21: 133.72833 | AF21: 100.36247 | AG21: 135.76726 | AH21: 151.72606 | AI21: 120.57112
C22: Total | D22: Total | F22: =SUM(F8:F21) -> 567.47306 | G22: =SUM(G8:G21) -> 635.88232 | H22: =SUM(H8:H21) -> 889.58973 | I22: =SUM(I8:I21) -> 899.39747 | J22: =SUM(J8:J21) -> 432.59471 | K22: =SUM(K8:K21) -> 632.01455 | L22: =SUM(L8:L21) -> 1237.6915 | M22: =SUM(M8:M21) -> 1254.9843 | ... AG22: =SUM(AG8:AG21) -> 1388.3034 | AH22: 1107.0957 | AI22: =SUM(AI8:AI21) -> 1014.2129
C25: Ventos (m/s) | D25: Winds (m/s) | F25: 1T19 | G25: 2T19 | H25: 3T19 | I25: 4T19 | J25: 1T20 | K25: 2T20 | L25: 3T20 | M25: 4T20 | N25: 1T21 | O25: 2T21 | P25: 3T21 | Q25: 4T21 | R25: 1T22 | S25: 2T22 | T25: 3T22 | U25: 4T22 | V25: 1T23 | W25: 2T23 | X25: 3T23 | Y25: 4T23 | Z25: 1T24 | AA25: 2T24 | AB25: 3T24 | AC25: 4T24 | AD25: =AD7 -> 1T25 | AE25: =AE7 -> 2T25 | AF25: =AF7 -> 3T25 | AG25: =AG7 -> 4T25 | AH25: =AH7 -> 1T26 | AI25: =AI7 -> 2T26
C26: São Clemente | D26: São Clemente | F26: 6.9168175 | G26: 6.6250583 | H26: 7.4087675 | I26: 8.1072118 | J26: 6.0426714 | K26: 6.1089144 | L26: 7.4635018 | M26: 8.1115076 | N26: 7.1989183 | O26: 6.1860276 | P26: 7.11471 | Q26: 8.2791084 | R26: 7.0543521 | S26: 6.0558486 | T26: 7.0818563 | U26: 7.5528264 | V26: 7.5556423 | W26: 6.2284135 | X26: 6.9854897 | Y26: 7.7201517 | Z26: 6.7814664 | AA26: 6.0153928 | AB26: 7.4992348 | AC26: 8.1452405 | AD26: 7.1929968 | AE26: 6.3563355 | AF26: 7.1179608 | AG26: 8.32 | AH26: 6.84 | AI26: 6.25
C27: Tianguá | D27: Tianguá | F27: 6.6721791 | G27: 6.5287033 | H27: 8.0859394 | I27: 9.3670129 | J27: 5.8761409 | K27: 6.0774629 | L27: 7.501545 | M27: 8.9892779 | N27: 7.1697535 | O27: 6.068171 | P27: 7.597778 | Q27: 8.7442639 | R27: 7.0294459 | S27: 6.3881422 | T27: 7.3152211 | U27: 8.2239593 | V27: 6.9511997 | W27: 6.2113052 | X27: 8.1785198 | Y27: 9.2153988 | Z27: 6.7883278 | AA27: 6.4774461 | AB27: 8.180771 | AC27: 9.3600426 | AD27: 7.3460441 | AE27: 7.2469739 | AF27: 8.2891868 | AG27: 9.34 | AH27: 7.26 | AI27: 6.3
C28: Echo 1 | D28: Echo 1 | F28: 7.1005379 | G28: 8.1605561 | H28: 9.9911842 | I28: 9.1063863 | J28: 5.9944645 | K28: 7.6944303 | L28: 10.337091 | M28: 8.5665446 | N28: 7.4910793 | O28: 8.5036762 | P28: 10.388078 | Q28: 7.9785958 | R28: 6.9710204 | S28: 7.9252348 | T28: 10.106774 | U28: 7.8953308 | V28: 7.586227 | W28: 7.9317189 | X28: 9.6799014 | Y28: 8.4026476 | Z28: 6.6336485 | AA28: 8.2396057 | AB28: 10.574643 | AC28: 8.6857415 | AD28: 7.7545217 | AE28: 8.7283723 | AF28: 10.3738 | AG28: 9.16 | AH28: 6.95 | AI28: 8.64
C29: Echo 2 | D29: Echo 2 | F29: 6.981519 | G29: 7.9754801 | H29: 9.9199752 | I29: 8.9540247 | J29: 6.0912032 | K29: 7.7342465 | L29: 9.7520053 | M29: 8.9542023 | N29: 7.5704338 | O29: 7.9267299 | P29: 10.101791 | Q29: 8.4022281 | R29: 6.9888627 | S29: 7.542872 | T29: 9.914791 | U29: 8.12745 | V29: 7.7280625 | W29: 7.6983963 | X29: 9.312119 | Y29: 8.4367713 | Z29: 6.6140616 | AA29: 7.9750169 | AB29: 10.287946 | AC29: 8.7566685 | AD29: 7.496716 | AE29: 8.1150911 | AF29: 9.9001656 | AG29: 9.22 | AH29: 7.12 | AI29: 8.07
C30: Echo 3 | D30: Echo 3 | G30: 7.5355471 | H30: 8.6349819 | I30: 9.4144547 | J30: 6.7805938 | K30: 6.4216551 | L30: 8.3647288 | M30: 8.9442321 | N30: 7.767596 | O30: 6.6196593 | P30: 8.4937763 | Q30: 8.7334579 | R30: 6.8084086 | S30: 6.1014571 | T30: 8.1853354 | U30: 8.4227553 | V30: 7.1567168 | W30: 7.1412965 | X30: 8.2953322 | Y30: 8.6209976 | Z30: 6.1381946 | AA30: 6.5776091 | AB30: 9.3069516 | AC30: 8.8276347 | AD30: 6.8875052 | AE30: 7.2749573 | AF30: 8.5910318 | AG30: 9.25 | AH30: 6.91 | AI30: 6.1
C31: Echo 4 | D31: Echo 4 | F31: 6.254062 | G31: 7.1829313 | H31: 8.8044272 | I31: 8.6040631 | J31: 5.7072417 | K31: 6.7532086 | L31: 8.9733874 | M31: 8.4274615 | N31: 7.2396929 | O31: 7.4061316 | P31: 9.1420411 | Q31: 7.8862188 | R31: 6.5869056 | S31: 6.5617156 | T31: 8.754492 | U31: 7.7853668 | V31: 7.1539405 | W31: 6.3372479 | X31: 8.9095871 | Y31: 8.3907897 | Z31: 6.2557392 | AA31: 7.1476553 | AB31: 9.576155 | AC31: 8.633468 | AD31: 7.2859217 | AE31: 7.6262198 | AF31: 9.1613532 | AG31: 9.05 | AH31: 6.78 | AI31: 7.27
C32: Echo 5 | D32: Echo 5 | F32: 6.3565263 | G32: 7.5569823 | H32: 9.1016091 | I32: 8.5634599 | J32: 5.6017558 | K32: 6.8610177 | L32: 9.2263015 | M32: 8.154075 | N32: 7.1139028 | O32: 7.6589247 | P32: 9.347601 | Q32: 7.6791307 | R32: 6.6360322 | S32: 7.0607893 | T32: 9.0156768 | U32: 7.5829899 | V32: 7.2286292 | W32: 6.8949621 | X32: 8.8650532 | Y32: 8.0045008 | Z32: 6.0356224 | AA32: 7.0901711 | AB32: 9.391394 | AC32: 8.2328535 | AD32: 7.1065976 | AE32: 7.708808 | AF32: 9.106568 | AG32: 8.61 | AH32: 6.45 | AI32: 7.42
C33: Echo 6 | D33: Echo 6 | I33: 10.031581 | J33: 6.8243515 | K33: 6.5753877 | L33: 8.4920687 | M33: 9.0783757 | N33: 7.8006113 | O33: 6.5364673 | P33: 8.4574544 | Q33: 8.6979049 | R33: 6.816833 | S33: 6.1858394 | T33: 8.2266335 | U33: 8.492414 | V33: 7.2685802 | W33: 6.4669366 | X33: 8.5887094 | Y33: 8.8513002 | Z33: 6.2071853 | AA33: 6.7613976 | AB33: 9.5871006 | AC33: 8.9338194 | AD33: 6.9883506 | AE33: 7.353142 | AF33: 8.8285292 | AG33: 9.5 | AH33: 7.01 | AI33: 6.25
C34: Echo 7 | D34: Echo 7 | I34: 9.5332422 | J34: 6.9069896 | K34: 6.7271193 | L34: 8.7312345 | M34: 9.0030913 | N34: 7.6327084 | O34: 6.5341919 | P34: 8.4772451 | Q34: 8.4680996 | R34: 6.5393403 | S34: 5.7915608 | T34: 8.3383716 | U34: 8.2938762 | V34: 6.9282275 | W34: 6.126967 | X34: 8.5256044 | Y34: 8.721448 | Z34: 5.9945871 | AA34: 6.5650176 | AB34: 9.7353173 | AC34: 8.8152738 | AD34: 6.8187874 | AE34: 7.3070341 | AF34: 8.8820045 | AG34: 9.32 | AH34: 6.73 | AI34: 5.94
C35: Echo 8 | D35: Echo 8 | I35: 9.4830869 | J35: 6.6278035 | K35: 6.4117342 | L35: 8.4102871 | M35: 9.1399885 | N35: 7.8978575 | O35: 7.0704862 | P35: 8.9696653 | Q35: 8.7609314 | R35: 6.8492214 | S35: 6.3095611 | T35: 8.4319538 | U35: 8.4898343 | V35: 7.2711624 | W35: 6.5869923 | X35: 8.6945259 | Y35: 8.8650682 | Z35: 6.2993331 | AA35: 6.9299853 | AB35: 9.8100787 | AC35: 8.9928108 | AD35: 7.069972 | AE35: 7.5792249 | AF35: 9.0276944 | AG35: 9.43 | AH35: 7.03 | AI35: 6.34
C36: Echo 9 | D36: Echo 9 | I36: 9.546189 | J36: 6.6278035 | K36: 6.4117342 | L36: 8.4130281 | M36: 9.1399885 | N36: 7.8978575 | O36: 6.9497613 | P36: 8.8752375 | Q36: 8.6515811 | R36: 6.5617095 | S36: 6.0136417 | T36: 8.3658202 | U36: 8.1748727 | V36: 7.078717 | W36: 6.4026292 | X36: 8.5211336 | Y36: 8.5405369 | Z36: 6.0476928 | AA36: 6.6430711 | AB36: 9.7595327 | AC36: 8.7504295 | AD36: 6.9132546 | AE36: 7.5118332 | AF36: 8.8152346 | AG36: 9.31 | AH36: 6.9 | AI36: 6.17
C37: Echo 10 | D37: Echo 10 | I37: 9.546189 | J37: 6.6278035 | K37: 6.4117342 | L37: 8.4130281 | M37: 9.1399885 | N37: 7.8978575 | O37: 6.6477417 | P37: 8.5495146 | Q37: 8.9750791 | R37: 7.3169632 | S37: 6.5388277 | T37: 8.5457388 | U37: 8.9575328 | V37: 7.7437674 | W37: 6.8461677 | X37: 8.8413054 | Y37: 9.2151845 | Z37: 6.6928451 | AA37: 7.0412644 | AB37: 9.7323624 | AC37: 9.4172253 | AD37: 7.408018 | AE37: 7.8065073 | AF37: 8.9011408 | AG37: 9.75 | AH37: 7.48 | AI37: 6.52
C38: Total | D38: Total | F38: 6.7861828 | G38: 7.1185598 | H38: 8.5137448 | I38: 8.7031313 | J38: 5.9456896 | K38: 6.6665242 | L38: 8.444049 | M38: 8.5244479 | N38: 7.3542292 | O38: 6.8768521 | P38: 8.4433852 | Q38: 8.3382067 | R38: 6.9094483 | S38: 6.5623525 | T38: 8.2608493 | U38: 7.9908584 | V38: 7.3505116 | W38: 6.702755 | X38: 8.3183984 | Y38: 8.4232994 | Z38: 6.4499298 | AA38: 6.8416433 | AB38: 9.1789543 | AC38: 8.7345114 | AD38: 7.2023453 | AE38: 7.3987857 | AF38: 8.7017538 | AG38: 9.09 | AH38: 6.95 | AI38: 6.73
C39: Irradiância Média (W/m2) | D39: Average Irradiance (W/m2)
C40: Ribeiro Gonçalves | D40: Ribeiro Gonçalves | AA40: 306.21171 | AB40: 335.49953 | AC40: 260.0995 | AD40: 227.54678 | AE40: 276.91913 | AF40: 328.08469 | AG40: 262.95 | AH40: 238.32 | AI40: 295.87
C41: Barreiras 1 | D41: Barreiras 1 | AB41: 350.35803 | AC41: 315.56254 | AD41: 296.39117 | AE41: 296.51576 | AF41: 341.32644 | AG41: 285.88 | AH41: 298.14 | AI41: 311.93
C42: Total | D42: Total | AA42: 306.21171 | AB42: 344.42564 | AC42: 294.00704 | AD42: 269.63505 | AE42: 288.8996 | AF42: 288.8996 | AG42: 276.97 | AH42: 274.89 | AI42: 305.69
C45: Disponibilidade (%) - Últimos 12 meses | D45: Availability (%) - LTM | F45: 1T19 | G45: 2T19 | H45: 3T19 | I45: 4T19 | J45: 1T20 | K45: 2T20 | L45: 3T20 | M45: 4T20 | N45: 1T21 | O45: 2T21 | P45: 3T21 | Q45: 4T21 | R45: 1T22 | S45: 2T22 | T45: 3T22 | U45: 4T22 | V45: 1T23 | W45: 2T23 | X45: 3T23 | Y45: 4T23 | Z45: 1T24 | AA45: 2T24 | AB45: 3T24 | AC45: 4T24 | AD45: =AD7 -> 1T25 | AE45: =AE7 -> 2T25 | AF45: =AF7 -> 3T25 | AG45: =AG7 -> 4T25 | AH45: =AH7 -> 1T26 | AI45: 2T26
C46: São Clemente | D46: São Clemente | F46: 0.97799159 | G46: 0.9672329 | H46: 0.98198504 | I46: 0.98143456 | J46: 0.96821421 | K46: 0.97187947 | L46: 0.97202868 | M46: 0.97221995 | N46: 0.96411114 | O46: 0.97817726 | P46: 0.97557514 | Q46: 0.97657324 | R46: 0.97777466 | S46: 0.96803009 | T46: 0.97467162 | U46: 0.97686775 | V46: 0.96583334 | W46: 0.97504256 | X46: 0.97705768 | Y46: 0.9738254 | Z46: 0.9673219 | AA46: 0.97304682 | AB46: 0.97243421 | AC46: 0.974 | AD46: 0.95575815 | AE46: 0.95471138 | AF46: 0.974 | AG46: 0.95336741 | AH46: 0.96568793 | AI46: 0.98095226
C47: Tianguá | D47: Tianguá | F47: 0.97909955 | G47: 0.96625948 | H47: 0.97553125 | I47: 0.97708644 | J47: 0.96920254 | K47: 0.96277838 | L47: 0.96787158 | M47: 0.97414806 | N47: 0.96598985 | O47: 0.96316018 | P47: 0.95334492 | Q47: 0.96637513 | R47: 0.97531115 | S47: 0.94339366 | T47: 0.97427569 | U47: 0.97644419 | V47: 0.96683167 | W47: 0.95760378 | X47: 0.96734605 | Y47: 0.97807037 | Z47: 0.96976032 | AA47: 0.96763086 | AB47: 0.97005235 | AC47: 0.968 | AD47: 0.96949631 | AE47: 0.97272074 | AF47: 0.976 | AG47: 0.97437346 | AH47: 0.97729564 | AI47: 0.97735202
C48: Echo 1 | D48: Echo 1 | F48: 0.96965028 | G48: 0.9792547 | H48: 0.97846185 | I48: 0.97679119 | J48: 0.98439867 | K48: 0.97685337 | L48: 0.98526992 | M48: 0.97057398 | N48: 0.96223212 | O48: 0.96633076 | P48: 0.96226232 | Q48: 0.95469245 | R48: 0.94830218 | S48: 0.9592671 | T48: 0.95929851 | U48: 0.96711217 | V48: 0.96378139 | W48: 0.9564069 | X48: 0.94832723 | Y48: 0.95589884 | Z48: 0.93884994 | AA48: 0.96595494 | AB48: 0.96693311 | AC48: 0.967 | AD48: 0.96618956 | AE48: 0.96295202 | AF48: 0.96581429 | AG48: 0.96282578 | AH48: 0.96146643 | AI48: 0.96745449
C49: Echo 2 | D49: Echo 2 | F49: 0.96418949 | G49: 0.97763626 | H49: 0.9782241 | I49: 0.97848727 | J49: 0.96812276 | K49: 0.97848509 | L49: 0.98053836 | M49: 0.9792327 | N49: 0.96656367 | O49: 0.97260434 | P49: 0.97448622 | Q49: 0.90942371 | R49: 0.89119186 | S49: 0.86897629 | T49: 0.92626012 | U49: 0.91177995 | V49: 0.86106496 | W49: 0.85546496 | X49: 0.86038895 | Y49: 0.90212666 | Z49: 0.87582341 | AA49: 0.88490543 | AB49: 0.88760229 | AC49: 0.827 | AD49: 0.79791313 | AE49: 0.76419681 | AF49: 0.81862783 | AG49: 0.78925526 | AH49: 0.86012518 | AI49: 0.89376664
C50: Echo 3 | D50: Echo 3 | K50: 0.95999998 | L50: 0.96319944 | M50: 0.97710164 | N50: 0.9309815 | O50: 0.984301 | P50: 0.95905175 | Q50: 0.96934373 | R50: 0.9603724 | S50: 0.96627238 | T50: 0.97042306 | U50: 0.97250003 | V50: 0.96466467 | W50: 0.97250003 | X50: 0.9673315 | Y50: 0.9713583 | Z50: 0.97160154 | AA50: 0.96956399 | AB50: 0.97070462 | AC50: 0.971 | AD50: 0.97137952 | AE50: 0.96878958 | AF50: 0.97236365 | AG50: 0.97346562 | AH50: 0.9842754 | AI50: 0.97056532
C51: Echo 4 | D51: Echo 4 | F51: 0.98130253 | G51: 0.9798033 | H51: 0.98387636 | I51: 0.99227141 | J51: 0.96419606 | K51: 0.98322159 | L51: 0.98157002 | M51: 0.98966198 | N51: 0.97927663 | O51: 0.98264233 | P51: 0.96912052 | Q51: 0.97706109 | R51: 0.97193704 | S51: 0.97289095 | T51: 0.97566763 | U51: 0.98042468 | V51: 0.9665694 | W51: 0.96912115 | X51: 0.96894284 | Y51: 0.9795596 | Z51: 0.97548069 | AA51: 0.97495614 | AB51: 0.97446814 | AC51: 0.972 | AD51: 0.97257489 | AE51: 0.97279346 | AF51: 0.9541198 | AG51: 0.97292417 | AH51: 0.98201901 | AI51: 0.98889095
C52: Echo 5 | D52: Echo 5 | F52: 0.97647142 | G52: 0.97780863 | H52: 0.9823958 | I52: 0.97862465 | J52: 0.96848612 | K52: 0.97902057 | L52: 0.98568882 | M52: 0.9851853 | N52: 0.97161101 | O52: 0.96992871 | P52: 0.96173712 | Q52: 0.95436106 | R52: 0.95973845 | S52: 0.96877527 | T52: 0.9722463 | U52: 0.97118835 | V52: 0.96869532 | W52: 0.97006868 | X52: 0.97026874 | Y52: 0.97165536 | Z52: 0.97106096 | AA52: 0.97084851 | AB52: 0.97150985 | AC52: 0.971 | AD52: 0.96830177 | AE52: 0.9684093 | AF52: 0.97177935 | AG52: 0.96785426 | AH52: 0.96862495 | AI52: 0.96908039
C53: Echo 6 | D53: Echo 6 | L53: 0.93221711 | M53: 0.95008516 | N53: 0.92738996 | O53: 0.95883571 | P53: 0.95138658 | Q53: 0.96935939 | R53: 0.9611269 | S53: 0.96746908 | T53: 0.97250003 | U53: 0.97245205 | V53: 0.95917898 | W53: 0.97021793 | X53: 0.96713374 | Y53: 0.97147894 | Z53: 0.97160592 | AA53: 0.96941087 | AB53: 0.97071441 | AC53: 0.971 | AD53: 0.97138751 | AE53: 0.97081083 | AF53: 0.97515357 | AG53: 0.97746623 | AH53: 0.98963189 | AI53: 0.95728642
C54: Echo 7 | D54: Echo 7 | L54: 0.93699865 | M54: 0.94714591 | N54: 0.93899723 | O54: 0.95977117 | P54: 0.95110926 | Q54: 0.96930387 | R54: 0.96170476 | S54: 0.96584662 | T54: 0.97182872 | U54: 0.97641949 | V54: 0.9574965 | W54: 0.9712867 | X54: 0.96710463 | Y54: 0.97132161 | Z54: 0.97155306 | AA54: 0.96935085 | AB54: 0.97011827 | AC54: 0.971 | AD54: 0.97084868 | AE54: 0.9685964 | AF54: 0.9716472 | AG54: 0.97340214 | AH54: 0.96840537 | AI54: 0.97543329
C55: Echo 8 | D55: Echo 8 | R55: 0.9121634 | S55: 0.97452759 | T55: 0.98293987 | U55: 0.98318349 | V55: 0.94820736 | W55: 0.98829928 | X55: 0.97877876 | Y55: 0.9914862 | Z55: 0.98575182 | AA55: 0.98349682 | AB55: 0.98237664 | AC55: 0.984 | AD55: 0.98610538 | AE55: 0.98674965 | AF55: 0.98594308 | AG55: 0.98940808 | AH55: 0.99471015 | AI55: 0.97837812
C56: Echo 9 | D56: Echo 9 | R56: 0.92482286 | S56: 0.97397741 | T56: 0.97972294 | U56: 0.9910296 | V56: 0.92762144 | W56: 0.98539738 | X56: 0.9754192 | Y56: 0.98659707 | Z56: 0.9905681 | AA56: 0.98209198 | AB56: 0.98422166 | AC56: 0.983 | AD56: 0.98236579 | AE56: 0.98348498 | AF56: 0.97209734 | AG56: 0.98390853 | AH56: 0.99407327 | AI56: 0.96818835
C57: Echo 10 | D57: Echo 10 | R57: 0.92279154 | S57: 0.98111898 | T57: 0.98258683 | U57: 0.98581978 | V57: 0.96922558 | W57: 0.9857431 | X57: 0.97031409 | Y57: 0.94276791 | Z57: 0.9789575 | AA57: 0.9651903 | AB57: 0.96555514 | AC57: 0.983 | AD57: 0.98586833 | AE57: 0.98647249 | AF57: 0.98413217 | AG57: 0.98802799 | AH57: 0.99391478 | AI57: 0.97635692
C58: Total | D58: Total | F58: 0.97550773 | G58: 0.97405229 | H58: 0.97997612 | I58: 0.98075175 | J58: 0.96961589 | K58: 0.97431595 | L58: 0.96965619 | M58: 0.97171611 | N58: 0.95685723 | O58: 0.97201183 | P58: 0.96379438 | Q58: 0.96326807 | R58: 0.95820908 | S58: 0.9534399 | T58: 0.96756304 | U58: 0.97130402 | V58: 0.95085862 | W58: 0.95758232 | X58: 0.95523794 | Y58: 0.96646864 | Z58: 0.96123098 | AA58: 0.96178425 | AB58: 0.96209908 | AC58: 0.959 | AD58: 0.94906807 | AE58: 0.94599015 | AF58: 0.94599015 | AG58: 0.9503082 | AH58: 0.96675754 | AI58: =AVERAGE(AI46:AI57) -> 0.96697543
C59: Ribeiro Gonçalves | D59: Ribeiro Gonçalves | AA59: 0.99256289 | AB59: 0.99204183 | AC59: 0.99305785 | AD59: 0.99408329 | AE59: 0.99401516 | AF59: 0.974 | AG59: 0.98992682 | AH59: 0.99851596 | AI59: 0.99829638
C60: Barreiras 1 | D60: Barreiras 1 | AB60: 0.99137402 | AC60: 0.99595994 | AD60: 0.99734217 | AE60: 0.99726039 | AF60: 0.994 | AG60: 0.9974938 | AH60: 0.99852258 | AI60: 0.99929249
C61: Total | D61: Total | AA61: 0.99256289 | AB61: 0.99182326 | AC61: 0.99438536 | AD61: 0.9958185 | AE61: 0.99589294 | AF61: 0.99589294 | AG61: 0.99466234 | AH61: 0.99852026 | AI61: =AVERAGE(AI59:AI60) -> 0.99879444
C64: Curva de sazonalização Eólico (MWm) | D64: Seasonality curve Wind (MWavg) | F64: 44562 | G64: 44593 | H64: 44621 | I64: 44652 | J64: 44682 | K64: 44713 | L64: 44743 | M64: 44774 | N64: 44805 | O64: 44835 | P64: 44866 | Q64: 44896 | R64: 44927 | S64: 44958 | T64: 44986 | U64: 45017 | V64: 45047 | W64: 45078 | X64: 45108 | Y64: 45139 | Z64: 45170 | AA64: 45200 | AB64: 45231 | AC64: 45261 | AD64: Média LTM
C65: Realizado | D65: Fulfilled | F65: 414.75392 | G65: 495.34212 | H65: 393.03134 | I65: 376.40433 | J65: 411.24216 | K65: 369.36195 | L65: 588.50062 | M65: 646.32427 | N65: 717.96463 | O65: 734.21434 | P65: 525.43207 | Q65: 585.08226 | R65: 539.59135 | S65: 552.36504 | T65: 412.98926 | U65: 317.50676 | V65: 420.29784 | W65: 494.36635 | X65: 595.29569 | Y65: 540.80752 | Z65: 477.23739 | AA65: 591.81879 | AB65: 548.21141 | AC65: 524.11033 | AD65: =AVERAGE(R65:AC65) -> 501.21648
C66: P90 | D66: P90 | F66: 529.04115 | G66: 472.84006 | H66: 417.08037 | I66: 401.03393 | J66: 454.47165 | K66: 524.65776 | L66: 583.74243 | M66: 655.91081 | N66: 704.55954 | O66: 699.21242 | P66: 680.47024 | Q66: 609.72283 | R66: 494.67611 | S66: 451.18907 | T66: 386.48104 | U66: 373.06841 | V66: 431.35845 | W66: 500.3798 | X66: 578.85323 | Y66: 649.90114 | Z66: 692.3748 | AA66: 682.28043 | AB66: 645.03019 | AC66: 591.57625 | AD66: =AVERAGE(R66:AC66) -> 539.76408
C67: P50 | D67: P50 | F67: 598.61234 | G67: 534.94617 | H67: 471.54136 | I67: 453.52377 | J67: 514.48737 | K67: 593.97588 | L67: 661.36566 | M67: 743.44597 | N67: 798.19207 | O67: 792.00825 | P67: 770.46573 | Q67: 690.38525 | R67: 563.0457 | S67: 513.40349 | T67: 439.5908 | U67: 424.29071 | V67: 490.90838 | W67: 569.50472 | X67: 659.06784 | Y67: 740.24586 | Z67: 788.58945 | AA67: 776.93685 | AB67: 734.41345 | AC67: 673.54086 | AD67: =AVERAGE(R67:AC67) -> 614.46151
C68: P10 | D68: P10 | F68: =+F67+(F67-F66) -> 668.18354 | G68: =+G67+(G67-G66) -> 597.05229 | H68: =+H67+(H67-H66) -> 526.00234 | I68: =+I67+(I67-I66) -> 506.01361 | J68: =+J67+(J67-J66) -> 574.5031 | K68: =+K67+(K67-K66) -> 663.294 | L68: =+L67+(L67-L66) -> 738.9889 | M68: =+M67+(M67-M66) -> 830.98113 | ... AC68: =+AC67+(AC67-AC66) -> 755.50547 | AD68: =AVERAGE(R68:AC68) -> 689.15894
C70: Curva de sazonalização Eólico (MWm) | D70: Seasonality curve Wind (MWavg) | F70: 45292 | G70: 45323 | H70: 45352 | I70: 45383 | J70: 45413 | K70: 45444 | L70: 45474 | M70: 45505 | N70: 45536 | O70: 45566 | P70: 45597 | Q70: 45627 | R70: 45658 | S70: 45689 | T70: 45717 | U70: 45748 | V70: 45778 | W70: 45809 | X70: 45839 | Y70: 45870 | Z70: 45901 | AA70: 45931 | AB70: 45962 | AC70: 45992 | AD70: 46023 | AE70: 46054 | AF70: 46082 | AG70: 46113 | AH70: 46143 | AI70: 46174 | AJ70: Média LTM
C71: Realizado | D71: Fulfilled | F71: 433.59417 | G71: 383.04738 | H71: 308.22919 | I71: 268.54545 | J71: 391.87576 | K71: 404.53819 | L71: 460.63156 | M71: 474.14678 | N71: 537.46062 | O71: 602.94605 | P71: 585.48634 | Q71: 584.22189 | R71: 388.68712 | S71: 454.31387 | T71: 439.88683 | U71: 391.98015 | V71: 456.08412 | W71: 472.8073 | X71: 463.19804 | Y71: 515.27523 | Z71: 544.30192 | AA71: 522.80933 | AB71: 532.98858 | AC71: 540.6636 | AD71: 535.93913 | AE71: 338.4346 | AF71: 329.25985 | AG71: 277.4606 | AH71: 360.92691 | AI71: 445.07779 | AJ71: =AVERAGE(X71:AI71) -> 450.52797
C72: P90 | D72: P90 | F72: 494.67611 | G72: 435.63083 | H72: 386.48104 | I72: 373.06841 | J72: 431.35845 | K72: 500.3798 | L72: 578.85323 | M72: 649.90114 | N72: 692.3748 | O72: 682.28043 | P72: 645.03019 | Q72: 591.57625 | R72: 494.67611 | S72: 451.18907 | T72: 386.48104 | U72: 373.06841 | V72: 431.35845 | W72: 500.3798 | X72: 578.85323 | Y72: 649.90114 | Z72: 692.3748 | AA72: 682.28043 | AB72: 645.03019 | AC72: 591.57625 | AD72: 494.67611 | AE72: 451.18907 | AF72: 386.48104 | AG72: 373.06841 | AH72: 431.35845 | AI72: 500.3798 | AJ72: =AVERAGE(X72:AI72) -> 539.76408
C73: P50 | D73: P50 | F73: 563.0457 | G73: 495.69992 | H73: 439.5908 | I73: 424.29071 | J73: 490.90838 | K73: 569.50472 | L73: 659.06784 | M73: 740.24586 | N73: 788.58945 | O73: 776.93685 | P73: 734.41345 | Q73: 673.54086 | R73: 563.0457 | S73: 513.40349 | T73: 439.5908 | U73: 424.29071 | V73: 490.90838 | W73: 569.50472 | X73: 659.06784 | Y73: 740.24586 | Z73: 788.58945 | AA73: 776.93685 | AB73: 734.41345 | AC73: 673.54086 | AD73: 563.0457 | AE73: 513.40349 | AF73: 439.5908 | AG73: 424.29071 | AH73: 490.90838 | AI73: 569.50472 | AJ73: =AVERAGE(X73:AI73) -> 614.46151
C74: P10 | D74: P10 | F74: =+F73+(F73-F72) -> 631.41529 | G74: =+G73+(G73-G72) -> 555.76902 | H74: =+H73+(H73-H72) -> 492.70056 | I74: =+I73+(I73-I72) -> 475.51302 | J74: =+J73+(J73-J72) -> 550.4583 | K74: =+K73+(K73-K72) -> 638.62964 | L74: =+L73+(L73-L72) -> 739.28245 | M74: =+M73+(M73-M72) -> 830.59058 | ... AI74: =+AI73+(AI73-AI72) -> 638.62964 | AJ74: =AVERAGE(X74:AI74) -> 689.15894
C76: Curva de sazonalização Solar (MWm) | D76: Seasonality curve Solar (MWavg) | F76: 45292 | G76: 45323 | H76: 45352 | I76: 45383 | J76: 45413 | K76: 45444 | L76: 45474 | M76: 45505 | N76: 45536 | O76: 45566 | P76: 45597 | Q76: 45627 | R76: 45658 | S76: 45689 | T76: 45717 | U76: 45748 | V76: 45778 | W76: 45809 | X76: 45839 | Y76: 45870 | Z76: 45901 | AA76: 45931 | AB76: 45962 | AC76: 45992 | AD76: 46023 | AE76: 46054 | AF76: 46082 | AG76: 46113 | AH76: 46143 | AI76: 46174 | AJ76: Média LTM
C77: Realizado | D77: Fulfilled | I77: 12.915759 | J77: 55.708093 | K77: 53.257899 | L77: 100.18035 | M77: 114.56208 | N77: 101.43713 | O77: 120.42318 | P77: 110.4494 | Q77: 120.55349 | R77: 115.16376 | S77: 116.27213 | T77: 113.19192 | U77: 126.9751 | V77: 92.321924 | W77: 88.903777 | X77: 89.370497 | Y77: 85.203586 | Z77: 90.799567 | AA77: 91.175034 | AB77: 87.292129 | AC77: 111.07958 | AD77: 109.35714 | AE77: 115.85368 | AF77: 102.95082 | AG77: 108.95848 | AH77: 96.58753 | AI77: 104.3672 | AJ77: =AVERAGE(X77:AI77) -> 99.416271
C78: P90 | D78: P90 | H78: 26.601247 | I78: 28.191145 | J78: 62.520614 | K78: 114.39846 | L78: 121.8535 | M78: 197.47064 | N78: 186.53216 | O78: 172.89994 | P78: 161.55602 | Q78: 158.84555 | R78: 161.36759 | S78: 158.6051 | T78: 160.89375 | U78: 165.81808 | V78: 169.34499 | W78: 169.97023 | X78: 181.61733 | Y78: 197.47064 | Z78: 186.53216 | AA78: 172.89994 | AB78: 161.55602 | AC78: 158.84555 | AD78: 161.36759 | AE78: 158.6051 | AF78: 160.89375 | AG78: 165.81808 | AH78: 169.34499 | AI78: 169.97023 | AJ78: =AVERAGE(X78:AI78) -> 170.41012
C79: P50 | D79: P50 | H79: 29.707826 | I79: 31.483398 | J79: 69.821973 | K79: 127.86992 | L79: 136.20506 | M79: 220.79951 | N79: 208.57045 | O79: 193.32977 | P79: 180.64939 | Q79: 177.62276 | R79: 180.44597 | S79: 177.35607 | T79: 179.91828 | U79: 185.42134 | V79: 189.35397 | W79: 190.05048 | X79: 203.07737 | Y79: 220.79951 | Z79: 208.57045 | AA79: 193.32977 | AB79: 180.64939 | AC79: 177.62276 | AD79: 180.44597 | AE79: 177.35607 | AF79: 179.91828 | AG79: 185.42134 | AH79: 189.35397 | AI79: 190.05048 | AJ79: =AVERAGE(X79:AI79) -> 190.54961
C80: P10 | D80: P10 | H80: =+H79+(H79-H78) -> 32.814406 | I80: =+I79+(I79-I78) -> 34.775651 | J80: =+J79+(J79-J78) -> 77.123332 | K80: =+K79+(K79-K78) -> 141.34137 | L80: =+L79+(L79-L78) -> 150.55662 | M80: =+M79+(M79-M78) -> 244.12837 | N80: =+N79+(N79-N78) -> 230.60874 | O80: =+O79+(O79-O78) -> 213.7596 | ... AI80: =+AI79+(AI79-AI78) -> 210.13074 | AJ80: =AVERAGE(X80:AI80) -> 210.68911
C83: GF Outorgada Sazonalizada (MWm) | D83: Seasonal Granted GF (MWavg) | F83: Jan | G83: Fev | H83: Mar | I83: Abr | J83: Mai | K83: Jun | L83: Jul | M83: Ago | N83: Set | O83: Out | P83: Nov | Q83: Dez | R83: Ano
C84: 2017 | D84: 2017 | F84: 277.45137 | G84: 277.86424 | H84: 277.45137 | I84: 277.45137 | J84: 277.45137 | K84: 277.45137 | L84: 277.45137 | M84: 298.55137 | N84: 298.55137 | O84: 314.28404 | P84: 315.66587 | Q84: 314.7018 | R84: 290.36057
C85: 2018 | D85: 2018 | F85: 325.24137 | G85: 348.45913 | H85: 347.94137 | I85: 318.01829 | J85: 318.01829 | K85: 318.01829 | L85: 318.01829 | M85: 318.01829 | N85: 327.71829 | O85: 327.47163 | P85: 342.79676 | Q85: 343.01829 | R85: 329.39486
C86: 2019 | D86: 2019 | F86: 350.4 | G86: 350.92143 | H86: 350.4 | I86: 350.4 | J86: 350.4 | K86: 350.4 | L86: 350.4 | M86: 350.4 | N86: 350.4 | O86: 350.4 | P86: 350.4 | Q86: 350.4 | R86: 350.44345
C87: 2020 | D87: 2020 | F87: 350.19073 | G87: 369.8903 | H87: 413.82531 | I87: 444.287 | J87: 459.40844 | K87: 458.13333 | L87: 505.34829 | M87: 521.48617 | N87: 524.79563 | O87: 534.68828 | P87: 530.99335 | Q87: 521.18189 | R87: 469.51906
C88: 2021 | D88: 2021 | F88: 516.70378 | G88: 508.66717 | H88: 497.51445 | I88: 465.00598 | J88: 473.45293 | K88: 509.95608 | L88: 520.55817 | M88: 565.89932 | N88: 590.6343 | O88: 595.21338 | P88: 610.39646 | Q88: 621.94147 | R88: 539.66196
C89: 2022 | D89: 2022 | F89: 686.78264 | G89: 596.35162 | H89: 554.35976 | I89: 551.88849 | J89: 568.57935 | K89: 597.45379 | L89: 611.1701 | M89: 641.6208 | N89: 652.60737 | O89: 646.7659 | P89: 644.28532 | Q89: 619.99906 | R89: 614.32202

Sheet Portfolio de Ativos Renováveis
C6: Portfolio de Ativos | D6: Asset Portfolio
C8: Complexo | D8: Complex | F8: Local | G8: Entrada em Operação | H8: Fim da Autorização | I8: Capac. Instalada (MW) | J8: Garantia Física (MWm) | K8: CEG ANEEL
C9: Fonte Eólica | D9: Wind Source
C10: Em Operação | D10: In Operation | I10: 1204.08 | J10: 614.5
